Workbook

Sheet 0_経済波及効果算出ツールの使い方・留意点
B2: ■経済波及効果算出ツール活用の流れ
C4: ●「1_採択区分・推計パターン選択」タブを表示してください。
C5: ↓
C6: ●「採択区分」から、貴団体で実施されている日本博事業の種別を選択してください。
C7: ●「来場者支出パターン」から、経済波及効果の推計のパターン（今年度はパターン②かパターン③のいずれか）を選択してください。
C8: ↓
C9: ●「2_主催・共催型」、「2_イノベーション型」、「2_文化資源」、「2_国際フェスティバル」、「2_地域ゆかり」のタブのうち、
C10: 「1_採択区分・推計パターン選択」で選択した日本博事業の種別に該当するタブを表示してください。
C11: ↓
C12: ●黄色に色付けされた部分に、事業実施における支出額を記入してください。
C13: 支出額の記入においては、各タブでの記載内容に従い、事業報告時に提出されている各種書類の記載内容を転載してください。
C14: ↓
C15: ●「3_パターン①」、「3_パターン②」、「3_パターン③」のタブのうち、
... C20: ●「4_推計結果」タブに経済波及効果の算出結果が表示されます。
B22: ■「来場者支出パターン」について
C24: ●パターンは以下のとおり3つあります。最も状況にあてはまるものを選択してください。
C25: ・パターン①：日本博標準来場者アンケート（来場者の支出額を把握するための項目入り）を活用しており、一定数（30以上）の回収数がある場合。
C26: あるいは、日本博標準来場者アンケートを使っていないが、日本人（県内・県外×宿泊・日帰の4区分）・外国人の来場者の比率と、
C27: それぞれの「団体･パック参加費」、「宿泊費」、「飲食費」、「交通費」、「娯楽等サービス費」、「買物代」、「その他」の1人あたり消費額を把握している場合。
C28: ・パターン②：日本博標準来場者アンケート（来場者の支出額を把握するための項目なし）を活用しており、一定数（30以上）の回収数がある場合。
C29: あるいは、日本博標準来場者アンケートを使っていないが、日本人（県内・県外×宿泊・日帰の4区分）・外国人の来場者の比率を把握している場合。
C30: ・パターン③：日本博標準来場者アンケートを活用していない場合。活用しているが、30を下回る回収数である場合。
C31: ●なお、今年度はパターン①に該当する日本博標準来場者アンケート（来場者の支出額を把握するための項目入り）を採択事業者様に案内していないため、
C32: 今年度はパターン②かパターン③のいずれかの選択となります。
B34: ■留意点
C36: ●各種入力の際には、金額・人数・割合等の単位にお気をつけください。
C37: ●黄色に色付けされたセル以外は修正しないでください（関数などが入っている場合があり修正するとシートが正常に機能しない可能性があります）。
C38: ●本ツールで算出された経済波及効果の値などを各種報告・資料等で活用される場合には、「日本博経済波及効果算出ツールを基に算出」と表記してください。
C39: ●本ツールで算出される経済波及効果は全国に対するものです（産業連関表は全国表のみを使用しています）。
B41: ---------------------------------------------------------------------------------------------------------------------------------------------------------------------------------------
B42: ■参考）来場者消費額の算出のロジック
C44: ●パターン①
D45: ・「日本博標準来場者アンケート」の結果を基に日本人来場者と外国人来場者の比率を算出。
D46: 日本人来場者については、さらに県内・県外×宿泊・日帰りの4区分の比率と4区分の費目（「団体･パック参加費」、「宿泊費」、「飲食費」、「交通費」、「娯楽等サービス費」、「買物代」、「その他」）
D47: ごとの1人あたり消費額を算出。
D48: ・総来場者数に上記比率を乗じて、日本人の4区分の来場者数、外国人の来場者数を推計。
D49: ・日本人の4区分の来場者数と4区分の費目ごとの1人あたり消費額を乗じて、費目ごとの日本人来場者の消費額を推計。
D50: ・観光庁「共通基準による観光入込客統計」の、各都道府県別の観光目的の宿泊・日帰りの外国人の観光入込客数を基にそれぞれの比率を算出。
D51: ※観光庁「共通基準による観光入込客統計」は、原則2020年の年間値を採用（27都道府県が集計済 ※大阪府は本統計に不参加）。
D52: 2020年値がない場合は、2019年、2018年の値を採用。それもない場合は、隣接県のうち最も人口規模の大きな都市の値を採用。
D53: ただし、東京都の客数は令和2年東京都観光客数等実態調査を参照。
D54: ・外国人来場者数に上記比率を乗じて、宿泊・日帰りの外国人来場者数を推計。
D55: ・観光庁「旅行・観光消費動向調査」（2020年）の、各都道府県の外国人観光客の「団体･パック参加費」、「宿泊費」、「飲食費」、「交通費」、「娯楽等サービス費」、「買物代」、「その他」の
D56: 平均消費額を基にそれぞれの比率を算出。
... D59: ・費目ごとの日本人来場者と外国人来場者の消費額を産業連関表の分類（37分類）と紐づけ。
C61: ●パターン②
D62: ・「日本博標準来場者アンケート」の結果を基に日本人来場者と外国人来場者の比率を算出。
D63: 日本人来場者については、さらに県内・県外×宿泊・日帰りの4区分の比率を算出。
D64: ・総来場者数に上記比率を乗じて、日本人の4区分の来場者数と外国人の来場者数を推計。
D65: ・観光庁「旅行・観光消費動向調査」（2020年）の、各都道府県の日本人観光客の「団体･パック参加費」、「宿泊費」、「飲食費」、「交通費」、「娯楽等サービス費」、「買物代」、「その他」の
D66: 平均消費額を基にそれぞれの比率を算出。
D67: ・観光庁「共通基準による観光入込客統計」の、各都道府県別の観光目的の日本人の4区分ごとの観光消費額単価に上記比率を乗じて、
D68: 日本人観光客4区分ごとの費目ごとの1人あたり消費額を推計。
D69: ※観光庁「共通基準による観光入込客統計」は、原則2020年の年間値を採用（27都道府県が集計済 ※大阪府は本統計に不参加）。
D70: 2020年値がない場合は、2019年、2018年の値を採用。それもない場合は、隣接県のうち最も人口規模の大きな都市の値を採用。
D71: ただし、東京都の客数は令和2年東京都観光客数等実態調査を参照。
D72: ・日本人の4区分の来場者数と4区分の費目ごとの1人あたり消費額を乗じて、費目ごとの日本人来場者の消費額を推計。
D73: ・観光庁「共通基準による観光入込客統計」の、各都道府県別の観光目的の外国人の宿泊・日帰りの観光入込客数を基にそれぞれの比率を算出。
... D79: ・費目ごとの日本人来場者と外国人来場者の消費額を産業連関表の分類（37分類）と紐づけ。
C81: ●パターン③
D82: ・観光庁「共通基準による観光入込客統計」の、各都道府県別の観光目的の日本人（県内・県外×宿泊・日帰り）、外国人（宿泊・日帰り）の観光入込客数を基にそれぞれの比率を算出。
D83: ※観光庁「共通基準による観光入込客統計」は、原則2020年の年間値を採用（27都道府県が集計済 ※大阪府は本統計に不参加）。
D84: 2020年値がない場合は、2019年、2018年の値を採用。それもない場合は、隣接県のうち最も人口規模の大きな都市の値を採用。
D85: ただし、東京都の客数は令和2年東京都観光客数等実態調査を参照。
D86: ・総来場者数に上記比率を乗じて、日本人の4区分の来場者数、外国人の2区分の来場者数を推計。
D87: ・観光庁「旅行・観光消費動向調査」（2020年）の、各都道府県の日本人観光客と外国人観光客の「団体･パック参加費」、「宿泊費」、「飲食費」、「交通費」、「娯楽等サービス費」、「買物代」、「その他」の
D88: 平均消費額を基にそれぞれの比率を算出。
D89: ・観光庁「共通基準による観光入込客統計」の、各都道府県別の観光目的の日本人の4区分（県内・県外×宿泊・日帰り）と外国人の2区分（宿泊・日帰り）ごとの観光消費額単価に上記比率を乗じて、
D90: 日本人観光客4区分と外国人観光客2区分ごとの費目ごとの1人あたり消費額を推計。
D91: ・日本人の4区分と外国人2区分のの来場者数と費目ごとの1人あたり消費額を乗じて、費目ごとの来場者の消費額を推計。
D92: ・費目ごとの来場者の消費額を産業連関表の分類（37分類）と紐づけ。

Sheet 1_採択区分・推計パターン選択
B2: ■日本博事業の採択区分と消費者消費額の推計パターンを選択してください。
C4: 採択区分
C5: 来場者支出パターン

Sheet 2_主催・共催型
C2: 主催者支出算出シート（主催・共催型）
C4: ■「【様式B】精算報告書」の「①精算報告書」タブにおける次の費目の「小計」を記載してください。（単位：円）
E5: 支出 | F5: 人件費 | G5: 賃金
F6: 事業費 | G6: 諸謝金
G7: 旅費
G8: 借損料
G9: 消耗品費
G10: 会議費
G11: 通信運搬費
G12: 雑役務費
G13: 保険料
G14: 備品費
G15: 一般管理費
G16: 再委託費
C18: ■「【様式B】精算報告書」の「②再委託費内訳」タブにおける次の費目の「小計」を記載してください。（単位：円）
E19: 支出 | F19: 人件費 | G19: 賃金
F20: 事業費 | G20: 諸謝金
G21: 旅費
G22: 借損料
G23: 消耗品費
G24: 会議費
G25: 通信運搬費
G26: 雑役務費
G27: 保険料
G28: 備品費
G29: 消費税相当額
G30: 一般管理費
G31: 再々委託費

Sheet 2_イノベーション型
C2: 主催者支出算出シート（イノベーション型）
C4: ■「様式F（収支決算書）」の「F-1収支決算書」タブにおける次の費目の「小計」の値を記載してください。（単位：円）
E5: 支出の部 | F5: 補助対象経費 | G5: 01. 賃金・コーディネーター料
G6: 02. 共済費・保険料
G7: 03. 報償費
G8: 04. 旅費
G9: 05. 使用料及び借料
G10: 06. 役務費
G11: 07. 委託費
G12: 08. 需用費
G13: 09. 補助金
F14: 補助対象外経費 (B)
C16: ■「様式F（収支決算書）」の「F-5委託費内訳」タブにおける次の費目の「合計」の値を記載してください。（単位：円）
E17: 支出の部 | F17: 事業費 | G17: 賃金・コーディネーター料
G18: 共済費・保険料
G19: 報償費
G20: 旅費
G21: 使用料及び借料
G22: 役務費
G23: 委託費
G24: 需要費
G25: 補助金
G26: 一般管理費
C28: ■「事業報告書」の「F-6補助金内訳」タブにおける次の費目の「合計」の値を記載してください。（単位：円）
E29: 支出の部 | F29: 事業費 | G29: 賃金・コーディネーター料
G30: 共済費・保険料
G31: 報償費
G32: 旅費
G33: 使用料及び借料
G34: 役務費
G35: 委託費
G36: 需要費
G37: 補助金

Sheet 2_文化資源
C2: 主催者支出算出シート（文化資源活用推進事業）
C4: ■「収支決算書」の「収支決算書」タブにおける次の費目の「決算額」を記載してください。（単位：円）
E5: 補助対象経費 | F5: 出演・音楽・文芸費 | G5: 出演費
G6: 音楽費
G7: 文芸費
F8: 舞台・会場・設営費 | G8: 舞台費
G9: 作品借料
G10: 上映費
G11: 会場費
G12: 運搬費
F13: 賃金・旅費・報償費 | G13: 賃金・共済費
G14: 旅費
G15: 報償費
F16: 雑役務費・消耗品費等 | G16: 雑役務費
G17: 消耗品費
G18: 通信費
G19: 会議費
F20: 委託費・補助金 | G20: 委託費
G21: 補助金
E22: 補助対象外経費 | F22: 出演・音楽・文芸費 | G22: 出演費
G23: 音楽費
G24: 文芸費
F25: 舞台・会場・設営費 | G25: 舞台費
G26: 作品借料
G27: 上映費
G28: 会場費
G29: 運搬費
F30: 賃金・旅費・報償費 | G30: 賃金・共済費
G31: 旅費
G32: 報償費
F33: 雑役務費・消耗品費等 | G33: 雑役務費
G34: 消耗品費
G35: 通信費
G36: 会議費
G37: その他
F38: 委託費・補助金 | G38: 委託費・補助金

Sheet 2_国際フェスティバル
C2: 主催者支出算出シート（国際的文化フェスティバル展開推進事業）
C4: ■「収支決算書」の「収支決算書」タブにおける次の費目の「決算額」を記載してください。（単位：円）
E5: 補助対象経費 | F5: 出演・音楽・文芸費 | G5: 出演費
G6: 音楽費
G7: 文芸費
F8: 舞台・会場・設営費 | G8: 舞台費
G9: 作品借料
G10: 上映費
G11: 会場費
G12: 運搬費
F13: 賃金・旅費・報償費 | G13: 賃金・共済費
G14: 旅費
G15: 報償費
F16: 雑役務費・消耗品費等 | G16: 雑役務費
G17: 消耗品費
G18: 通信費
G19: 会議費
F20: 委託費等 | G20: 委託費等
E21: 補助対象外経費 | F21: 出演・音楽・文芸費 | G21: 出演費
G22: 音楽費
G23: 文芸費
F24: 舞台・会場・設営費 | G24: 舞台費
G25: 作品借料
G26: 上映費
G27: 会場費
G28: 運搬費
F29: 賃金・旅費・報償費 | G29: 賃金・共済費
G30: 旅費
G31: 報償費
F32: 雑役務費・消耗品費等 | G32: 雑役務費
G33: 消耗品費
G34: 通信費
G35: 会議費
G36: その他
F37: 委託費等 | G37: 委託費等

Sheet 2_地域ゆかり
C2: 主催者支出算出シート（地域ゆかりの文化資産を活用した展覧会支援事業）
C4: ■「収支決算書」における次の費目の「総事業費」の値を記載してください。（単位：円）
E5: 支出の部 | F5: 主たる経費 | G5: コーディネーター料
G6: 賃金
G7: 共済費
G8: 報償費
G9: 旅費
G10: 使用料及び賃料
G11: 役務費
G12: 委託費
G13: 請負費
G14: 備品購入費
G15: 需用費

Sheet 3_パターン①
C2: 来場者支出算出シート（パターン①）
C4: ■主に事業が行われた都道府県を選択してください。
D5: 都道府県
C7: ■事業の総来場者数を記載してください。（単位：人）
D8: ※同日複数会場を訪問した際などのダブルカウントを除いた数字を記載してください。
D9: 総来場者数
C11: ■来場者アンケート以外の方法でより正確に外国人の割合を集計している場合、外国人の割合を記載してください。（単位：%）
D12: ※把握していない場合は空欄のままにしておいてください。
D13: 外国人の割合
C15: ■来場者アンケートの結果等を基に、各区分の来場者の割合を全体が100%となるように記載してください。（単位：%）
D16: ※日本博共通アンケートご利用の場合は、フィードバックシートの記載内容を参考にしてください。
D17: 日本人 | E17: 県内 | F17: 宿泊 | H17: ➡ ➡ 割合修正➡ ➡ | I17: =IF($E$13="",G17,(1-$E$13)*G17/SUM($G$17:$G$20)) -> 0 | J17: ➡ ➡ 人数換算 ➡ ➡ | K17: =$E$9*I17 -> 0
F18: 日帰り | I18: =IF($E$13="",G18,(1-$E$13)*G18/SUM($G$17:$G$20)) -> 0 | K18: =$E$9*I18 -> 0
E19: 県外 | F19: 宿泊 | I19: =IF($E$13="",G19,(1-$E$13)*G19/SUM($G$17:$G$20)) -> 0 | K19: =$E$9*I19 -> 0
F20: 日帰り | I20: =IF($E$13="",G20,(1-$E$13)*G20/SUM($G$17:$G$20)) -> 0 | K20: =$E$9*I20 -> 0
D21: 外国人 | I21: =IF($E$13="",G21,$E$13) -> 0 | K21: =$E$9*I21 -> 0
G22: =IF(SUM(G17:G21)>0,IF(SUM(G17:G21)=1,"","※合計値が100%になっていません"),"")
C24: ■来場者アンケートの集計に基づく、それぞれの平均額を記載してください。（単位：円）
E25: 日本人
E26: 県内 | G26: 県外
E27: 宿泊 | F27: 日帰り | G27: 宿泊 | H27: 日帰り
D28: 団体・パックツアー料金
D29: 宿泊費
D30: 飲食費
D31: 交通費
D32: 娯楽等サービス費
D33: 買物代
D34: その他

Sheet 3_パターン②
C2: 来場者支出算出シート（パターン②）
C4: ■主に事業が行われた都道府県を選択してください。
D5: 都道府県
C7: ■事業の総来場者数を記載してください。（単位：人）
D8: ※同日複数会場を訪問した際などのダブルカウントを除いた数字を記載してください。
D9: 総来場者数
C11: ■来場者アンケート以外の方法でより正確に外国人の割合を集計している場合、外国人の割合を記載してください。（単位：%）
D12: ※把握していない場合は空欄のままにしておいてください。
D13: 外国人の割合
C15: ■来場者アンケートの結果を基に、各区分の来場者の割合を全体が100%となるように記載してください。（単位：%）
D16: ※日本博共通アンケートご利用の場合は、フィードバックシートの記載内容を参考にしてください。
D17: 日本人 | E17: 県内 | F17: 宿泊 | H17: ➡ ➡ 割合修正➡ ➡ | I17: =IF($E$13="",G17,(1-$E$13)*G17/SUM($G$17:$G$20)) -> 0 | J17: ➡ ➡ 人数換算 ➡ ➡ | K17: =$E$9*I17 -> 0
F18: 日帰り | I18: =IF($E$13="",G18,(1-$E$13)*G18/SUM($G$17:$G$20)) -> 0 | K18: =$E$9*I18 -> 0
E19: 県外 | F19: 宿泊 | I19: =IF($E$13="",G19,(1-$E$13)*G19/SUM($G$17:$G$20)) -> 0 | K19: =$E$9*I19 -> 0
F20: 日帰り | I20: =IF($E$13="",G20,(1-$E$13)*G20/SUM($G$17:$G$20)) -> 0 | K20: =$E$9*I20 -> 0
D21: 外国人 | I21: =IF($E$13="",G21,$E$13) -> 0 | K21: =$E$9*I21 -> 0
G22: =IF(SUM(G17:G21)>0,IF(SUM(G17:G21)=1,"","※合計値が100%になっていません"),"")

Sheet 3_パターン③
C2: 来場者支出算出シート（パターン③）
C4: ■主に事業が行われた都道府県を選択してください。
D5: 都道府県
C7: ■事業の総来場者数を記載してください。（単位：人）
D8: ※同日複数会場を訪問した際などのダブルカウントを除いた数字を記載してください。
D9: 総来場者数
C11: ■外国人の割合を記載してください。（単位：%）
D12: ※外国人割合の推測も難しい場合は空欄のままにしておいてください。
D13: 外国人の割合 | F13: ➡ ➡ 人数推計➡ ➡ | G13: 日本人 | H13: =$E$9*(1-$E$13) -> 0
G14: 外国人 | H14: =$E$9*$E$13 -> 0

Sheet 4_推計結果
N2: （単位：千円） | Q2: （単位：倍）
B3: A | C3: B | D3: C | E3: D | F3: E | G3: F | H3: G | I3: H | J3: I | K3: J | L3: K | M3: L | N3: M | P3: E/C | Q3: M/C
B4: 来場者数（人） | D4: 支出額・消費額 | G4: 直接効果 | J4: 一次波及効果 | M4: 二次 波及 効果 | N4: 波及 効果 合計 | P4: 支出額・消費額/主催者支出 | Q4: 波及効果合計/主催者支出
B5: 日本人 | C5: 外国人 | D5: 主催者 支出 | E5: 来場者 消費 | F5: 計 | G5: 主催者 支出 | H5: 来場者 消費 | I5: 計 | J5: 主催者 支出 | K5: 来場者 消費 | L5: 計
B6: ='（計算用1）'!C188 -> 0 | C6: ='（計算用1）'!C189 -> 0 | D6: ='（計算用2）'!D43 -> 0 | E6: ='（計算用2）'!E43 -> #DIV/0! | F6: =D6+E6 -> #DIV/0! | G6: ='（計算用2）'!Q43 -> 0 | H6: ='（計算用2）'!R43 -> #DIV/0! | I6: =G6+H6 -> #DIV/0! | J6: ='（計算用2）'!W43 -> 0 | K6: ='（計算用2）'!X43 -> #DIV/0! | L6: =J6+K6 -> #DIV/0! | M6: ='（計算用2）'!AD43 -> #DIV/0! | N6: ='（計算用2）'!AE43 -> #DIV/0! | P6: =F6/D6 -> #DIV/0! | Q6: =N6/D6 -> #DIV/0!
B9: （波及効果合計内訳）
B10: ='（計算用2）'!C6 -> 農林漁業 | E10: ='（計算用2）'!AE6 -> #DIV/0!
B11: ='（計算用2）'!C7 -> 鉱業 | E11: ='（計算用2）'!AE7 -> #DIV/0!
B12: ='（計算用2）'!C8 -> 飲食料品 | E12: ='（計算用2）'!AE8 -> #DIV/0!
B13: ='（計算用2）'!C9 -> 繊維製品 | E13: ='（計算用2）'!AE9 -> #DIV/0!
B14: ='（計算用2）'!C10 -> パルプ・紙・木製品 | E14: ='（計算用2）'!AE10 -> #DIV/0!
B15: ='（計算用2）'!C11 -> 化学製品 | E15: ='（計算用2）'!AE11 -> #DIV/0!
B16: ='（計算用2）'!C12 -> 石油・石炭製品 | E16: ='（計算用2）'!AE12 -> #DIV/0!
B17: ='（計算用2）'!C13 -> プラスチック・ゴム製品 | E17: ='（計算用2）'!AE13 -> #DIV/0!
B18: ='（計算用2）'!C14 -> 窯業・土石製品 | E18: ='（計算用2）'!AE14 -> #DIV/0!
B19: ='（計算用2）'!C15 -> 鉄鋼 | E19: ='（計算用2）'!AE15 -> #DIV/0!
B20: ='（計算用2）'!C16 -> 非鉄金属 | E20: ='（計算用2）'!AE16 -> #DIV/0!
B21: ='（計算用2）'!C17 -> 金属製品 | E21: ='（計算用2）'!AE17 -> #DIV/0!
... B46: ='（計算用2）'!C42 -> 分類不明 | E46: ='（計算用2）'!AE42 -> #DIV/0!

Sheet （計算用1）
B2: パターン① | Q2: 主催・共催型 | U2: ※再委託費は内訳の費目に分配 | X2: ※消費税相当額・再々委託費は補助対象経費（除く賃金・一般管理費）の比率に従って配賦
B3: ■人数 | Q3: 全体内訳 | R3: 賃金 | S3: =IF('1_採択区分・推計パターン選択'!$D$4='（計算用1）'!$Q$2,'2_主催・共催型'!H5,0) -> 0 | U3: 賃金 | V3: =S3+S15 -> 0 | W3: →→→→→→ | X3: 賃金 | Y3: =IF(V3=0,0,V3) -> 0 | Z3: ………………… | AA3: 雇用者所得 | AB3: →→→→→→ | AC3: 運輸・郵便 | AD3: =SUMIF($AA$3:$AA$13,AC3,$Y$3:$Y$13) -> 0
B4: 日本人 | F4: 外国人 | R4: 諸謝金 | S4: =IF('1_採択区分・推計パターン選択'!$D$4='（計算用1）'!$Q$2,'2_主催・共催型'!H6,0) -> 0 | U4: 諸謝金 | V4: =S4+S16 -> 0 | X4: 諸謝金 | Y4: =IF(V4=0,0,SUM($V$13,$V$15)*V4/SUM($V$4:$V$12)+V4) -> 0 | Z4: ………………… | AA4: 対事業所サービス | AC4: 金融・保険 | AD4: =SUMIF($AA$3:$AA$13,AC4,$Y$3:$Y$13) -> 0
B5: 県内 | D5: 県外 | R5: 旅費 | S5: =IF('1_採択区分・推計パターン選択'!$D$4='（計算用1）'!$Q$2,'2_主催・共催型'!H7,0) -> 0 | U5: 旅費 | V5: =S5+S17 -> 0 | X5: 旅費 | Y5: =IF(V5=0,0,SUM($V$13,$V$15)*V5/SUM($V$4:$V$12)+V5) -> 0 | Z5: ………………… | AA5: 運輸・郵便 | AC5: 雇用者所得 | AD5: =SUMIF($AA$3:$AA$13,AC5,$Y$3:$Y$13) -> 0
B6: 宿泊 | C6: 日帰り | D6: 宿泊 | E6: 日帰り | R6: 借損料 | S6: =IF('1_採択区分・推計パターン選択'!$D$4='（計算用1）'!$Q$2,'2_主催・共催型'!H8,0) -> 0 | U6: 借損料 | V6: =S6+S18 -> 0 | X6: 借損料 | Y6: =IF(V6=0,0,SUM($V$13,$V$15)*V6/SUM($V$4:$V$12)+V6) -> 0 | Z6: ………………… | AA6: 対事業所サービス | AC6: 商業 | AD6: =SUMIF($AA$3:$AA$13,AC6,$Y$3:$Y$13) -> 0
B7: =IF('1_採択区分・推計パターン選択'!$D$5="パターン①",'3_パターン①'!$K$17,0) -> 0 | C7: =IF('1_採択区分・推計パターン選択'!$D$5="パターン①",'3_パターン①'!$K$18,0) -> 0 | D7: =IF('1_採択区分・推計パターン選択'!$D$5="パターン①",'3_パターン①'!$K$19,0) -> 0 | E7: =IF('1_採択区分・推計パターン選択'!$D$5="パターン①",'3_パターン①'!$K$20,0) -> 0 | F7: =IF('1_採択区分・推計パターン選択'!$D$5="パターン①",'3_パターン①'!$K$21,0) -> 0 | R7: 消耗品費 | S7: =IF('1_採択区分・推計パターン選択'!$D$4='（計算用1）'!$Q$2,'2_主催・共催型'!H9,0) -> 0 | U7: 消耗品費 | V7: =S7+S19 -> 0 | X7: 消耗品費 | Y7: =IF(V7=0,0,SUM($V$13,$V$15)*V7/SUM($V$4:$V$12)+V7) -> 0 | Z7: ………………… | AA7: その他の製造工業製品 | AC7: その他の製造工業製品 | AD7: =SUMIF($AA$3:$AA$13,AC7,$Y$3:$Y$13) -> 0
R8: 会議費 | S8: =IF('1_採択区分・推計パターン選択'!$D$4='（計算用1）'!$Q$2,'2_主催・共催型'!H10,0) -> 0 | U8: 会議費 | V8: =S8+S20 -> 0 | X8: 会議費 | Y8: =IF(V8=0,0,SUM($V$13,$V$15)*V8/SUM($V$4:$V$12)+V8) -> 0 | Z8: ………………… | AA8: 商業 | AC8: 対事業所サービス | AD8: =SUMIF($AA$3:$AA$13,AC8,$Y$3:$Y$13) -> 0
B9: 外国人 | C9: 宿泊 | D9: 日帰り | R9: 通信運搬費 | S9: =IF('1_採択区分・推計パターン選択'!$D$4='（計算用1）'!$Q$2,'2_主催・共催型'!H11,0) -> 0 | U9: 通信運搬費 | V9: =S9+S21 -> 0 | X9: 通信運搬費 | Y9: =IF(V9=0,0,SUM($V$13,$V$15)*V9/SUM($V$4:$V$12)+V9) -> 0 | Z9: ………………… | AA9: 情報通信 | AC9: 情報通信 | AD9: =SUMIF($AA$3:$AA$13,AC9,$Y$3:$Y$13) -> 0
B10: 入込数 | C10: =IF('1_採択区分・推計パターン選択'!$D$5="パターン①",IF('3_パターン①'!$E$5="","",VLOOKUP('3_パターン①'!$E$5,'（入込数）'!$B$6:$N$52,10,FALSE)),0) -> 0 | D10: =IF('1_採択区分・推計パターン選択'!$D$5="パターン①",IF('3_パターン①'!$E$5="","",VLOOKUP('3_パターン①'!$E$5,'（入込数）'!$B$6:$N$52,11,FALSE)),0) -> 0 | R10: 雑役務費 | S10: =IF('1_採択区分・推計パターン選択'!$D$4='（計算用1）'!$Q$2,'2_主催・共催型'!H12,0) -> 0 | U10: 雑役務費 | V10: =S10+S22 -> 0 | X10: 雑役務費 | Y10: =IF(V10=0,0,SUM($V$13,$V$15)*V10/SUM($V$4:$V$12)+V10) -> 0 | Z10: ………………… | AA10: 対事業所サービス | AC10: 分類不明 | AD10: =SUMIF($AA$3:$AA$13,AC10,$Y$3:$Y$13) -> 0
B11: 割合 | C11: =IF('1_採択区分・推計パターン選択'!$D$5="パターン①",IF(C10="",0,C10/SUM($C$10:$D$10)),"") | D11: =IF('1_採択区分・推計パターン選択'!$D$5="パターン①",IF(D10="",0,D10/SUM($C$10:$D$10)),"") | R11: 保険料 | S11: =IF('1_採択区分・推計パターン選択'!$D$4='（計算用1）'!$Q$2,'2_主催・共催型'!H13,0) -> 0 | U11: 保険料 | V11: =S11+S23 -> 0 | X11: 保険料 | Y11: =IF(V11=0,0,SUM($V$13,$V$15)*V11/SUM($V$4:$V$12)+V11) -> 0 | Z11: ………………… | AA11: 金融・保険 | AC11: 対個人サービス | AD11: =SUMIF($AA$3:$AA$13,AC11,$Y$3:$Y$13) -> 0
B12: 推計 | C12: =IF('1_採択区分・推計パターン選択'!$D$5="パターン①",$F$7*C11,"") | D12: =IF('1_採択区分・推計パターン選択'!$D$5="パターン①",$F$7*D11,"") | R12: 備品費 | S12: =IF('1_採択区分・推計パターン選択'!$D$4='（計算用1）'!$Q$2,'2_主催・共催型'!H14,0) -> 0 | U12: 備品費 | V12: =S12+S24 -> 0 | X12: 備品費 | Y12: =IF(V12=0,0,SUM($V$13,$V$15)*V12/SUM($V$4:$V$12)+V12) -> 0 | Z12: ………………… | AA12: その他の製造工業製品
R13: 一般管理費 | S13: =IF('1_採択区分・推計パターン選択'!$D$4='（計算用1）'!$Q$2,'2_主催・共催型'!H15,0) -> 0 | U13: 消費税相当額 | V13: =S25 -> 0 | X13: 一般管理費 | Y13: =IF(V14=0,0,V14) -> 0 | Z13: ………………… | AA13: 雇用者所得
B14: ■単価 | R14: 再委託費 | S14: =IF('1_採択区分・推計パターン選択'!$D$4='（計算用1）'!$Q$2,'2_主催・共催型'!H16,0) -> 0 | U14: 一般管理費 | V14: =S13+S26 -> 0
B15: 日本人 | C15: 県内 | E15: 県外 | Q15: 再委託費内訳 | R15: 賃金 | S15: =IF('1_採択区分・推計パターン選択'!$D$4='（計算用1）'!$Q$2,'2_主催・共催型'!H19,0) -> 0 | U15: 再々委託費 | V15: =S27 -> 0
C16: 宿泊 | D16: 日帰り | E16: 宿泊 | F16: 日帰り | R16: 諸謝金 | S16: =IF('1_採択区分・推計パターン選択'!$D$4='（計算用1）'!$Q$2,'2_主催・共催型'!H20,0) -> 0
B17: 団体・パックツアー料金 | C17: =IF('1_採択区分・推計パターン選択'!$D$5="パターン①",'3_パターン①'!E28,0) -> 0 | D17: =IF('1_採択区分・推計パターン選択'!$D$5="パターン①",'3_パターン①'!F28,0) -> 0 | E17: =IF('1_採択区分・推計パターン選択'!$D$5="パターン①",'3_パターン①'!G28,0) -> 0 | F17: =IF('1_採択区分・推計パターン選択'!$D$5="パターン①",'3_パターン①'!H28,0) -> 0 | R17: 旅費 | S17: =IF('1_採択区分・推計パターン選択'!$D$4='（計算用1）'!$Q$2,'2_主催・共催型'!H21,0) -> 0
B18: 宿泊費 | C18: =IF('1_採択区分・推計パターン選択'!$D$5="パターン①",'3_パターン①'!E29,0) -> 0 | D18: =IF('1_採択区分・推計パターン選択'!$D$5="パターン①",'3_パターン①'!F29,0) -> 0 | E18: =IF('1_採択区分・推計パターン選択'!$D$5="パターン①",'3_パターン①'!G29,0) -> 0 | F18: =IF('1_採択区分・推計パターン選択'!$D$5="パターン①",'3_パターン①'!H29,0) -> 0 | R18: 借損料 | S18: =IF('1_採択区分・推計パターン選択'!$D$4='（計算用1）'!$Q$2,'2_主催・共催型'!H22,0) -> 0
B19: 飲食費 | C19: =IF('1_採択区分・推計パターン選択'!$D$5="パターン①",'3_パターン①'!E30,0) -> 0 | D19: =IF('1_採択区分・推計パターン選択'!$D$5="パターン①",'3_パターン①'!F30,0) -> 0 | E19: =IF('1_採択区分・推計パターン選択'!$D$5="パターン①",'3_パターン①'!G30,0) -> 0 | F19: =IF('1_採択区分・推計パターン選択'!$D$5="パターン①",'3_パターン①'!H30,0) -> 0 | R19: 消耗品費 | S19: =IF('1_採択区分・推計パターン選択'!$D$4='（計算用1）'!$Q$2,'2_主催・共催型'!H23,0) -> 0
B20: 交通費 | C20: =IF('1_採択区分・推計パターン選択'!$D$5="パターン①",'3_パターン①'!E31,0) -> 0 | D20: =IF('1_採択区分・推計パターン選択'!$D$5="パターン①",'3_パターン①'!F31,0) -> 0 | E20: =IF('1_採択区分・推計パターン選択'!$D$5="パターン①",'3_パターン①'!G31,0) -> 0 | F20: =IF('1_採択区分・推計パターン選択'!$D$5="パターン①",'3_パターン①'!H31,0) -> 0 | R20: 会議費 | S20: =IF('1_採択区分・推計パターン選択'!$D$4='（計算用1）'!$Q$2,'2_主催・共催型'!H24,0) -> 0
B21: 娯楽等サービス費 | C21: =IF('1_採択区分・推計パターン選択'!$D$5="パターン①",'3_パターン①'!E32,0) -> 0 | D21: =IF('1_採択区分・推計パターン選択'!$D$5="パターン①",'3_パターン①'!F32,0) -> 0 | E21: =IF('1_採択区分・推計パターン選択'!$D$5="パターン①",'3_パターン①'!G32,0) -> 0 | F21: =IF('1_採択区分・推計パターン選択'!$D$5="パターン①",'3_パターン①'!H32,0) -> 0 | R21: 通信運搬費 | S21: =IF('1_採択区分・推計パターン選択'!$D$4='（計算用1）'!$Q$2,'2_主催・共催型'!H25,0) -> 0
B22: 買物代 | C22: =IF('1_採択区分・推計パターン選択'!$D$5="パターン①",'3_パターン①'!E33,0) -> 0 | D22: =IF('1_採択区分・推計パターン選択'!$D$5="パターン①",'3_パターン①'!F33,0) -> 0 | E22: =IF('1_採択区分・推計パターン選択'!$D$5="パターン①",'3_パターン①'!G33,0) -> 0 | F22: =IF('1_採択区分・推計パターン選択'!$D$5="パターン①",'3_パターン①'!H33,0) -> 0 | R22: 雑役務費 | S22: =IF('1_採択区分・推計パターン選択'!$D$4='（計算用1）'!$Q$2,'2_主催・共催型'!H26,0) -> 0
B23: その他 | C23: =IF('1_採択区分・推計パターン選択'!$D$5="パターン①",'3_パターン①'!E34,0) -> 0 | D23: =IF('1_採択区分・推計パターン選択'!$D$5="パターン①",'3_パターン①'!F34,0) -> 0 | E23: =IF('1_採択区分・推計パターン選択'!$D$5="パターン①",'3_パターン①'!G34,0) -> 0 | F23: =IF('1_採択区分・推計パターン選択'!$D$5="パターン①",'3_パターン①'!H34,0) -> 0 | R23: 保険料 | S23: =IF('1_採択区分・推計パターン選択'!$D$4='（計算用1）'!$Q$2,'2_主催・共催型'!H27,0) -> 0
R24: 備品費 | S24: =IF('1_採択区分・推計パターン選択'!$D$4='（計算用1）'!$Q$2,'2_主催・共催型'!H28,0) -> 0
B25: 外国人 | C25: 宿泊 | D25: 日帰り | F25: 外国人 | I25: 外国人 | J25: 宿泊 | K25: 日帰り | R25: 消費税相当額 | S25: =IF('1_採択区分・推計パターン選択'!$D$4='（計算用1）'!$Q$2,'2_主催・共催型'!H29,0) -> 0
C26: =IF('1_採択区分・推計パターン選択'!$D$5="パターン①",IF('3_パターン①'!$E$5="","",VLOOKUP('3_パターン①'!$E$5,'（入込数）'!$B$6:$N$52,12,FALSE)),0) -> 0 | D26: =IF('1_採択区分・推計パターン選択'!$D$5="パターン①",IF('3_パターン①'!$E$5="","",VLOOKUP('3_パターン①'!$E$5,'（入込数）'!$B$6:$N$52,13,FALSE)),0) -> 0 | F26: 団体・パックツアー料金 | G26: =IF('1_採択区分・推計パターン選択'!$D$5="パターン①",IF('3_パターン①'!$E$5="","",VLOOKUP('3_パターン①'!$E$5,'（消費内訳）'!$B$6:$R$53,11,FALSE)),0) -> 0 | I26: 団体・パックツアー料金 | J26: =IF('1_採択区分・推計パターン選択'!$D$5="パターン①",C$26*$G26/SUM($G$26:$G$32),"") | K26: =IF('1_採択区分・推計パターン選択'!$D$5="パターン①",D$26*$G26/SUM($G$26:$G$32),"") | R26: 一般管理費 | S26: =IF('1_採択区分・推計パターン選択'!$D$4='（計算用1）'!$Q$2,'2_主催・共催型'!H30,0) -> 0
F27: 宿泊費 | G27: =IF('1_採択区分・推計パターン選択'!$D$5="パターン①",IF('3_パターン①'!$E$5="","",VLOOKUP('3_パターン①'!$E$5,'（消費内訳）'!$B$6:$R$53,12,FALSE)),0) -> 0 | I27: 宿泊費 | J27: =IF('1_採択区分・推計パターン選択'!$D$5="パターン①",C$26*$G27/SUM($G$26:$G$32),"") | K27: =IF('1_採択区分・推計パターン選択'!$D$5="パターン①",D$26*$G27/SUM($G$26:$G$32),"") | R27: 再々委託費 | S27: =IF('1_採択区分・推計パターン選択'!$D$4='（計算用1）'!$Q$2,'2_主催・共催型'!H31,0) -> 0
F28: 飲食費 | G28: =IF('1_採択区分・推計パターン選択'!$D$5="パターン①",IF('3_パターン①'!$E$5="","",VLOOKUP('3_パターン①'!$E$5,'（消費内訳）'!$B$6:$R$53,13,FALSE)),0) -> 0 | I28: 飲食費 | J28: =IF('1_採択区分・推計パターン選択'!$D$5="パターン①",C$26*$G28/SUM($G$26:$G$32),"") | K28: =IF('1_採択区分・推計パターン選択'!$D$5="パターン①",D$26*$G28/SUM($G$26:$G$32),"")
F29: 交通費 | G29: =IF('1_採択区分・推計パターン選択'!$D$5="パターン①",IF('3_パターン①'!$E$5="","",VLOOKUP('3_パターン①'!$E$5,'（消費内訳）'!$B$6:$R$53,14,FALSE)),0) -> 0 | I29: 交通費 | J29: =IF('1_採択区分・推計パターン選択'!$D$5="パターン①",C$26*$G29/SUM($G$26:$G$32),"") | K29: =IF('1_採択区分・推計パターン選択'!$D$5="パターン①",D$26*$G29/SUM($G$26:$G$32),"") | Q29: イノベーション型 | U29: ※委託費・補助金は内訳の費目に分配 | X29: ※委託費・補助金・補助対象外経費は補助対象経費（除く賃金・コーディネーター料・一般管理費）の比率に従って配賦
F30: 娯楽等サービス費 | G30: =IF('1_採択区分・推計パターン選択'!$D$5="パターン①",IF('3_パターン①'!$E$5="","",VLOOKUP('3_パターン①'!$E$5,'（消費内訳）'!$B$6:$R$53,15,FALSE)),0) -> 0 | I30: 娯楽等サービス費 | J30: =IF('1_採択区分・推計パターン選択'!$D$5="パターン①",C$26*$G30/SUM($G$26:$G$32),"") | K30: =IF('1_採択区分・推計パターン選択'!$D$5="パターン①",D$26*$G30/SUM($G$26:$G$32),"") | Q30: 補助対象経費 | R30: 賃金・コーディネーター料 | S30: =IF('1_採択区分・推計パターン選択'!$D$4='（計算用1）'!$Q$29,'2_イノベーション型'!H5,0) -> 0 | U30: 賃金・コーディネーター料 | V30: =S30+S40+S50 -> 0 | W30: →→→→→→ | X30: 賃金・コーディネーター料 | Y30: =IF(V30=0,0,V30) -> 0 | Z30: ………………… | AA30: 雇用者所得 | AB30: →→→→→→ | AC30: 運輸・郵便 | AD30: =SUMIF($AA$30:$AA$37,AC30,$Y$30:$Y$37) -> 0
F31: 買物代 | G31: =IF('1_採択区分・推計パターン選択'!$D$5="パターン①",IF('3_パターン①'!$E$5="","",VLOOKUP('3_パターン①'!$E$5,'（消費内訳）'!$B$6:$R$53,16,FALSE)),0) -> 0 | I31: 買物代 | J31: =IF('1_採択区分・推計パターン選択'!$D$5="パターン①",C$26*$G31/SUM($G$26:$G$32),"") | K31: =IF('1_採択区分・推計パターン選択'!$D$5="パターン①",D$26*$G31/SUM($G$26:$G$32),"") | R31: 共済費・保険料 | S31: =IF('1_採択区分・推計パターン選択'!$D$4='（計算用1）'!$Q$29,'2_イノベーション型'!H6,0) -> 0 | U31: 共済費・保険料 | V31: =S31+S41+S51 -> 0 | X31: 共済費・保険料 | Y31: =IF(V31=0,0,V31+SUM($V$36,$V$38,$V$40)*V31/SUM($V$31:$V$35,$V$37)) -> 0 | Z31: ………………… | AA31: 金融・保険 | AC31: 金融・保険 | AD31: =SUMIF($AA$30:$AA$37,AC31,$Y$30:$Y$37) -> 0
F32: その他 | G32: =IF('1_採択区分・推計パターン選択'!$D$5="パターン①",IF('3_パターン①'!$E$5="","",VLOOKUP('3_パターン①'!$E$5,'（消費内訳）'!$B$6:$R$53,17,FALSE)),0) -> 0 | I32: その他 | J32: =IF('1_採択区分・推計パターン選択'!$D$5="パターン①",C$26*$G32/SUM($G$26:$G$32),"") | K32: =IF('1_採択区分・推計パターン選択'!$D$5="パターン①",D$26*$G32/SUM($G$26:$G$32),"") | R32: 報償費 | S32: =IF('1_採択区分・推計パターン選択'!$D$4='（計算用1）'!$Q$29,'2_イノベーション型'!H7,0) -> 0 | U32: 報償費 | V32: =S32+S42+S52 -> 0 | X32: 報償費 | Y32: =IF(V32=0,0,V32+SUM($V$36,$V$38,$V$40)*V32/SUM($V$31:$V$35,$V$37)) -> 0 | Z32: ………………… | AA32: 対事業所サービス | AC32: 雇用者所得 | AD32: =SUMIF($AA$30:$AA$37,AC32,$Y$30:$Y$37) -> 0
R33: 旅費 | S33: =IF('1_採択区分・推計パターン選択'!$D$4='（計算用1）'!$Q$29,'2_イノベーション型'!H8,0) -> 0 | U33: 旅費 | V33: =S33+S43+S53 -> 0 | X33: 旅費 | Y33: =IF(V33=0,0,V33+SUM($V$36,$V$38,$V$40)*V33/SUM($V$31:$V$35,$V$37)) -> 0 | Z33: ………………… | AA33: 運輸・郵便 | AC33: 商業 | AD33: =SUMIF($AA$30:$AA$37,AC33,$Y$30:$Y$37) -> 0
B34: ■合計額 | R34: 使用料及び借料 | S34: =IF('1_採択区分・推計パターン選択'!$D$4='（計算用1）'!$Q$29,'2_イノベーション型'!H9,0) -> 0 | U34: 使用料及び借料 | V34: =S34+S44+S54 -> 0 | X34: 使用料及び借料 | Y34: =IF(V34=0,0,V34+SUM($V$36,$V$38,$V$40)*V34/SUM($V$31:$V$35,$V$37)) -> 0 | Z34: ………………… | AA34: 対事業所サービス | AC34: その他の製造工業製品 | AD34: =SUMIF($AA$30:$AA$37,AC34,$Y$30:$Y$37) -> 0
B35: 日本人 | C35: 県内 | E35: 県外 | G35: 合計 | R35: 役務費 | S35: =IF('1_採択区分・推計パターン選択'!$D$4='（計算用1）'!$Q$29,'2_イノベーション型'!H10,0) -> 0 | U35: 役務費 | V35: =S35+S45+S55 -> 0 | X35: 役務費 | Y35: =IF(V35=0,0,V35+SUM($V$36,$V$38,$V$40)*V35/SUM($V$31:$V$35,$V$37)) -> 0 | Z35: ………………… | AA35: 対事業所サービス | AC35: 対事業所サービス | AD35: =SUMIF($AA$30:$AA$37,AC35,$Y$30:$Y$37) -> 0
C36: 宿泊 | D36: 日帰り | E36: 宿泊 | F36: 日帰り | R36: 委託費 | S36: =IF('1_採択区分・推計パターン選択'!$D$4='（計算用1）'!$Q$29,'2_イノベーション型'!H11,0) -> 0 | U36: 委託費 | V36: =S46+S56 -> 0 | X36: 需用費 | Y36: =IF(V37=0,0,V37+SUM($V$36,$V$38,$V$40)*V37/SUM($V$31:$V$35,$V$37)) -> 0 | Z36: ………………… | AA36: その他の製造工業製品 | AC36: 情報通信 | AD36: =SUMIF($AA$30:$AA$37,AC36,$Y$30:$Y$37) -> 0
B37: 団体・パックツアー料金 | C37: =B$7*C17 -> 0 | D37: =C$7*D17 -> 0 | E37: =D$7*E17 -> 0 | F37: =E$7*F17 -> 0 | G37: =SUM(C37:F37) -> 0 | R37: 需用費 | S37: =IF('1_採択区分・推計パターン選択'!$D$4='（計算用1）'!$Q$29,'2_イノベーション型'!H12,0) -> 0 | U37: 需用費 | V37: =S37+S47+S57 -> 0 | X37: 一般管理費 | Y37: =IF(V39=0,0,V39) -> 0 | Z37: ………………… | AA37: 分類不明 | AC37: 分類不明 | AD37: =SUMIF($AA$30:$AA$37,AC37,$Y$30:$Y$37) -> 0
B38: 宿泊費 | C38: =B$7*C18 -> 0 | D38: =C$7*D18 -> 0 | E38: =D$7*E18 -> 0 | F38: =E$7*F18 -> 0 | G38: =SUM(C38:F38) -> 0 | R38: 補助金 | S38: =IF('1_採択区分・推計パターン選択'!$D$4='（計算用1）'!$Q$29,'2_イノベーション型'!H13,0) -> 0 | U38: 補助金 | V38: =S48+S58 -> 0 | AC38: 対個人サービス | AD38: =SUMIF($AA$30:$AA$37,AC38,$Y$30:$Y$37) -> 0
B39: 飲食費 | C39: =B$7*C19 -> 0 | D39: =C$7*D19 -> 0 | E39: =D$7*E19 -> 0 | F39: =E$7*F19 -> 0 | G39: =SUM(C39:F39) -> 0 | Q39: 補助対象外経費 | S39: =IF('1_採択区分・推計パターン選択'!$D$4='（計算用1）'!$Q$29,'2_イノベーション型'!H14,0) -> 0 | U39: 一般管理費 | V39: =S49 -> 0
B40: 交通費 | C40: =B$7*C20 -> 0 | D40: =C$7*D20 -> 0 | E40: =D$7*E20 -> 0 | F40: =E$7*F20 -> 0 | G40: =SUM(C40:F40) -> 0 | Q40: 委託費内訳 | R40: 賃金・コーディネーター料 | S40: =IF('1_採択区分・推計パターン選択'!$D$4='（計算用1）'!$Q$29,'2_イノベーション型'!H17,0) -> 0 | U40: 補助対象外経費 | V40: =S39 -> 0
B41: 娯楽等サービス費 | C41: =B$7*C21 -> 0 | D41: =C$7*D21 -> 0 | E41: =D$7*E21 -> 0 | F41: =E$7*F21 -> 0 | G41: =SUM(C41:F41) -> 0 | R41: 共済費・保険料 | S41: =IF('1_採択区分・推計パターン選択'!$D$4='（計算用1）'!$Q$29,'2_イノベーション型'!H18,0) -> 0
B42: 買物代 | C42: =B$7*C22 -> 0 | D42: =C$7*D22 -> 0 | E42: =D$7*E22 -> 0 | F42: =E$7*F22 -> 0 | G42: =SUM(C42:F42) -> 0 | R42: 報償費 | S42: =IF('1_採択区分・推計パターン選択'!$D$4='（計算用1）'!$Q$29,'2_イノベーション型'!H19,0) -> 0
B43: その他 | C43: =B$7*C23 -> 0 | D43: =C$7*D23 -> 0 | E43: =D$7*E23 -> 0 | F43: =E$7*F23 -> 0 | G43: =SUM(C43:F43) -> 0 | R43: 旅費 | S43: =IF('1_採択区分・推計パターン選択'!$D$4='（計算用1）'!$Q$29,'2_イノベーション型'!H20,0) -> 0
R44: 使用料及び借料 | S44: =IF('1_採択区分・推計パターン選択'!$D$4='（計算用1）'!$Q$29,'2_イノベーション型'!H21,0) -> 0
B45: 外国人 | C45: 宿泊 | D45: 日帰り | E45: 合計 | R45: 役務費 | S45: =IF('1_採択区分・推計パターン選択'!$D$4='（計算用1）'!$Q$29,'2_イノベーション型'!H22,0) -> 0
B46: 団体・パックツアー料金 | C46: =IF('1_採択区分・推計パターン選択'!$D$5="パターン①",C$12*J26,"") | D46: =IF('1_採択区分・推計パターン選択'!$D$5="パターン①",D$12*K26,"") | E46: =SUM(C46:D46) -> 0 | R46: 委託費 | S46: =IF('1_採択区分・推計パターン選択'!$D$4='（計算用1）'!$Q$29,'2_イノベーション型'!H23,0) -> 0
B47: 宿泊費 | C47: =IF('1_採択区分・推計パターン選択'!$D$5="パターン①",C$12*J27,"") | D47: =IF('1_採択区分・推計パターン選択'!$D$5="パターン①",D$12*K27,"") | E47: =SUM(C47:D47) -> 0 | R47: 需要費 | S47: =IF('1_採択区分・推計パターン選択'!$D$4='（計算用1）'!$Q$29,'2_イノベーション型'!H24,0) -> 0
B48: 飲食費 | C48: =IF('1_採択区分・推計パターン選択'!$D$5="パターン①",C$12*J28,"") | D48: =IF('1_採択区分・推計パターン選択'!$D$5="パターン①",D$12*K28,"") | E48: =SUM(C48:D48) -> 0 | R48: 補助金 | S48: =IF('1_採択区分・推計パターン選択'!$D$4='（計算用1）'!$Q$29,'2_イノベーション型'!H25,0) -> 0
B49: 交通費 | C49: =IF('1_採択区分・推計パターン選択'!$D$5="パターン①",C$12*J29,"") | D49: =IF('1_採択区分・推計パターン選択'!$D$5="パターン①",D$12*K29,"") | E49: =SUM(C49:D49) -> 0 | R49: 一般管理費 | S49: =IF('1_採択区分・推計パターン選択'!$D$4='（計算用1）'!$Q$29,'2_イノベーション型'!H26,0) -> 0
B50: 娯楽等サービス費 | C50: =IF('1_採択区分・推計パターン選択'!$D$5="パターン①",C$12*J30,"") | D50: =IF('1_採択区分・推計パターン選択'!$D$5="パターン①",D$12*K30,"") | E50: =SUM(C50:D50) -> 0 | Q50: 補助金内訳 | R50: 賃金・コーディネーター料 | S50: =IF('1_採択区分・推計パターン選択'!$D$4='（計算用1）'!$Q$29,'2_イノベーション型'!H29,0) -> 0
B51: 買物代 | C51: =IF('1_採択区分・推計パターン選択'!$D$5="パターン①",C$12*J31,"") | D51: =IF('1_採択区分・推計パターン選択'!$D$5="パターン①",D$12*K31,"") | E51: =SUM(C51:D51) -> 0 | R51: 共済費・保険料 | S51: =IF('1_採択区分・推計パターン選択'!$D$4='（計算用1）'!$Q$29,'2_イノベーション型'!H30,0) -> 0
B52: その他 | C52: =IF('1_採択区分・推計パターン選択'!$D$5="パターン①",C$12*J32,"") | D52: =IF('1_採択区分・推計パターン選択'!$D$5="パターン①",D$12*K32,"") | E52: =SUM(C52:D52) -> 0 | R52: 報償費 | S52: =IF('1_採択区分・推計パターン選択'!$D$4='（計算用1）'!$Q$29,'2_イノベーション型'!H31,0) -> 0
R53: 旅費 | S53: =IF('1_採択区分・推計パターン選択'!$D$4='（計算用1）'!$Q$29,'2_イノベーション型'!H32,0) -> 0
C54: 日本人＋外国人 | R54: 使用料及び借料 | S54: =IF('1_採択区分・推計パターン選択'!$D$4='（計算用1）'!$Q$29,'2_イノベーション型'!H33,0) -> 0
B55: 団体・パックツアー料金 | C55: =G37+E46 -> 0 | R55: 役務費 | S55: =IF('1_採択区分・推計パターン選択'!$D$4='（計算用1）'!$Q$29,'2_イノベーション型'!H34,0) -> 0
B56: 宿泊費 | C56: =G38+E47 -> 0 | R56: 委託費 | S56: =IF('1_採択区分・推計パターン選択'!$D$4='（計算用1）'!$Q$29,'2_イノベーション型'!H35,0) -> 0
B57: 飲食費 | C57: =G39+E48 -> 0 | R57: 需要費 | S57: =IF('1_採択区分・推計パターン選択'!$D$4='（計算用1）'!$Q$29,'2_イノベーション型'!H36,0) -> 0
B58: 交通費 | C58: =G40+E49 -> 0 | R58: 補助金 | S58: =IF('1_採択区分・推計パターン選択'!$D$4='（計算用1）'!$Q$29,'2_イノベーション型'!H37,0) -> 0
B59: 娯楽等サービス費 | C59: =G41+E50 -> 0
B60: 買物代 | C60: =G42+E51 -> 0 | Q60: 文化資源活用推進事業 | X60: ※委託費・補助金は各経費の比率に従って配賦
B61: その他 | C61: =G43+E52 -> 0 | Q61: 補助対象経費 | R61: 出演費 | S61: =IF('1_採択区分・推計パターン選択'!$D$4='（計算用1）'!$Q$60,'2_文化資源'!H5,0) -> 0 | U61: 出演費 | V61: =S61+S78 -> 0 | W61: →→→→→→ | X61: 出演費 | Y61: =IF(V61=0,0,V61+SUM($V$77:$V$79)*V61/SUM($V$61:$V$76)) -> 0 | Z61: ………………… | AA61: 対事業所サービス | AB61: →→→→→→ | AC61: 運輸・郵便 | AD61: =SUMIF($AA$61:$AA$76,AC61,$Y$61:$Y$76) -> 0
R62: 音楽費 | S62: =IF('1_採択区分・推計パターン選択'!$D$4='（計算用1）'!$Q$60,'2_文化資源'!H6,0) -> 0 | U62: 音楽費 | V62: =S62+S79 -> 0 | X62: 音楽費 | Y62: =IF(V62=0,0,V62+SUM($V$77:$V$79)*V62/SUM($V$61:$V$76)) -> 0 | Z62: ………………… | AA62: 対事業所サービス | AC62: 金融・保険 | AD62: =SUMIF($AA$61:$AA$76,AC62,$Y$61:$Y$76) -> 0
B63: パターン② | R63: 文芸費 | S63: =IF('1_採択区分・推計パターン選択'!$D$4='（計算用1）'!$Q$60,'2_文化資源'!H7,0) -> 0 | U63: 文芸費 | V63: =S63+S80 -> 0 | X63: 文芸費 | Y63: =IF(V63=0,0,V63+SUM($V$77:$V$79)*V63/SUM($V$61:$V$76)) -> 0 | Z63: ………………… | AA63: 対事業所サービス | AC63: 雇用者所得 | AD63: =SUMIF($AA$61:$AA$76,AC63,$Y$61:$Y$76) -> 0
B64: ■人数 | R64: 舞台費 | S64: =IF('1_採択区分・推計パターン選択'!$D$4='（計算用1）'!$Q$60,'2_文化資源'!H8,0) -> 0 | U64: 舞台費 | V64: =S64+S81 -> 0 | X64: 舞台費 | Y64: =IF(V64=0,0,V64+SUM($V$77:$V$79)*V64/SUM($V$61:$V$76)) -> 0 | Z64: ………………… | AA64: 対事業所サービス | AC64: 商業 | AD64: =SUMIF($AA$61:$AA$76,AC64,$Y$61:$Y$76) -> 0
B65: 日本人 | F65: 外国人 | R65: 作品借料 | S65: =IF('1_採択区分・推計パターン選択'!$D$4='（計算用1）'!$Q$60,'2_文化資源'!H9,0) -> 0 | U65: 作品借料 | V65: =S65+S82 -> 0 | X65: 作品借料 | Y65: =IF(V65=0,0,V65+SUM($V$77:$V$79)*V65/SUM($V$61:$V$76)) -> 0 | Z65: ………………… | AA65: 対事業所サービス | AC65: その他の製造工業製品 | AD65: =SUMIF($AA$61:$AA$76,AC65,$Y$61:$Y$76) -> 0
B66: 県内 | D66: 県外 | R66: 上映費 | S66: =IF('1_採択区分・推計パターン選択'!$D$4='（計算用1）'!$Q$60,'2_文化資源'!H10,0) -> 0 | U66: 上映費 | V66: =S66+S83 -> 0 | X66: 上映費 | Y66: =IF(V66=0,0,V66+SUM($V$77:$V$79)*V66/SUM($V$61:$V$76)) -> 0 | Z66: ………………… | AA66: 対事業所サービス | AC66: 対事業所サービス | AD66: =SUMIF($AA$61:$AA$76,AC66,$Y$61:$Y$76) -> 0
B67: 宿泊 | C67: 日帰り | D67: 宿泊 | E67: 日帰り | R67: 会場費 | S67: =IF('1_採択区分・推計パターン選択'!$D$4='（計算用1）'!$Q$60,'2_文化資源'!H11,0) -> 0 | U67: 会場費 | V67: =S67+S84 -> 0 | X67: 会場費 | Y67: =IF(V67=0,0,V67+SUM($V$77:$V$79)*V67/SUM($V$61:$V$76)) -> 0 | Z67: ………………… | AA67: 対事業所サービス | AC67: 情報通信 | AD67: =SUMIF($AA$61:$AA$76,AC67,$Y$61:$Y$76) -> 0
B68: =IF('1_採択区分・推計パターン選択'!$D$5="パターン②",'3_パターン②'!$K$17,0) -> 0 | C68: =IF('1_採択区分・推計パターン選択'!$D$5="パターン②",'3_パターン②'!$K$18,0) -> 0 | D68: =IF('1_採択区分・推計パターン選択'!$D$5="パターン②",'3_パターン②'!$K$19,0) -> 0 | E68: =IF('1_採択区分・推計パターン選択'!$D$5="パターン②",'3_パターン②'!$K$20,0) -> 0 | F68: =IF('1_採択区分・推計パターン選択'!$D$5="パターン②",'3_パターン②'!$K$21,0) -> 0 | R68: 運搬費 | S68: =IF('1_採択区分・推計パターン選択'!$D$4='（計算用1）'!$Q$60,'2_文化資源'!H12,0) -> 0 | U68: 運搬費 | V68: =S68+S85 -> 0 | X68: 運搬費 | Y68: =IF(V68=0,0,V68+SUM($V$77:$V$79)*V68/SUM($V$61:$V$76)) -> 0 | Z68: ………………… | AA68: 運輸・郵便 | AC68: 分類不明 | AD68: =SUMIF($AA$61:$AA$76,AC68,$Y$61:$Y$76) -> 0
R69: 賃金・共済費 | S69: =IF('1_採択区分・推計パターン選択'!$D$4='（計算用1）'!$Q$60,'2_文化資源'!H13,0) -> 0 | U69: 賃金・共済費 | V69: =S69+S86 -> 0 | X69: 賃金・共済費 | Y69: =IF(V69=0,0,V69+SUM($V$77:$V$79)*V69/SUM($V$61:$V$76)) -> 0 | Z69: ………………… | AA69: 雇用者所得 | AC69: 対個人サービス | AD69: =SUMIF($AA$61:$AA$76,AC69,$Y$61:$Y$76) -> 0
B70: 外国人 | C70: 宿泊 | D70: 日帰り | R70: 旅費 | S70: =IF('1_採択区分・推計パターン選択'!$D$4='（計算用1）'!$Q$60,'2_文化資源'!H14,0) -> 0 | U70: 旅費 | V70: =S70+S87 -> 0 | X70: 旅費 | Y70: =IF(V70=0,0,V70+SUM($V$77:$V$79)*V70/SUM($V$61:$V$76)) -> 0 | Z70: ………………… | AA70: 運輸・郵便
B71: 入込数 | C71: =IF('1_採択区分・推計パターン選択'!$D$5="パターン②",IF('3_パターン②'!$E$5="","",VLOOKUP('3_パターン②'!$E$5,'（入込数）'!$B$6:$N$52,10,FALSE)),0) -> 0 | D71: =IF('1_採択区分・推計パターン選択'!$D$5="パターン②",IF('3_パターン②'!$E$5="","",VLOOKUP('3_パターン②'!$E$5,'（入込数）'!$B$6:$N$52,11,FALSE)),0) -> 0 | R71: 報償費 | S71: =IF('1_採択区分・推計パターン選択'!$D$4='（計算用1）'!$Q$60,'2_文化資源'!H15,0) -> 0 | U71: 報償費 | V71: =S71+S88 -> 0 | X71: 報償費 | Y71: =IF(V71=0,0,V71+SUM($V$77:$V$79)*V71/SUM($V$61:$V$76)) -> 0 | Z71: ………………… | AA71: 対事業所サービス
B72: 割合 | C72: =IF('1_採択区分・推計パターン選択'!$D$5="パターン②",IF(C71="",0,C71/SUM($C$71:$D$71)),"") | D72: =IF('1_採択区分・推計パターン選択'!$D$5="パターン②",IF(D71="",0,D71/SUM($C$71:$D$71)),"") | R72: 雑役務費 | S72: =IF('1_採択区分・推計パターン選択'!$D$4='（計算用1）'!$Q$60,'2_文化資源'!H16,0) -> 0 | U72: 雑役務費 | V72: =S72+S89 -> 0 | X72: 雑役務費 | Y72: =IF(V72=0,0,V72+SUM($V$77:$V$79)*V72/SUM($V$61:$V$76)) -> 0 | Z72: ………………… | AA72: 対事業所サービス
B73: 推計 | C73: =IF('1_採択区分・推計パターン選択'!$D$5="パターン②",$F$68*C72,"") | D73: =IF('1_採択区分・推計パターン選択'!$D$5="パターン②",$F$68*D72,"") | R73: 消耗品費 | S73: =IF('1_採択区分・推計パターン選択'!$D$4='（計算用1）'!$Q$60,'2_文化資源'!H17,0) -> 0 | U73: 消耗品費 | V73: =S73+S90 -> 0 | X73: 消耗品費 | Y73: =IF(V73=0,0,V73+SUM($V$77:$V$79)*V73/SUM($V$61:$V$76)) -> 0 | Z73: ………………… | AA73: その他の製造工業製品
R74: 通信費 | S74: =IF('1_採択区分・推計パターン選択'!$D$4='（計算用1）'!$Q$60,'2_文化資源'!H18,0) -> 0 | U74: 通信費 | V74: =S74+S91 -> 0 | X74: 通信費 | Y74: =IF(V74=0,0,V74+SUM($V$77:$V$79)*V74/SUM($V$61:$V$76)) -> 0 | Z74: ………………… | AA74: 情報通信
B75: ■単価 | R75: 会議費 | S75: =IF('1_採択区分・推計パターン選択'!$D$4='（計算用1）'!$Q$60,'2_文化資源'!H19,0) -> 0 | U75: 会議費 | V75: =S75+S92 -> 0 | X75: 会議費 | Y75: =IF(V75=0,0,V75+SUM($V$77:$V$79)*V75/SUM($V$61:$V$76)) -> 0 | Z75: ………………… | AA75: 対事業所サービス
B76: 日本人 | C76: 県内 | E76: 県外 | H76: 日本人 | K76: 日本人 | L76: 県内 | N76: 県外 | R76: 委託費 | S76: =IF('1_採択区分・推計パターン選択'!$D$4='（計算用1）'!$Q$60,'2_文化資源'!H20,0) -> 0 | U76: その他 | V76: =S93 -> 0 | X76: その他 | Y76: =IF(V76=0,0,V76+SUM($V$77:$V$79)*V76/SUM($V$61:$V$76)) -> 0 | Z76: ………………… | AA76: 分類不明
C77: 宿泊 | D77: 日帰り | E77: 宿泊 | F77: 日帰り | L77: 宿泊 | M77: 日帰り | N77: 宿泊 | O77: 日帰り | R77: 補助金 | S77: =IF('1_採択区分・推計パターン選択'!$D$4='（計算用1）'!$Q$60,'2_文化資源'!H21,0) -> 0 | U77: 委託費 | V77: =S76 -> 0
C78: =IF('1_採択区分・推計パターン選択'!$D$5="パターン②",IF('3_パターン②'!$E$5="","",VLOOKUP('3_パターン②'!$E$5,'（入込数）'!$B$6:$N$52,2,FALSE)),0) -> 0 | D78: =IF('1_採択区分・推計パターン選択'!$D$5="パターン②",IF('3_パターン②'!$E$5="","",VLOOKUP('3_パターン②'!$E$5,'（入込数）'!$B$6:$N$52,3,FALSE)),0) -> 0 | E78: =IF('1_採択区分・推計パターン選択'!$D$5="パターン②",IF('3_パターン②'!$E$5="","",VLOOKUP('3_パターン②'!$E$5,'（入込数）'!$B$6:$N$52,4,FALSE)),0) -> 0 | F78: =IF('1_採択区分・推計パターン選択'!$D$5="パターン②",IF('3_パターン②'!$E$5="","",VLOOKUP('3_パターン②'!$E$5,'（入込数）'!$B$6:$N$52,5,FALSE)),0) -> 0 | H78: 団体・パックツアー料金 | I78: =IF('1_採択区分・推計パターン選択'!$D$5="パターン②",IF('3_パターン②'!$E$5="","",VLOOKUP('3_パターン②'!$E$5,'（消費内訳）'!$B$6:$R$53,3,FALSE)),0) -> 0 | K78: 団体・パックツアー料金 | L78: =IF('1_採択区分・推計パターン選択'!$D$5="パターン②",C$78*$I78/SUM($I$78:$I$84),"") | M78: =IF('1_採択区分・推計パターン選択'!$D$5="パターン②",D$78*$I78/SUM($I$78:$I$84),"") | N78: =IF('1_採択区分・推計パターン選択'!$D$5="パターン②",E$78*$I78/SUM($I$78:$I$84),"") | O78: =IF('1_採択区分・推計パターン選択'!$D$5="パターン②",F$78*$I78/SUM($I$78:$I$84),"") | Q78: 補助対象外経費 | R78: 出演費 | S78: =IF('1_採択区分・推計パターン選択'!$D$4='（計算用1）'!$Q$60,'2_文化資源'!H22,0) -> 0 | U78: 補助金 | V78: =S77 -> 0
H79: 宿泊費 | I79: =IF('1_採択区分・推計パターン選択'!$D$5="パターン②",IF('3_パターン②'!$E$5="","",VLOOKUP('3_パターン②'!$E$5,'（消費内訳）'!$B$6:$R$53,4,FALSE)),0) -> 0 | K79: 宿泊費 | L79: =IF('1_採択区分・推計パターン選択'!$D$5="パターン②",C$78*$I79/SUM($I$78:$I$84),"") | M79: =IF('1_採択区分・推計パターン選択'!$D$5="パターン②",D$78*$I79/SUM($I$78:$I$84),"") | N79: =IF('1_採択区分・推計パターン選択'!$D$5="パターン②",E$78*$I79/SUM($I$78:$I$84),"") | O79: =IF('1_採択区分・推計パターン選択'!$D$5="パターン②",F$78*$I79/SUM($I$78:$I$84),"") | R79: 音楽費 | S79: =IF('1_採択区分・推計パターン選択'!$D$4='（計算用1）'!$Q$60,'2_文化資源'!H23,0) -> 0 | U79: 委託費・補助金 | V79: =S94 -> 0
H80: 飲食費 | I80: =IF('1_採択区分・推計パターン選択'!$D$5="パターン②",IF('3_パターン②'!$E$5="","",VLOOKUP('3_パターン②'!$E$5,'（消費内訳）'!$B$6:$R$53,5,FALSE)),0) -> 0 | K80: 飲食費 | L80: =IF('1_採択区分・推計パターン選択'!$D$5="パターン②",C$78*$I80/SUM($I$78:$I$84),"") | M80: =IF('1_採択区分・推計パターン選択'!$D$5="パターン②",D$78*$I80/SUM($I$78:$I$84),"") | N80: =IF('1_採択区分・推計パターン選択'!$D$5="パターン②",E$78*$I80/SUM($I$78:$I$84),"") | O80: =IF('1_採択区分・推計パターン選択'!$D$5="パターン②",F$78*$I80/SUM($I$78:$I$84),"") | R80: 文芸費 | S80: =IF('1_採択区分・推計パターン選択'!$D$4='（計算用1）'!$Q$60,'2_文化資源'!H24,0) -> 0
H81: 交通費 | I81: =IF('1_採択区分・推計パターン選択'!$D$5="パターン②",IF('3_パターン②'!$E$5="","",VLOOKUP('3_パターン②'!$E$5,'（消費内訳）'!$B$6:$R$53,6,FALSE)),0) -> 0 | K81: 交通費 | L81: =IF('1_採択区分・推計パターン選択'!$D$5="パターン②",C$78*$I81/SUM($I$78:$I$84),"") | M81: =IF('1_採択区分・推計パターン選択'!$D$5="パターン②",D$78*$I81/SUM($I$78:$I$84),"") | N81: =IF('1_採択区分・推計パターン選択'!$D$5="パターン②",E$78*$I81/SUM($I$78:$I$84),"") | O81: =IF('1_採択区分・推計パターン選択'!$D$5="パターン②",F$78*$I81/SUM($I$78:$I$84),"") | R81: 舞台費 | S81: =IF('1_採択区分・推計パターン選択'!$D$4='（計算用1）'!$Q$60,'2_文化資源'!H25,0) -> 0
H82: 娯楽等サービス費 | I82: =IF('1_採択区分・推計パターン選択'!$D$5="パターン②",IF('3_パターン②'!$E$5="","",VLOOKUP('3_パターン②'!$E$5,'（消費内訳）'!$B$6:$R$53,7,FALSE)),0) -> 0 | K82: 娯楽等サービス費 | L82: =IF('1_採択区分・推計パターン選択'!$D$5="パターン②",C$78*$I82/SUM($I$78:$I$84),"") | M82: =IF('1_採択区分・推計パターン選択'!$D$5="パターン②",D$78*$I82/SUM($I$78:$I$84),"") | N82: =IF('1_採択区分・推計パターン選択'!$D$5="パターン②",E$78*$I82/SUM($I$78:$I$84),"") | O82: =IF('1_採択区分・推計パターン選択'!$D$5="パターン②",F$78*$I82/SUM($I$78:$I$84),"") | R82: 作品借料 | S82: =IF('1_採択区分・推計パターン選択'!$D$4='（計算用1）'!$Q$60,'2_文化資源'!H26,0) -> 0
H83: 買物代 | I83: =IF('1_採択区分・推計パターン選択'!$D$5="パターン②",IF('3_パターン②'!$E$5="","",VLOOKUP('3_パターン②'!$E$5,'（消費内訳）'!$B$6:$R$53,8,FALSE)),0) -> 0 | K83: 買物代 | L83: =IF('1_採択区分・推計パターン選択'!$D$5="パターン②",C$78*$I83/SUM($I$78:$I$84),"") | M83: =IF('1_採択区分・推計パターン選択'!$D$5="パターン②",D$78*$I83/SUM($I$78:$I$84),"") | N83: =IF('1_採択区分・推計パターン選択'!$D$5="パターン②",E$78*$I83/SUM($I$78:$I$84),"") | O83: =IF('1_採択区分・推計パターン選択'!$D$5="パターン②",F$78*$I83/SUM($I$78:$I$84),"") | R83: 上映費 | S83: =IF('1_採択区分・推計パターン選択'!$D$4='（計算用1）'!$Q$60,'2_文化資源'!H27,0) -> 0
H84: その他 | I84: =IF('1_採択区分・推計パターン選択'!$D$5="パターン②",IF('3_パターン②'!$E$5="","",VLOOKUP('3_パターン②'!$E$5,'（消費内訳）'!$B$6:$R$53,9,FALSE)),0) -> 0 | K84: その他 | L84: =IF('1_採択区分・推計パターン選択'!$D$5="パターン②",C$78*$I84/SUM($I$78:$I$84),"") | M84: =IF('1_採択区分・推計パターン選択'!$D$5="パターン②",D$78*$I84/SUM($I$78:$I$84),"") | N84: =IF('1_採択区分・推計パターン選択'!$D$5="パターン②",E$78*$I84/SUM($I$78:$I$84),"") | O84: =IF('1_採択区分・推計パターン選択'!$D$5="パターン②",F$78*$I84/SUM($I$78:$I$84),"") | R84: 会場費 | S84: =IF('1_採択区分・推計パターン選択'!$D$4='（計算用1）'!$Q$60,'2_文化資源'!H28,0) -> 0
R85: 運搬費 | S85: =IF('1_採択区分・推計パターン選択'!$D$4='（計算用1）'!$Q$60,'2_文化資源'!H29,0) -> 0
R86: 賃金・共済費 | S86: =IF('1_採択区分・推計パターン選択'!$D$4='（計算用1）'!$Q$60,'2_文化資源'!H30,0) -> 0
B87: 外国人 | C87: 宿泊 | D87: 日帰り | F87: 外国人 | I87: 外国人 | J87: 宿泊 | K87: 日帰り | R87: 旅費 | S87: =IF('1_採択区分・推計パターン選択'!$D$4='（計算用1）'!$Q$60,'2_文化資源'!H31,0) -> 0
C88: =IF('1_採択区分・推計パターン選択'!$D$5="パターン②",IF('3_パターン②'!$E$5="","",VLOOKUP('3_パターン②'!$E$5,'（入込数）'!$B$6:$N$52,12,FALSE)),0) -> 0 | D88: =IF('1_採択区分・推計パターン選択'!$D$5="パターン②",IF('3_パターン②'!$E$5="","",VLOOKUP('3_パターン②'!$E$5,'（入込数）'!$B$6:$N$52,13,FALSE)),0) -> 0 | F88: 団体・パックツアー料金 | G88: =IF('1_採択区分・推計パターン選択'!$D$5="パターン②",IF('3_パターン②'!$E$5="","",VLOOKUP('3_パターン②'!$E$5,'（消費内訳）'!$B$6:$R$53,11,FALSE)),0) -> 0 | I88: 団体・パックツアー料金 | J88: =IF('1_採択区分・推計パターン選択'!$D$5="パターン②",C$88*$G88/SUM($G$88:$G$94),"") | K88: =IF('1_採択区分・推計パターン選択'!$D$5="パターン②",D$88*$G88/SUM($G$88:$G$94),"") | R88: 報償費 | S88: =IF('1_採択区分・推計パターン選択'!$D$4='（計算用1）'!$Q$60,'2_文化資源'!H32,0) -> 0
F89: 宿泊費 | G89: =IF('1_採択区分・推計パターン選択'!$D$5="パターン②",IF('3_パターン②'!$E$5="","",VLOOKUP('3_パターン②'!$E$5,'（消費内訳）'!$B$6:$R$53,12,FALSE)),0) -> 0 | I89: 宿泊費 | J89: =IF('1_採択区分・推計パターン選択'!$D$5="パターン②",C$88*$G89/SUM($G$88:$G$94),"") | K89: =IF('1_採択区分・推計パターン選択'!$D$5="パターン②",D$88*$G89/SUM($G$88:$G$94),"") | R89: 雑役務費 | S89: =IF('1_採択区分・推計パターン選択'!$D$4='（計算用1）'!$Q$60,'2_文化資源'!H33,0) -> 0
F90: 飲食費 | G90: =IF('1_採択区分・推計パターン選択'!$D$5="パターン②",IF('3_パターン②'!$E$5="","",VLOOKUP('3_パターン②'!$E$5,'（消費内訳）'!$B$6:$R$53,13,FALSE)),0) -> 0 | I90: 飲食費 | J90: =IF('1_採択区分・推計パターン選択'!$D$5="パターン②",C$88*$G90/SUM($G$88:$G$94),"") | K90: =IF('1_採択区分・推計パターン選択'!$D$5="パターン②",D$88*$G90/SUM($G$88:$G$94),"") | R90: 消耗品費 | S90: =IF('1_採択区分・推計パターン選択'!$D$4='（計算用1）'!$Q$60,'2_文化資源'!H34,0) -> 0
F91: 交通費 | G91: =IF('1_採択区分・推計パターン選択'!$D$5="パターン②",IF('3_パターン②'!$E$5="","",VLOOKUP('3_パターン②'!$E$5,'（消費内訳）'!$B$6:$R$53,14,FALSE)),0) -> 0 | I91: 交通費 | J91: =IF('1_採択区分・推計パターン選択'!$D$5="パターン②",C$88*$G91/SUM($G$88:$G$94),"") | K91: =IF('1_採択区分・推計パターン選択'!$D$5="パターン②",D$88*$G91/SUM($G$88:$G$94),"") | R91: 通信費 | S91: =IF('1_採択区分・推計パターン選択'!$D$4='（計算用1）'!$Q$60,'2_文化資源'!H35,0) -> 0
F92: 娯楽等サービス費 | G92: =IF('1_採択区分・推計パターン選択'!$D$5="パターン②",IF('3_パターン②'!$E$5="","",VLOOKUP('3_パターン②'!$E$5,'（消費内訳）'!$B$6:$R$53,15,FALSE)),0) -> 0 | I92: 娯楽等サービス費 | J92: =IF('1_採択区分・推計パターン選択'!$D$5="パターン②",C$88*$G92/SUM($G$88:$G$94),"") | K92: =IF('1_採択区分・推計パターン選択'!$D$5="パターン②",D$88*$G92/SUM($G$88:$G$94),"") | R92: 会議費 | S92: =IF('1_採択区分・推計パターン選択'!$D$4='（計算用1）'!$Q$60,'2_文化資源'!H36,0) -> 0
F93: 買物代 | G93: =IF('1_採択区分・推計パターン選択'!$D$5="パターン②",IF('3_パターン②'!$E$5="","",VLOOKUP('3_パターン②'!$E$5,'（消費内訳）'!$B$6:$R$53,16,FALSE)),0) -> 0 | I93: 買物代 | J93: =IF('1_採択区分・推計パターン選択'!$D$5="パターン②",C$88*$G93/SUM($G$88:$G$94),"") | K93: =IF('1_採択区分・推計パターン選択'!$D$5="パターン②",D$88*$G93/SUM($G$88:$G$94),"") | R93: その他 | S93: =IF('1_採択区分・推計パターン選択'!$D$4='（計算用1）'!$Q$60,'2_文化資源'!H37,0) -> 0
F94: その他 | G94: =IF('1_採択区分・推計パターン選択'!$D$5="パターン②",IF('3_パターン②'!$E$5="","",VLOOKUP('3_パターン②'!$E$5,'（消費内訳）'!$B$6:$R$53,17,FALSE)),0) -> 0 | I94: その他 | J94: =IF('1_採択区分・推計パターン選択'!$D$5="パターン②",C$88*$G94/SUM($G$88:$G$94),"") | K94: =IF('1_採択区分・推計パターン選択'!$D$5="パターン②",D$88*$G94/SUM($G$88:$G$94),"") | R94: 委託費・補助金 | S94: =IF('1_採択区分・推計パターン選択'!$D$4='（計算用1）'!$Q$60,'2_文化資源'!H38,0) -> 0
B96: ■合計額 | Q96: 国際的文化フェスティバル展開推進事業
B97: 日本人 | C97: 県内 | E97: 県外 | G97: 合計 | Q97: 補助対象経費 | R97: 出演費 | S97: =IF('1_採択区分・推計パターン選択'!$D$4='（計算用1）'!$Q$96,'2_国際フェスティバル'!H5,0) -> 0 | U97: 出演費 | V97: =S97+S113 -> 0 | W97: →→→→→→ | X97: 出演費 | Y97: =IF(V97=0,0,V97+$V$113*V97/SUM($V$97:$V$112)) -> 0 | Z97: ………………… | AA97: 対事業所サービス | AB97: →→→→→→ | AC97: 運輸・郵便 | AD97: =SUMIF($AA$97:$AA$112,AC97,$Y$97:$Y$112) -> 0
C98: 宿泊 | D98: 日帰り | E98: 宿泊 | F98: 日帰り | R98: 音楽費 | S98: =IF('1_採択区分・推計パターン選択'!$D$4='（計算用1）'!$Q$96,'2_国際フェスティバル'!H6,0) -> 0 | U98: 音楽費 | V98: =S98+S114 -> 0 | X98: 音楽費 | Y98: =IF(V98=0,0,V98+$V$113*V98/SUM($V$97:$V$112)) -> 0 | Z98: ………………… | AA98: 対事業所サービス | AC98: 金融・保険 | AD98: =SUMIF($AA$97:$AA$112,AC98,$Y$97:$Y$112) -> 0
B99: 団体・パックツアー料金 | C99: =IF('1_採択区分・推計パターン選択'!$D$5="パターン②",B$68*L78,0) -> 0 | D99: =IF('1_採択区分・推計パターン選択'!$D$5="パターン②",C$68*M78,0) -> 0 | E99: =IF('1_採択区分・推計パターン選択'!$D$5="パターン②",D$68*N78,0) -> 0 | F99: =IF('1_採択区分・推計パターン選択'!$D$5="パターン②",E$68*O78,0) -> 0 | G99: =SUM(C99:F99) -> 0 | R99: 文芸費 | S99: =IF('1_採択区分・推計パターン選択'!$D$4='（計算用1）'!$Q$96,'2_国際フェスティバル'!H7,0) -> 0 | U99: 文芸費 | V99: =S99+S115 -> 0 | X99: 文芸費 | Y99: =IF(V99=0,0,V99+$V$113*V99/SUM($V$97:$V$112)) -> 0 | Z99: ………………… | AA99: 対事業所サービス | AC99: 雇用者所得 | AD99: =SUMIF($AA$97:$AA$112,AC99,$Y$97:$Y$112) -> 0
B100: 宿泊費 | C100: =IF('1_採択区分・推計パターン選択'!$D$5="パターン②",B$68*L79,0) -> 0 | D100: =IF('1_採択区分・推計パターン選択'!$D$5="パターン②",C$68*M79,0) -> 0 | E100: =IF('1_採択区分・推計パターン選択'!$D$5="パターン②",D$68*N79,0) -> 0 | F100: =IF('1_採択区分・推計パターン選択'!$D$5="パターン②",E$68*O79,0) -> 0 | G100: =SUM(C100:F100) -> 0 | R100: 舞台費 | S100: =IF('1_採択区分・推計パターン選択'!$D$4='（計算用1）'!$Q$96,'2_国際フェスティバル'!H8,0) -> 0 | U100: 舞台費 | V100: =S100+S116 -> 0 | X100: 舞台費 | Y100: =IF(V100=0,0,V100+$V$113*V100/SUM($V$97:$V$112)) -> 0 | Z100: ………………… | AA100: 対事業所サービス | AC100: 商業 | AD100: =SUMIF($AA$97:$AA$112,AC100,$Y$97:$Y$112) -> 0
B101: 飲食費 | C101: =IF('1_採択区分・推計パターン選択'!$D$5="パターン②",B$68*L80,0) -> 0 | D101: =IF('1_採択区分・推計パターン選択'!$D$5="パターン②",C$68*M80,0) -> 0 | E101: =IF('1_採択区分・推計パターン選択'!$D$5="パターン②",D$68*N80,0) -> 0 | F101: =IF('1_採択区分・推計パターン選択'!$D$5="パターン②",E$68*O80,0) -> 0 | G101: =SUM(C101:F101) -> 0 | R101: 作品借料 | S101: =IF('1_採択区分・推計パターン選択'!$D$4='（計算用1）'!$Q$96,'2_国際フェスティバル'!H9,0) -> 0 | U101: 作品借料 | V101: =S101+S117 -> 0 | X101: 作品借料 | Y101: =IF(V101=0,0,V101+$V$113*V101/SUM($V$97:$V$112)) -> 0 | Z101: ………………… | AA101: 対事業所サービス | AC101: その他の製造工業製品 | AD101: =SUMIF($AA$97:$AA$112,AC101,$Y$97:$Y$112) -> 0
B102: 交通費 | C102: =IF('1_採択区分・推計パターン選択'!$D$5="パターン②",B$68*L81,0) -> 0 | D102: =IF('1_採択区分・推計パターン選択'!$D$5="パターン②",C$68*M81,0) -> 0 | E102: =IF('1_採択区分・推計パターン選択'!$D$5="パターン②",D$68*N81,0) -> 0 | F102: =IF('1_採択区分・推計パターン選択'!$D$5="パターン②",E$68*O81,0) -> 0 | G102: =SUM(C102:F102) -> 0 | R102: 上映費 | S102: =IF('1_採択区分・推計パターン選択'!$D$4='（計算用1）'!$Q$96,'2_国際フェスティバル'!H10,0) -> 0 | U102: 上映費 | V102: =S102+S118 -> 0 | X102: 上映費 | Y102: =IF(V102=0,0,V102+$V$113*V102/SUM($V$97:$V$112)) -> 0 | Z102: ………………… | AA102: 対事業所サービス | AC102: 対事業所サービス | AD102: =SUMIF($AA$97:$AA$112,AC102,$Y$97:$Y$112) -> 0
...

Sheet （計算用2）
B3: 37分類 | D3: 集計（千円） | G3: マージン率 | I3: マージン額 | M3: 新規需要増加額（千円） | P3: 国内自給率 | Q3: 直接効果（千円） | T3: 生産誘発額（直接効果＋一次波及効果）（千円） | W3: 一次波及効果（千円） | Z3: 雇用者所得投入係数 | AA3: 雇用者所得誘発額（千円） | AB3: 民間消費支出増加額（千円） | AC3: 需要増加額（千円） | AD3: 二次波及効果（生産誘発額）（千円） | AE3: 直接効果＋二次・二次波及効果合計（千円）
D4: 主催者支出 | E4: 来場者消費 | F4: 計 | G4: 商業 | H4: 運輸 | I4: 主催者支出 | K4: 来場者消費 | M4: 主催者支出 | N4: 来場者消費 | O4: 計 | Q4: 主催者支出 | R4: 来場者消費 | S4: 計 | T4: 主催者支出 | U4: 来場者消費 | V4: 計 | W4: 主催者支出 | X4: 来場者消費 | Y4: 計
I5: 商業 | J5: 運輸 | K5: 商業 | L5: 運輸
B6: 01 | C6: 農林漁業 | D6: =SUMIF('（計算用1）'!$Q$145:$Q$152,'（計算用2）'!C6,'（計算用1）'!$R$145:$R$152)/1000 -> 0 | E6: =SUMIF('（計算用1）'!$M$188:$M$196,'（計算用2）'!C6,'（計算用1）'!$N$188:$N$196)/1000 -> 0 | F6: =D6+E6 -> 0 | G6: 0.44877 | H6: 0.03491 | I6: =$D6*G6 -> 0 | J6: =$D6*H6 -> 0 | K6: =$E6*G6 -> 0 | L6: =$E6*H6 -> 0 | M6: =D6-SUM(I6:J6) -> 0 | N6: =E6-SUM(K6:L6) -> 0 | O6: =M6+N6 -> 0 | P6: ='（取引基本表）'!BH4 -> 0.81980907 | Q6: =M6*$P6 -> 0 | R6: =N6*$P6 -> 0 | S6: =Q6+R6 -> 0 | T6: {=MMULT('（逆行列関数表）'!C4:AM40,Q6:Q42)} -> 0 | U6: {=MMULT('（逆行列関数表）'!C4:AM40,R6:R42)} -> #DIV/0! | V6: =T6+U6 -> #DIV/0! | W6: =T6-Q6 -> 0 | X6: =U6-R6 -> #DIV/0! | Y6: =W6+X6 -> #DIV/0! | Z6: {=TRANSPOSE('（取引基本表）'!C51:AM51)} -> 0.11591983 | AA6: =(Q6+R6)*$Z6 -> 0 | AB6: ='（取引基本表）'!AP4/SUM('（取引基本表）'!$AP$4:$AP$40)*$AH$49 -> #DIV/0! | AC6: =AB6*$P6 -> #DIV/0! | AD6: {=MMULT('（逆行列関数表）'!C4:AM40,AC$6:AC$42)} -> #DIV/0! | AE6: =T6+U6+AD6 -> #DIV/0!
B7: 06 | C7: 鉱業 | D7: =SUMIF('（計算用1）'!$Q$145:$Q$152,'（計算用2）'!C7,'（計算用1）'!$R$145:$R$152)/1000 -> 0 | E7: =SUMIF('（計算用1）'!$M$188:$M$196,'（計算用2）'!C7,'（計算用1）'!$N$188:$N$196)/1000 -> 0 | F7: =D7+E7 -> 0 | G7: 0.83044 | H7: 0.03854 | I7: =$D7*G7 -> 0 | J7: =$D7*H7 -> 0 | K7: =$E7*G7 -> 0 | L7: =$E7*H7 -> 0 | M7: =D7-SUM(I7:J7) -> 0 | N7: =E7-SUM(K7:L7) -> 0 | O7: =M7+N7 -> 0 | P7: ='（取引基本表）'!BH5 -> 0.038056184 | Q7: =M7*$P7 -> 0 | R7: =N7*$P7 -> 0 | S7: =Q7+R7 -> 0 | T7: 0 | U7: #DIV/0! | V7: =T7+U7 -> #DIV/0! | W7: =T7-Q7 -> 0 | X7: =U7-R7 -> #DIV/0! | Y7: =W7+X7 -> #DIV/0! | Z7: 0.20524817 | AA7: =(Q7+R7)*$Z7 -> 0 | AB7: ='（取引基本表）'!AP5/SUM('（取引基本表）'!$AP$4:$AP$40)*$AH$49 -> #DIV/0! | AC7: =AB7*$P7 -> #DIV/0! | AD7: #DIV/0! | AE7: =T7+U7+AD7 -> #DIV/0!
B8: 11 | C8: 飲食料品 | D8: =SUMIF('（計算用1）'!$Q$145:$Q$152,'（計算用2）'!C8,'（計算用1）'!$R$145:$R$152)/1000 -> 0 | E8: =SUMIF('（計算用1）'!$M$188:$M$196,'（計算用2）'!C8,'（計算用1）'!$N$188:$N$196)/1000 -> 0 | F8: =D8+E8 -> 0 | G8: 0.37599 | H8: 0.02574 | I8: =$D8*G8 -> 0 | J8: =$D8*H8 -> 0 | K8: =$E8*G8 -> 0 | L8: =$E8*H8 -> 0 | M8: =D8-SUM(I8:J8) -> 0 | N8: =E8-SUM(K8:L8) -> 0 | O8: =M8+N8 -> 0 | P8: ='（取引基本表）'!BH6 -> 0.82826719 | Q8: =M8*$P8 -> 0 | R8: =N8*$P8 -> 0 | S8: =Q8+R8 -> 0 | T8: 0 | U8: #DIV/0! | V8: =T8+U8 -> #DIV/0! | W8: =T8-Q8 -> 0 | X8: =U8-R8 -> #DIV/0! | Y8: =W8+X8 -> #DIV/0! | Z8: 0.13096179 | AA8: =(Q8+R8)*$Z8 -> 0 | AB8: ='（取引基本表）'!AP6/SUM('（取引基本表）'!$AP$4:$AP$40)*$AH$49 -> #DIV/0! | AC8: =AB8*$P8 -> #DIV/0! | AD8: #DIV/0! | AE8: =T8+U8+AD8 -> #DIV/0!
B9: 15 | C9: 繊維製品 | D9: =SUMIF('（計算用1）'!$Q$145:$Q$152,'（計算用2）'!C9,'（計算用1）'!$R$145:$R$152)/1000 -> 0 | E9: =SUMIF('（計算用1）'!$M$188:$M$196,'（計算用2）'!C9,'（計算用1）'!$N$188:$N$196)/1000 -> 0 | F9: =D9+E9 -> 0 | G9: 0.5592 | H9: 0.02103 | I9: =$D9*G9 -> 0 | J9: =$D9*H9 -> 0 | K9: =$E9*G9 -> 0 | L9: =$E9*H9 -> 0 | M9: =D9-SUM(I9:J9) -> 0 | N9: =E9-SUM(K9:L9) -> 0 | O9: =M9+N9 -> 0 | P9: ='（取引基本表）'!BH7 -> 0.36306457 | Q9: =M9*$P9 -> 0 | R9: =N9*$P9 -> 0 | S9: =Q9+R9 -> 0 | T9: 0 | U9: #DIV/0! | V9: =T9+U9 -> #DIV/0! | W9: =T9-Q9 -> 0 | X9: =U9-R9 -> #DIV/0! | Y9: =W9+X9 -> #DIV/0! | Z9: 0.25378611 | AA9: =(Q9+R9)*$Z9 -> 0 | AB9: ='（取引基本表）'!AP7/SUM('（取引基本表）'!$AP$4:$AP$40)*$AH$49 -> #DIV/0! | AC9: =AB9*$P9 -> #DIV/0! | AD9: #DIV/0! | AE9: =T9+U9+AD9 -> #DIV/0!
B10: 16 | C10: パルプ・紙・木製品 | D10: =SUMIF('（計算用1）'!$Q$145:$Q$152,'（計算用2）'!C10,'（計算用1）'!$R$145:$R$152)/1000 -> 0 | E10: =SUMIF('（計算用1）'!$M$188:$M$196,'（計算用2）'!C10,'（計算用1）'!$N$188:$N$196)/1000 -> 0 | F10: =D10+E10 -> 0 | G10: 0.5772 | H10: 0.03158 | I10: =$D10*G10 -> 0 | J10: =$D10*H10 -> 0 | K10: =$E10*G10 -> 0 | L10: =$E10*H10 -> 0 | M10: =D10-SUM(I10:J10) -> 0 | N10: =E10-SUM(K10:L10) -> 0 | O10: =M10+N10 -> 0 | P10: ='（取引基本表）'!BH8 -> 0.81574676 | Q10: =M10*$P10 -> 0 | R10: =N10*$P10 -> 0 | S10: =Q10+R10 -> 0 | T10: 0 | U10: #DIV/0! | V10: =T10+U10 -> #DIV/0! | W10: =T10-Q10 -> 0 | X10: =U10-R10 -> #DIV/0! | Y10: =W10+X10 -> #DIV/0! | Z10: 0.16585909 | AA10: =(Q10+R10)*$Z10 -> 0 | AB10: ='（取引基本表）'!AP8/SUM('（取引基本表）'!$AP$4:$AP$40)*$AH$49 -> #DIV/0! | AC10: =AB10*$P10 -> #DIV/0! | AD10: #DIV/0! | AE10: =T10+U10+AD10 -> #DIV/0!
B11: 20 | C11: 化学製品 | D11: =SUMIF('（計算用1）'!$Q$145:$Q$152,'（計算用2）'!C11,'（計算用1）'!$R$145:$R$152)/1000 -> 0 | E11: =SUMIF('（計算用1）'!$M$188:$M$196,'（計算用2）'!C11,'（計算用1）'!$N$188:$N$196)/1000 -> 0 | F11: =D11+E11 -> 0 | G11: 0.55248 | H11: 0.01146 | I11: =$D11*G11 -> 0 | J11: =$D11*H11 -> 0 | K11: =$E11*G11 -> 0 | L11: =$E11*H11 -> 0 | M11: =D11-SUM(I11:J11) -> 0 | N11: =E11-SUM(K11:L11) -> 0 | O11: =M11+N11 -> 0 | P11: ='（取引基本表）'!BH9 -> 0.7370605 | Q11: =M11*$P11 -> 0 | R11: =N11*$P11 -> 0 | S11: =Q11+R11 -> 0 | T11: 0 | U11: #DIV/0! | V11: =T11+U11 -> #DIV/0! | W11: =T11-Q11 -> 0 | X11: =U11-R11 -> #DIV/0! | Y11: =W11+X11 -> #DIV/0! | Z11: 0.089168782 | AA11: =(Q11+R11)*$Z11 -> 0 | AB11: ='（取引基本表）'!AP9/SUM('（取引基本表）'!$AP$4:$AP$40)*$AH$49 -> #DIV/0! | AC11: =AB11*$P11 -> #DIV/0! | AD11: #DIV/0! | AE11: =T11+U11+AD11 -> #DIV/0!
B12: 21 | C12: 石油・石炭製品 | D12: =SUMIF('（計算用1）'!$Q$145:$Q$152,'（計算用2）'!C12,'（計算用1）'!$R$145:$R$152)/1000 -> 0 | E12: =SUMIF('（計算用1）'!$M$188:$M$196,'（計算用2）'!C12,'（計算用1）'!$N$188:$N$196)/1000 -> 0 | F12: =D12+E12 -> 0 | G12: 0.33852 | H12: 0.01569 | I12: =$D12*G12 -> 0 | J12: =$D12*H12 -> 0 | K12: =$E12*G12 -> 0 | L12: =$E12*H12 -> 0 | M12: =D12-SUM(I12:J12) -> 0 | N12: =E12-SUM(K12:L12) -> 0 | O12: =M12+N12 -> 0 | P12: ='（取引基本表）'!BH10 -> 0.82116749 | Q12: =M12*$P12 -> 0 | R12: =N12*$P12 -> 0 | S12: =Q12+R12 -> 0 | T12: 0 | U12: #DIV/0! | V12: =T12+U12 -> #DIV/0! | W12: =T12-Q12 -> 0 | X12: =U12-R12 -> #DIV/0! | Y12: =W12+X12 -> #DIV/0! | Z12: 0.011611969 | AA12: =(Q12+R12)*$Z12 -> 0 | AB12: ='（取引基本表）'!AP10/SUM('（取引基本表）'!$AP$4:$AP$40)*$AH$49 -> #DIV/0! | AC12: =AB12*$P12 -> #DIV/0! | AD12: #DIV/0! | AE12: =T12+U12+AD12 -> #DIV/0!
B13: 22 | C13: プラスチック・ゴム製品 | D13: =SUMIF('（計算用1）'!$Q$145:$Q$152,'（計算用2）'!C13,'（計算用1）'!$R$145:$R$152)/1000 -> 0 | E13: =SUMIF('（計算用1）'!$M$188:$M$196,'（計算用2）'!C13,'（計算用1）'!$N$188:$N$196)/1000 -> 0 | F13: =D13+E13 -> 0 | G13: 0.52327 | H13: 0.03813 | I13: =$D13*G13 -> 0 | J13: =$D13*H13 -> 0 | K13: =$E13*G13 -> 0 | L13: =$E13*H13 -> 0 | M13: =D13-SUM(I13:J13) -> 0 | N13: =E13-SUM(K13:L13) -> 0 | O13: =M13+N13 -> 0 | P13: ='（取引基本表）'!BH11 -> 0.85520788 | Q13: =M13*$P13 -> 0 | R13: =N13*$P13 -> 0 | S13: =Q13+R13 -> 0 | T13: 0 | U13: #DIV/0! | V13: =T13+U13 -> #DIV/0! | W13: =T13-Q13 -> 0 | X13: =U13-R13 -> #DIV/0! | Y13: =W13+X13 -> #DIV/0! | Z13: 0.22507058 | AA13: =(Q13+R13)*$Z13 -> 0 | AB13: ='（取引基本表）'!AP11/SUM('（取引基本表）'!$AP$4:$AP$40)*$AH$49 -> #DIV/0! | AC13: =AB13*$P13 -> #DIV/0! | AD13: #DIV/0! | AE13: =T13+U13+AD13 -> #DIV/0!
B14: 25 | C14: 窯業・土石製品 | D14: =SUMIF('（計算用1）'!$Q$145:$Q$152,'（計算用2）'!C14,'（計算用1）'!$R$145:$R$152)/1000 -> 0 | E14: =SUMIF('（計算用1）'!$M$188:$M$196,'（計算用2）'!C14,'（計算用1）'!$N$188:$N$196)/1000 -> 0 | F14: =D14+E14 -> 0 | G14: 0.5527 | H14: 0.02437 | I14: =$D14*G14 -> 0 | J14: =$D14*H14 -> 0 | K14: =$E14*G14 -> 0 | L14: =$E14*H14 -> 0 | M14: =D14-SUM(I14:J14) -> 0 | N14: =E14-SUM(K14:L14) -> 0 | O14: =M14+N14 -> 0 | P14: ='（取引基本表）'!BH12 -> 0.87904044 | Q14: =M14*$P14 -> 0 | R14: =N14*$P14 -> 0 | S14: =Q14+R14 -> 0 | T14: 0 | U14: #DIV/0! | V14: =T14+U14 -> #DIV/0! | W14: =T14-Q14 -> 0 | X14: =U14-R14 -> #DIV/0! | Y14: =W14+X14 -> #DIV/0! | Z14: 0.22437359 | AA14: =(Q14+R14)*$Z14 -> 0 | AB14: ='（取引基本表）'!AP12/SUM('（取引基本表）'!$AP$4:$AP$40)*$AH$49 -> #DIV/0! | AC14: =AB14*$P14 -> #DIV/0! | AD14: #DIV/0! | AE14: =T14+U14+AD14 -> #DIV/0!
B15: 26 | C15: 鉄鋼 | D15: =SUMIF('（計算用1）'!$Q$145:$Q$152,'（計算用2）'!C15,'（計算用1）'!$R$145:$R$152)/1000 -> 0 | E15: =SUMIF('（計算用1）'!$M$188:$M$196,'（計算用2）'!C15,'（計算用1）'!$N$188:$N$196)/1000 -> 0 | F15: =D15+E15 -> 0 | G15: 0.3871 | H15: 0.01613 | I15: =$D15*G15 -> 0 | J15: =$D15*H15 -> 0 | K15: =$E15*G15 -> 0 | L15: =$E15*H15 -> 0 | M15: =D15-SUM(I15:J15) -> 0 | N15: =E15-SUM(K15:L15) -> 0 | O15: =M15+N15 -> 0 | P15: ='（取引基本表）'!BH13 -> 0.95786172 | Q15: =M15*$P15 -> 0 | R15: =N15*$P15 -> 0 | S15: =Q15+R15 -> 0 | T15: 0 | U15: #DIV/0! | V15: =T15+U15 -> #DIV/0! | W15: =T15-Q15 -> 0 | X15: =U15-R15 -> #DIV/0! | Y15: =W15+X15 -> #DIV/0! | Z15: 0.059997904 | AA15: =(Q15+R15)*$Z15 -> 0 | AB15: ='（取引基本表）'!AP13/SUM('（取引基本表）'!$AP$4:$AP$40)*$AH$49 -> #DIV/0! | AC15: =AB15*$P15 -> #DIV/0! | AD15: #DIV/0! | AE15: =T15+U15+AD15 -> #DIV/0!
B16: 27 | C16: 非鉄金属 | D16: =SUMIF('（計算用1）'!$Q$145:$Q$152,'（計算用2）'!C16,'（計算用1）'!$R$145:$R$152)/1000 -> 0 | E16: =SUMIF('（計算用1）'!$M$188:$M$196,'（計算用2）'!C16,'（計算用1）'!$N$188:$N$196)/1000 -> 0 | F16: =D16+E16 -> 0 | G16: 0.57617 | H16: 0.01626 | I16: =$D16*G16 -> 0 | J16: =$D16*H16 -> 0 | K16: =$E16*G16 -> 0 | L16: =$E16*H16 -> 0 | M16: =D16-SUM(I16:J16) -> 0 | N16: =E16-SUM(K16:L16) -> 0 | O16: =M16+N16 -> 0 | P16: ='（取引基本表）'!BH14 -> 0.63703387 | Q16: =M16*$P16 -> 0 | R16: =N16*$P16 -> 0 | S16: =Q16+R16 -> 0 | T16: 0 | U16: #DIV/0! | V16: =T16+U16 -> #DIV/0! | W16: =T16-Q16 -> 0 | X16: =U16-R16 -> #DIV/0! | Y16: =W16+X16 -> #DIV/0! | Z16: 0.10089768 | AA16: =(Q16+R16)*$Z16 -> 0 | AB16: ='（取引基本表）'!AP14/SUM('（取引基本表）'!$AP$4:$AP$40)*$AH$49 -> #DIV/0! | AC16: =AB16*$P16 -> #DIV/0! | AD16: #DIV/0! | AE16: =T16+U16+AD16 -> #DIV/0!
B17: 28 | C17: 金属製品 | D17: =SUMIF('（計算用1）'!$Q$145:$Q$152,'（計算用2）'!C17,'（計算用1）'!$R$145:$R$152)/1000 -> 0 | E17: =SUMIF('（計算用1）'!$M$188:$M$196,'（計算用2）'!C17,'（計算用1）'!$N$188:$N$196)/1000 -> 0 | F17: =D17+E17 -> 0 | G17: 0.53365 | H17: 0.01858 | I17: =$D17*G17 -> 0 | J17: =$D17*H17 -> 0 | K17: =$E17*G17 -> 0 | L17: =$E17*H17 -> 0 | M17: =D17-SUM(I17:J17) -> 0 | N17: =E17-SUM(K17:L17) -> 0 | O17: =M17+N17 -> 0 | P17: ='（取引基本表）'!BH15 -> 0.8972742 | Q17: =M17*$P17 -> 0 | R17: =N17*$P17 -> 0 | S17: =Q17+R17 -> 0 | T17: 0 | U17: #DIV/0! | V17: =T17+U17 -> #DIV/0! | W17: =T17-Q17 -> 0 | X17: =U17-R17 -> #DIV/0! | Y17: =W17+X17 -> #DIV/0! | Z17: 0.28699281 | AA17: =(Q17+R17)*$Z17 -> 0 | AB17: ='（取引基本表）'!AP15/SUM('（取引基本表）'!$AP$4:$AP$40)*$AH$49 -> #DIV/0! | AC17: =AB17*$P17 -> #DIV/0! | AD17: #DIV/0! | AE17: =T17+U17+AD17 -> #DIV/0!
B18: 29 | C18: はん用機械 | D18: =SUMIF('（計算用1）'!$Q$145:$Q$152,'（計算用2）'!C18,'（計算用1）'!$R$145:$R$152)/1000 -> 0 | E18: =SUMIF('（計算用1）'!$M$188:$M$196,'（計算用2）'!C18,'（計算用1）'!$N$188:$N$196)/1000 -> 0 | F18: =D18+E18 -> 0 | G18: 0.50164 | H18: 0.00811 | I18: =$D18*G18 -> 0 | J18: =$D18*H18 -> 0 | K18: =$E18*G18 -> 0 | L18: =$E18*H18 -> 0 | M18: =D18-SUM(I18:J18) -> 0 | N18: =E18-SUM(K18:L18) -> 0 | O18: =M18+N18 -> 0 | P18: ='（取引基本表）'!BH16 -> 0.82159969 | Q18: =M18*$P18 -> 0 | R18: =N18*$P18 -> 0 | S18: =Q18+R18 -> 0 | T18: 0 | U18: #DIV/0! | V18: =T18+U18 -> #DIV/0! | W18: =T18-Q18 -> 0 | X18: =U18-R18 -> #DIV/0! | Y18: =W18+X18 -> #DIV/0! | Z18: 0.22912968 | AA18: =(Q18+R18)*$Z18 -> 0 | AB18: ='（取引基本表）'!AP16/SUM('（取引基本表）'!$AP$4:$AP$40)*$AH$49 -> #DIV/0! | AC18: =AB18*$P18 -> #DIV/0! | AD18: #DIV/0! | AE18: =T18+U18+AD18 -> #DIV/0!
... B29: 48 | C29: 廃棄物処理 | D29: =SUMIF('（計算用1）'!$Q$145:$Q$152,'（計算用2）'!C29,'（計算用1）'!$R$145:$R$152)/1000 -> 0 | E29: =SUMIF('（計算用1）'!$M$188:$M$196,'（計算用2）'!C29,'（計算用1）'!$N$188:$N$196)/1000 -> 0 | F29: =D29+E29 -> 0 | G29: 0 | H29: 0 | I29: =$D29*G29 -> 0 | J29: =$D29*H29 -> 0 | K29: =$E29*G29 -> 0 | L29: =$E29*H29 -> 0 | M29: =D29-SUM(I29:J29) -> 0 | N29: =E29-SUM(K29:L29) -> 0 | O29: =M29+N29 -> 0 | P29: ='（取引基本表）'!BH27 -> 0.99993747 | Q29: =M29*$P29 -> 0 | R29: =N29*$P29 -> 0 | S29: =Q29+R29 -> 0 | T29: 0 | U29: #DIV/0! | V29: =T29+U29 -> #DIV/0! | W29: =T29-Q29 -> 0 | X29: =U29-R29 -> #DIV/0! | Y29: =W29+X29 -> #DIV/0! | Z29: 0.4802592 | AA29: =(Q29+R29)*$Z29 -> 0 | AB29: ='（取引基本表）'!AP27/SUM('（取引基本表）'!$AP$4:$AP$40)*$AH$49 -> #DIV/0! | AC29: =AB29*$P29 -> #DIV/0! | AD29: #DIV/0! | AE29: =T29+U29+AD29 -> #DIV/0!
B30: 51 | C30: 商業 | D30: =SUMIF('（計算用1）'!$Q$145:$Q$152,'（計算用2）'!C30,'（計算用1）'!$R$145:$R$152)/1000 -> 0 | E30: =SUMIF('（計算用1）'!$M$188:$M$196,'（計算用2）'!C30,'（計算用1）'!$N$188:$N$196)/1000 -> 0 | F30: =D30+E30 -> 0 | G30: 0 | H30: 0 | I30: =$D30*G30 -> 0 | J30: =$D30*H30 -> 0 | K30: =$E30*G30 -> 0 | L30: =$E30*H30 -> 0 | M30: =D30-SUM(I30:J30)+I43 -> 0 | N30: =E30-SUM(K30:L30)+K43 -> #DIV/0! | O30: =M30+N30 -> #DIV/0! | P30: ='（取引基本表）'!BH28 -> 0.99789429 | Q30: =M30*$P30 -> 0 | R30: =N30*$P30 -> #DIV/0! | S30: =Q30+R30 -> #DIV/0! | T30: 0 | U30: #DIV/0! | V30: =T30+U30 -> #DIV/0! | W30: =T30-Q30 -> 0 | X30: =U30-R30 -> #DIV/0! | Y30: =W30+X30 -> #DIV/0! | Z30: 0.38980714 | AA30: =(Q30+R30)*$Z30 -> #DIV/0! | AB30: ='（取引基本表）'!AP28/SUM('（取引基本表）'!$AP$4:$AP$40)*$AH$49 -> #DIV/0! | AC30: =AB30*$P30 -> #DIV/0! | AD30: #DIV/0! | AE30: =T30+U30+AD30 -> #DIV/0!
B31: 53 | C31: 金融・保険 | D31: =SUMIF('（計算用1）'!$Q$145:$Q$152,'（計算用2）'!C31,'（計算用1）'!$R$145:$R$152)/1000 -> 0 | E31: =SUMIF('（計算用1）'!$M$188:$M$196,'（計算用2）'!C31,'（計算用1）'!$N$188:$N$196)/1000 -> 0 | F31: =D31+E31 -> 0 | G31: 0 | H31: 0 | I31: =$D31*G31 -> 0 | J31: =$D31*H31 -> 0 | K31: =$E31*G31 -> 0 | L31: =$E31*H31 -> 0 | M31: =D31-SUM(I31:J31) -> 0 | N31: =E31-SUM(K31:L31) -> 0 | O31: =M31+N31 -> 0 | P31: ='（取引基本表）'!BH29 -> 0.960134 | Q31: =M31*$P31 -> 0 | R31: =N31*$P31 -> 0 | S31: =Q31+R31 -> 0 | T31: 0 | U31: #DIV/0! | V31: =T31+U31 -> #DIV/0! | W31: =T31-Q31 -> 0 | X31: =U31-R31 -> #DIV/0! | Y31: =W31+X31 -> #DIV/0! | Z31: 0.31206139 | AA31: =(Q31+R31)*$Z31 -> 0 | AB31: ='（取引基本表）'!AP29/SUM('（取引基本表）'!$AP$4:$AP$40)*$AH$49 -> #DIV/0! | AC31: =AB31*$P31 -> #DIV/0! | AD31: #DIV/0! | AE31: =T31+U31+AD31 -> #DIV/0!
B32: 55 | C32: 不動産 | D32: =SUMIF('（計算用1）'!$Q$145:$Q$152,'（計算用2）'!C32,'（計算用1）'!$R$145:$R$152)/1000 -> 0 | E32: =SUMIF('（計算用1）'!$M$188:$M$196,'（計算用2）'!C32,'（計算用1）'!$N$188:$N$196)/1000 -> 0 | F32: =D32+E32 -> 0 | G32: 0 | H32: 0 | I32: =$D32*G32 -> 0 | J32: =$D32*H32 -> 0 | K32: =$E32*G32 -> 0 | L32: =$E32*H32 -> 0 | M32: =D32-SUM(I32:J32) -> 0 | N32: =E32-SUM(K32:L32) -> 0 | O32: =M32+N32 -> 0 | P32: ='（取引基本表）'!BH30 -> 0.99997785 | Q32: =M32*$P32 -> 0 | R32: =N32*$P32 -> 0 | S32: =Q32+R32 -> 0 | T32: 0 | U32: #DIV/0! | V32: =T32+U32 -> #DIV/0! | W32: =T32-Q32 -> 0 | X32: =U32-R32 -> #DIV/0! | Y32: =W32+X32 -> #DIV/0! | Z32: 0.05787743 | AA32: =(Q32+R32)*$Z32 -> 0 | AB32: ='（取引基本表）'!AP30/SUM('（取引基本表）'!$AP$4:$AP$40)*$AH$49 -> #DIV/0! | AC32: =AB32*$P32 -> #DIV/0! | AD32: #DIV/0! | AE32: =T32+U32+AD32 -> #DIV/0!
B33: 57 | C33: 運輸・郵便 | D33: =SUMIF('（計算用1）'!$Q$145:$Q$152,'（計算用2）'!C33,'（計算用1）'!$R$145:$R$152)/1000 -> 0 | E33: =SUMIF('（計算用1）'!$M$188:$M$196,'（計算用2）'!C33,'（計算用1）'!$N$188:$N$196)/1000 -> #DIV/0! | F33: =D33+E33 -> #DIV/0! | G33: 0 | H33: 0 | I33: =$D33*G33 -> 0 | J33: =$D33*H33 -> 0 | K33: =$E33*G33 -> #DIV/0! | L33: =$E33*H33 -> #DIV/0! | M33: =D33-SUM(I33:J33)+J43 -> 0 | N33: =E33-SUM(K33:L33)+L43 -> #DIV/0! | O33: =M33+N33 -> #DIV/0! | P33: ='（取引基本表）'!BH31 -> 0.9296624 | Q33: =M33*$P33 -> 0 | R33: =N33*$P33 -> #DIV/0! | S33: =Q33+R33 -> #DIV/0! | T33: 0 | U33: #DIV/0! | V33: =T33+U33 -> #DIV/0! | W33: =T33-Q33 -> 0 | X33: =U33-R33 -> #DIV/0! | Y33: =W33+X33 -> #DIV/0! | Z33: 0.28331021 | AA33: =(Q33+R33)*$Z33 -> #DIV/0! | AB33: ='（取引基本表）'!AP31/SUM('（取引基本表）'!$AP$4:$AP$40)*$AH$49 -> #DIV/0! | AC33: =AB33*$P33 -> #DIV/0! | AD33: #DIV/0! | AE33: =T33+U33+AD33 -> #DIV/0!
B34: 59 | C34: 情報通信 | D34: =SUMIF('（計算用1）'!$Q$145:$Q$152,'（計算用2）'!C34,'（計算用1）'!$R$145:$R$152)/1000 -> 0 | E34: =SUMIF('（計算用1）'!$M$188:$M$196,'（計算用2）'!C34,'（計算用1）'!$N$188:$N$196)/1000 -> 0 | F34: =D34+E34 -> 0 | G34: 0.08483 | H34: 0.00586 | I34: =$D34*G34 -> 0 | J34: =$D34*H34 -> 0 | K34: =$E34*G34 -> 0 | L34: =$E34*H34 -> 0 | M34: =D34-SUM(I34:J34) -> 0 | N34: =E34-SUM(K34:L34) -> 0 | O34: =M34+N34 -> 0 | P34: ='（取引基本表）'!BH32 -> 0.95494802 | Q34: =M34*$P34 -> 0 | R34: =N34*$P34 -> 0 | S34: =Q34+R34 -> 0 | T34: 0 | U34: #DIV/0! | V34: =T34+U34 -> #DIV/0! | W34: =T34-Q34 -> 0 | X34: =U34-R34 -> #DIV/0! | Y34: =W34+X34 -> #DIV/0! | Z34: 0.21011199 | AA34: =(Q34+R34)*$Z34 -> 0 | AB34: ='（取引基本表）'!AP32/SUM('（取引基本表）'!$AP$4:$AP$40)*$AH$49 -> #DIV/0! | AC34: =AB34*$P34 -> #DIV/0! | AD34: #DIV/0! | AE34: =T34+U34+AD34 -> #DIV/0!
B35: 61 | C35: 公務 | D35: =SUMIF('（計算用1）'!$Q$145:$Q$152,'（計算用2）'!C35,'（計算用1）'!$R$145:$R$152)/1000 -> 0 | E35: =SUMIF('（計算用1）'!$M$188:$M$196,'（計算用2）'!C35,'（計算用1）'!$N$188:$N$196)/1000 -> 0 | F35: =D35+E35 -> 0 | G35: 0 | H35: 0 | I35: =$D35*G35 -> 0 | J35: =$D35*H35 -> 0 | K35: =$E35*G35 -> 0 | L35: =$E35*H35 -> 0 | M35: =D35-SUM(I35:J35) -> 0 | N35: =E35-SUM(K35:L35) -> 0 | O35: =M35+N35 -> 0 | P35: ='（取引基本表）'!BH33 -> 1 | Q35: =M35*$P35 -> 0 | R35: =N35*$P35 -> 0 | S35: =Q35+R35 -> 0 | T35: 0 | U35: #DIV/0! | V35: =T35+U35 -> #DIV/0! | W35: =T35-Q35 -> 0 | X35: =U35-R35 -> #DIV/0! | Y35: =W35+X35 -> #DIV/0! | Z35: 0.36044401 | AA35: =(Q35+R35)*$Z35 -> 0 | AB35: ='（取引基本表）'!AP33/SUM('（取引基本表）'!$AP$4:$AP$40)*$AH$49 -> #DIV/0! | AC35: =AB35*$P35 -> #DIV/0! | AD35: #DIV/0! | AE35: =T35+U35+AD35 -> #DIV/0!
B36: 63 | C36: 教育・研究 | D36: =SUMIF('（計算用1）'!$Q$145:$Q$152,'（計算用2）'!C36,'（計算用1）'!$R$145:$R$152)/1000 -> 0 | E36: =SUMIF('（計算用1）'!$M$188:$M$196,'（計算用2）'!C36,'（計算用1）'!$N$188:$N$196)/1000 -> 0 | F36: =D36+E36 -> 0 | G36: 0 | H36: 0 | I36: =$D36*G36 -> 0 | J36: =$D36*H36 -> 0 | K36: =$E36*G36 -> 0 | L36: =$E36*H36 -> 0 | M36: =D36-SUM(I36:J36) -> 0 | N36: =E36-SUM(K36:L36) -> 0 | O36: =M36+N36 -> 0 | P36: ='（取引基本表）'!BH34 -> 0.95449542 | Q36: =M36*$P36 -> 0 | R36: =N36*$P36 -> 0 | S36: =Q36+R36 -> 0 | T36: 0 | U36: #DIV/0! | V36: =T36+U36 -> #DIV/0! | W36: =T36-Q36 -> 0 | X36: =U36-R36 -> #DIV/0! | Y36: =W36+X36 -> #DIV/0! | Z36: 0.50809226 | AA36: =(Q36+R36)*$Z36 -> 0 | AB36: ='（取引基本表）'!AP34/SUM('（取引基本表）'!$AP$4:$AP$40)*$AH$49 -> #DIV/0! | AC36: =AB36*$P36 -> #DIV/0! | AD36: #DIV/0! | AE36: =T36+U36+AD36 -> #DIV/0!
B37: 64 | C37: 医療・福祉 | D37: =SUMIF('（計算用1）'!$Q$145:$Q$152,'（計算用2）'!C37,'（計算用1）'!$R$145:$R$152)/1000 -> 0 | E37: =SUMIF('（計算用1）'!$M$188:$M$196,'（計算用2）'!C37,'（計算用1）'!$N$188:$N$196)/1000 -> 0 | F37: =D37+E37 -> 0 | G37: 0 | H37: 0 | I37: =$D37*G37 -> 0 | J37: =$D37*H37 -> 0 | K37: =$E37*G37 -> 0 | L37: =$E37*H37 -> 0 | M37: =D37-SUM(I37:J37) -> 0 | N37: =E37-SUM(K37:L37) -> 0 | O37: =M37+N37 -> 0 | P37: ='（取引基本表）'!BH35 -> 0.9999472 | Q37: =M37*$P37 -> 0 | R37: =N37*$P37 -> 0 | S37: =Q37+R37 -> 0 | T37: 0 | U37: #DIV/0! | V37: =T37+U37 -> #DIV/0! | W37: =T37-Q37 -> 0 | X37: =U37-R37 -> #DIV/0! | Y37: =W37+X37 -> #DIV/0! | Z37: 0.5057254 | AA37: =(Q37+R37)*$Z37 -> 0 | AB37: ='（取引基本表）'!AP35/SUM('（取引基本表）'!$AP$4:$AP$40)*$AH$49 -> #DIV/0! | AC37: =AB37*$P37 -> #DIV/0! | AD37: #DIV/0! | AE37: =T37+U37+AD37 -> #DIV/0!
B38: 65 | C38: 他に分類されない会員制団体 | D38: =SUMIF('（計算用1）'!$Q$145:$Q$152,'（計算用2）'!C38,'（計算用1）'!$R$145:$R$152)/1000 -> 0 | E38: =SUMIF('（計算用1）'!$M$188:$M$196,'（計算用2）'!C38,'（計算用1）'!$N$188:$N$196)/1000 -> 0 | F38: =D38+E38 -> 0 | G38: 0 | H38: 0 | I38: =$D38*G38 -> 0 | J38: =$D38*H38 -> 0 | K38: =$E38*G38 -> 0 | L38: =$E38*H38 -> 0 | M38: =D38-SUM(I38:J38) -> 0 | N38: =E38-SUM(K38:L38) -> 0 | O38: =M38+N38 -> 0 | P38: ='（取引基本表）'!BH36 -> 0.9716402 | Q38: =M38*$P38 -> 0 | R38: =N38*$P38 -> 0 | S38: =Q38+R38 -> 0 | T38: 0 | U38: #DIV/0! | V38: =T38+U38 -> #DIV/0! | W38: =T38-Q38 -> 0 | X38: =U38-R38 -> #DIV/0! | Y38: =W38+X38 -> #DIV/0! | Z38: 0.4967028 | AA38: =(Q38+R38)*$Z38 -> 0 | AB38: ='（取引基本表）'!AP36/SUM('（取引基本表）'!$AP$4:$AP$40)*$AH$49 -> #DIV/0! | AC38: =AB38*$P38 -> #DIV/0! | AD38: #DIV/0! | AE38: =T38+U38+AD38 -> #DIV/0!
B39: 66 | C39: 対事業所サービス | D39: =SUMIF('（計算用1）'!$Q$145:$Q$152,'（計算用2）'!C39,'（計算用1）'!$R$145:$R$152)/1000 -> 0 | E39: =SUMIF('（計算用1）'!$M$188:$M$196,'（計算用2）'!C39,'（計算用1）'!$N$188:$N$196)/1000 -> 0 | F39: =D39+E39 -> 0 | G39: 0 | H39: 0 | I39: =$D39*G39 -> 0 | J39: =$D39*H39 -> 0 | K39: =$E39*G39 -> 0 | L39: =$E39*H39 -> 0 | M39: =D39-SUM(I39:J39) -> 0 | N39: =E39-SUM(K39:L39) -> 0 | O39: =M39+N39 -> 0 | P39: ='（取引基本表）'!BH37 -> 0.94985502 | Q39: =M39*$P39 -> 0 | R39: =N39*$P39 -> 0 | S39: =Q39+R39 -> 0 | T39: 0 | U39: #DIV/0! | V39: =T39+U39 -> #DIV/0! | W39: =T39-Q39 -> 0 | X39: =U39-R39 -> #DIV/0! | Y39: =W39+X39 -> #DIV/0! | Z39: 0.3442247 | AA39: =(Q39+R39)*$Z39 -> 0 | AB39: ='（取引基本表）'!AP37/SUM('（取引基本表）'!$AP$4:$AP$40)*$AH$49 -> #DIV/0! | AC39: =AB39*$P39 -> #DIV/0! | AD39: #DIV/0! | AE39: =T39+U39+AD39 -> #DIV/0!
B40: 67 | C40: 対個人サービス | D40: =SUMIF('（計算用1）'!$Q$145:$Q$152,'（計算用2）'!C40,'（計算用1）'!$R$145:$R$152)/1000 -> 0 | E40: =SUMIF('（計算用1）'!$M$188:$M$196,'（計算用2）'!C40,'（計算用1）'!$N$188:$N$196)/1000 -> #DIV/0! | F40: =D40+E40 -> #DIV/0! | G40: 0 | H40: 0 | I40: =$D40*G40 -> 0 | J40: =$D40*H40 -> 0 | K40: =$E40*G40 -> #DIV/0! | L40: =$E40*H40 -> #DIV/0! | M40: =D40-SUM(I40:J40) -> 0 | N40: =E40-SUM(K40:L40) -> #DIV/0! | O40: =M40+N40 -> #DIV/0! | P40: ='（取引基本表）'!BH38 -> 0.97664426 | Q40: =M40*$P40 -> 0 | R40: =N40*$P40 -> #DIV/0! | S40: =Q40+R40 -> #DIV/0! | T40: 0 | U40: #DIV/0! | V40: =T40+U40 -> #DIV/0! | W40: =T40-Q40 -> 0 | X40: =U40-R40 -> #DIV/0! | Y40: =W40+X40 -> #DIV/0! | Z40: 0.26942711 | AA40: =(Q40+R40)*$Z40 -> #DIV/0! | AB40: ='（取引基本表）'!AP38/SUM('（取引基本表）'!$AP$4:$AP$40)*$AH$49 -> #DIV/0! | AC40: =AB40*$P40 -> #DIV/0! | AD40: #DIV/0! | AE40: =T40+U40+AD40 -> #DIV/0!
B41: 68 | C41: 事務用品 | D41: =SUMIF('（計算用1）'!$Q$145:$Q$152,'（計算用2）'!C41,'（計算用1）'!$R$145:$R$152)/1000 -> 0 | E41: =SUMIF('（計算用1）'!$M$188:$M$196,'（計算用2）'!C41,'（計算用1）'!$N$188:$N$196)/1000 -> 0 | F41: =D41+E41 -> 0 | G41: 0 | H41: 0 | I41: =$D41*G41 -> 0 | J41: =$D41*H41 -> 0 | K41: =$E41*G41 -> 0 | L41: =$E41*H41 -> 0 | M41: =D41-SUM(I41:J41) -> 0 | N41: =E41-SUM(K41:L41) -> 0 | O41: =M41+N41 -> 0 | P41: ='（取引基本表）'!BH39 -> 1 | Q41: =M41*$P41 -> 0 | R41: =N41*$P41 -> 0 | S41: =Q41+R41 -> 0 | T41: 0 | U41: #DIV/0! | V41: =T41+U41 -> #DIV/0! | W41: =T41-Q41 -> 0 | X41: =U41-R41 -> #DIV/0! | Y41: =W41+X41 -> #DIV/0! | Z41: 0 | AA41: =(Q41+R41)*$Z41 -> 0 | AB41: ='（取引基本表）'!AP39/SUM('（取引基本表）'!$AP$4:$AP$40)*$AH$49 -> #DIV/0! | AC41: =AB41*$P41 -> #DIV/0! | AD41: #DIV/0! | AE41: =T41+U41+AD41 -> #DIV/0!
B42: 69 | C42: 分類不明 | D42: =SUMIF('（計算用1）'!$Q$145:$Q$152,'（計算用2）'!C42,'（計算用1）'!$R$145:$R$152)/1000 -> 0 | E42: =SUMIF('（計算用1）'!$M$188:$M$196,'（計算用2）'!C42,'（計算用1）'!$N$188:$N$196)/1000 -> #DIV/0! | F42: =D42+E42 -> #DIV/0! | G42: 0.02438 | H42: 0.0304 | I42: =$D42*G42 -> 0 | J42: =$D42*H42 -> 0 | K42: =$E42*G42 -> #DIV/0! | L42: =$E42*H42 -> #DIV/0! | M42: =D42-SUM(I42:J42) -> 0 | N42: =E42-SUM(K42:L42) -> #DIV/0! | O42: =M42+N42 -> #DIV/0! | P42: ='（取引基本表）'!BH40 -> 0.98931103 | Q42: =M42*$P42 -> 0 | R42: =N42*$P42 -> #DIV/0! | S42: =Q42+R42 -> #DIV/0! | T42: 0 | U42: #DIV/0! | V42: =T42+U42 -> #DIV/0! | W42: =T42-Q42 -> 0 | X42: =U42-R42 -> #DIV/0! | Y42: =W42+X42 -> #DIV/0! | Z42: 0.012664213 | AA42: =(Q42+R42)*$Z42 -> #DIV/0! | AB42: ='（取引基本表）'!AP40/SUM('（取引基本表）'!$AP$4:$AP$40)*$AH$49 -> #DIV/0! | AC42: =AB42*$P42 -> #DIV/0! | AD42: #DIV/0! | AE42: =T42+U42+AD42 -> #DIV/0!
C43: 合計 | D43: =SUM(D6:D42) -> 0 | E43: =SUM(E6:E42) -> #DIV/0! | F43: =SUM(F6:F42) -> #DIV/0! | G43: - | H43: - | I43: =SUM(I6:I42) -> 0 | J43: =SUM(J6:J42) -> 0 | K43: =SUM(K6:K42) -> #DIV/0! | L43: =SUM(L6:L42) -> #DIV/0! | M43: =SUM(M6:M42) -> 0 | N43: =SUM(N6:N42) -> #DIV/0! | O43: =SUM(O6:O42) -> #DIV/0! | P43: - | Q43: =SUM(Q6:Q42) -> 0 | R43: =SUM(R6:R42) -> #DIV/0! | S43: =SUM(S6:S42) -> #DIV/0! | T43: =SUM(T6:T42) -> 0 | U43: =SUM(U6:U42) -> #DIV/0! | V43: =SUM(V6:V42) -> #DIV/0! | W43: =SUM(W6:W42) -> 0 | X43: =SUM(X6:X42) -> #DIV/0! | Y43: =SUM(Y6:Y42) -> #DIV/0! | Z43: - | AA43: =SUM(AA6:AA42) -> #DIV/0! | AB43: =SUM(AB6:AB42) -> #DIV/0! | AC43: =SUM(AC6:AC42) -> #DIV/0! | AD43: =SUM(AD6:AD42) -> #DIV/0! | AE43: =SUM(AE6:AE42) -> #DIV/0!
AG46: 雇用者所得 | AH46: ='（計算用1）'!R147/1000 -> 0
AG47: 雇用者所得＋雇用者所得誘発額 | AH47: =AH46+AA43 -> #DIV/0!
AG48: 消費転換率※ | AH48: 0.613
AG49: 消費転換額 | AH49: =AH47*AH48 -> #DIV/0!
AG50: ※2020年家計調査（世帯主の年齢階級別家計収支（二人以上の世帯のうち勤労者世帯））の平均消費性向を適用

Sheet （リスト用）
B2: 北海道 | C2: 主催・共催型 | D2: パターン①
B3: 青森県 | C3: イノベーション型 | D3: パターン②
B4: 岩手県 | C4: 文化資源活用推進事業 | D4: パターン③
B5: 宮城県 | C5: 国際的文化フェスティバル展開推進事業
B6: 秋田県 | C6: 地域ゆかりの文化資産を活用した展覧会支援事業
B7: 山形県
B8: 福島県
B9: 茨城県
B10: 栃木県
B11: 群馬県
B12: 埼玉県
B13: 千葉県
B14: 東京都
B15: 神奈川県
B16: 新潟県
B17: 富山県
B18: 石川県
... B48: 沖縄県

Sheet （入込数）
B2: 都道府県 | C2: 日本人 | K2: 外国人 | O2: 備考
C3: 観光入込客数（千人回） | G3: 観光消費額単価（円/人回） | K3: 観光入込客数（千人回） | M3: 観光消費額単価（円/人回）
C4: 県内 | E4: 県外 | G4: 県内 | I4: 県外 | K4: - | M4: -
C5: 宿泊 | D5: 日帰り | E5: 宿泊 | F5: 日帰り | G5: 宿泊 | H5: 日帰り | I5: 宿泊 | J5: 日帰り | K5: 宿泊 | L5: 日帰り | M5: 宿泊 | N5: 日帰り
B6: 北海道 | C6: =C7 -> 377.82821 | D6: =D7 -> 6077.7834 | E6: =E7 -> 764.47442 | F6: =F7 -> 2043.5857 | G6: =G7 -> 18131.38 | H6: =H7 -> 4342.2392 | I6: =I7 -> 32997.613 | J6: =J7 -> 6312.3042 | K6: =K7 -> 19.396665 | M6: =M7 -> 42367.975 | N6: =N7 -> 0 | O6: 青森を適用
B7: 青森県 | C7: 377.82821 | D7: 6077.7834 | E7: 764.47442 | F7: 2043.5857 | G7: 18131.38 | H7: 4342.2392 | I7: 32997.613 | J7: 6312.3042 | K7: 19.396665 | M7: 42367.975 | O7: 2020年
B8: 岩手県 | C8: 702.54853 | D8: 4396.7624 | E8: 925.24648 | F8: 1681.1829 | G8: 16061.205 | H8: 3282.6929 | I8: 27377.267 | J8: 4986.1988 | K8: 27.085588 | L8: 154.31708 | M8: 47087.84 | N8: 10581.779 | O8: 2020年
B9: 宮城県 | C9: 1030.4582 | D9: 11985.839 | E9: 1273.6777 | F9: 3146.3488 | G9: 25098.286 | H9: 5853.3013 | I9: 29313.49 | J9: 10345.528 | K9: 34.507476 | L9: 0.90090932 | M9: 36100.482 | N9: 0 | O9: 2020年
B10: 秋田県 | C10: 373.26868 | D10: 4999.876 | E10: 479.72079 | F10: 1807.5146 | G10: 18084.062 | H10: 2935.0735 | I10: 23651.451 | J10: 5178.1597 | K10: 8.9140909 | L10: 21.702506 | M10: 32353.307 | N10: 8317.4742 | O10: 2020年
B11: 山形県 | C11: 540.53314 | D11: 6412.7802 | E11: 1001.2738 | F11: 5803.3793 | G11: 20309.369 | H11: 3139.2412 | I11: 31329.571 | J11: 4895.1402 | K11: 31.155676 | L11: 1.4483611 | M11: 69367.524 | N11: 10581.779 | O11: 2020年
B12: 福島県 | C12: 1087.9195 | D12: 7808.0468 | E12: 1943.8644 | F12: 7223.0161 | G12: 20062.155 | H12: 4112.8037 | I12: 25127.463 | J12: 7157.6048 | K12: 34.15 | M12: 22434.344 | O12: 2020年
B13: 茨城県 | C13: 402.29298 | D13: 14147.286 | E13: 966.59274 | F13: 14843.254 | G13: 10433.801 | H13: 2779.1145 | I13: 13947.404 | J13: 4558.1085 | K13: 7.53 | L13: 2.4942229 | M13: 114996.67 | N13: 9410.5426 | O13: 2020年
B14: 栃木県 | C14: 850.45277 | D14: 14060.967 | E14: 3661.8961 | F14: 14338.795 | G14: 28914.557 | H14: 8824.5013 | I14: 33855.036 | J14: 12880.544 | K14: 24.48 | M14: 19191.188 | O14: 2020年
B15: 群馬県 | C15: 795.94334 | D15: 8755.5032 | E15: 2794.0632 | F15: 4919.0258 | G15: 15090.681 | H15: 2246.4544 | I15: 17095.661 | J15: 3930.5494 | K15: 38.783744 | L15: 5.772686 | M15: 35446.48 | N15: 9410.5426 | O15: 2020年
B16: 埼玉県 | C16: 429.40384 | D16: 61541.454 | E16: 1040.7566 | F16: 36475.717 | G16: 22508.569 | H16: 4639.5622 | I16: 22447.879 | J16: 6886.0654 | K16: 53.084337 | L16: 541.17286 | M16: 45440.263 | N16: 9414.2916 | O16: 2019年
B17: 千葉県 | C17: 1895.4948 | D17: 28710.579 | E17: 6363.8421 | F17: 28689.048 | G17: 27996.011 | H17: 4924.9934 | I17: 27519.592 | J17: 8571.5523 | K17: 447.62701 | L17: 417.06127 | M17: 35564.455 | N17: 6948.4456 | O17: 2020年
B18: 東京都 | C18: 8393 | D18: 219525 | E18: 13832 | F18: 95304 | G18: =G19 -> 21520.779 | H18: =H19 -> 4441.8547 | I18: =I19 -> 24518.086 | J18: =J19 -> 5260.8578 | K18: 1833 | L18: 691 | M18: 31934.938 | N18: 8635.8981 | O18: 客数は令和2年東京都観光客数等実態調査、単価は神奈川を適用
B19: 神奈川県 | C19: 2420.5735 | D19: 39233.246 | E19: 4013.553 | F19: 21624.033 | G19: 21520.779 | H19: 4441.8547 | I19: 24518.086 | J19: 5260.8578 | K19: 191.03134 | L19: 93.151904 | M19: 31934.938 | N19: 8635.8981 | O19: 2020年
B20: 新潟県 | C20: 1569.1689 | D20: 19327.566 | E20: 3575.321 | F20: 6072.1274 | G20: 25133.111 | H20: 4823.3438 | I20: 34713 | J20: 10824.303 | K20: 159.27894 | M20: 48916.456 | O20: 2019年
B21: 富山県 | C21: 322.81337 | D21: 6034.733 | E21: 550.74551 | F21: 2369.7203 | G21: 17759.339 | H21: 3437.8676 | I21: 27737.779 | J21: 9351.4752 | K21: 20.922106 | L21: 0.80364489 | M21: 28398.24 | N21: 15702.124 | O21: 2020年
B22: 石川県 | C22: =C21 -> 322.81337 | D22: =D21 -> 6034.733 | E22: =E21 -> 550.74551 | F22: =F21 -> 2369.7203 | G22: =G21 -> 17759.339 | H22: =H21 -> 3437.8676 | I22: =I21 -> 27737.779 | J22: =J21 -> 9351.4752 | ... N22: =N21 -> 15702.124 | O22: 富山を適用
B23: 福井県 | C23: 325.76977 | D23: 2320.2476 | E23: 928.32874 | F23: 3857.1494 | G23: 15310.238 | H23: 2911.9512 | I23: 20616.699 | J23: 6065.506 | K23: 8.2 | M23: 20022.561 | O23: 2020年
B24: 山梨県 | C24: 332.01771 | D24: 4250.9713 | E24: 2582.0913 | F24: 8266.7062 | G24: 25756.387 | H24: 5966.719 | I24: 39940.027 | J24: 12572.903 | K24: 182.15587 | L24: 25.300296 | M24: 16018.577 | N24: 1813.3018 | O24: 2020年
B25: 長野県 | C25: 1374.789 | D25: 6809.9271 | E25: 5303.1912 | F25: 7304.4999 | G25: 30911.427 | H25: 14387.561 | I25: 63351.144 | J25: 17414.58 | K25: 285.46962 | L25: 36.463599 | M25: 77098.661 | N25: 11633.752 | O25: 2020年
B26: 岐阜県 | C26: 655.98027 | D26: 14446.706 | E26: 2871.5014 | F26: 26796.85 | G26: 19213.707 | H26: 2850.8455 | I26: 23438.345 | J26: 3829.1853 | K26: 985.27 | L26: 71.655694 | M26: 19031.106 | N26: 4682.6974 | O26: 2019年
B27: 静岡県 | C27: =C28 -> 1110.4256 | D27: =D28 -> 32535.46 | E27: =E28 -> 1300.238 | F27: =F28 -> 12536.046 | G27: =G28 -> 18563.211 | H27: =H28 -> 2739.5436 | I27: =I28 -> 19572.089 | J27: =J28 -> 4145.7698 | ... N27: =N28 -> 7187.3742 | O27: 愛知を適用
B28: 愛知県 | C28: 1110.4256 | D28: 32535.46 | E28: 1300.238 | F28: 12536.046 | G28: 18563.211 | H28: 2739.5436 | I28: 19572.089 | J28: 4145.7698 | K28: 154.68526 | L28: 309.73642 | M28: 67626.084 | N28: 7187.3742 | O28: 2020年
B29: 三重県 | C29: =C28 -> 1110.4256 | D29: =D28 -> 32535.46 | E29: =E28 -> 1300.238 | F29: =F28 -> 12536.046 | G29: =G28 -> 18563.211 | H29: =H28 -> 2739.5436 | I29: =I28 -> 19572.089 | J29: =J28 -> 4145.7698 | ... N29: =N28 -> 7187.3742 | O29: 愛知を適用
B30: 滋賀県 | C30: 277.44093 | D30: 7418.7125 | E30: 1128.297 | F30: 18636.439 | G30: 34743.695 | H30: 4913.7743 | I30: 35146.865 | J30: 9597.7372 | K30: 25.7 | L30: 25.042304 | M30: 28979.03 | N30: 2393.7354 | O30: 2020年
B31: 京都府 | C31: =C28 -> 1110.4256 | D31: =D28 -> 32535.46 | E31: =E28 -> 1300.238 | F31: =F28 -> 12536.046 | G31: =G28 -> 18563.211 | H31: =H28 -> 2739.5436 | I31: =I28 -> 19572.089 | J31: =J28 -> 4145.7698 | ... N31: =N28 -> 7187.3742 | O31: 愛知を適用
B32: 大阪府 | C32: =C28 -> 1110.4256 | D32: =D28 -> 32535.46 | E32: =E28 -> 1300.238 | F32: =F28 -> 12536.046 | G32: =G28 -> 18563.211 | H32: =H28 -> 2739.5436 | I32: =I28 -> 19572.089 | J32: =J28 -> 4145.7698 | ... N32: =N28 -> 7187.3742 | O32: 愛知を適用
B33: 兵庫県 | C33: =C28 -> 1110.4256 | D33: =D28 -> 32535.46 | E33: =E28 -> 1300.238 | F33: =F28 -> 12536.046 | G33: =G28 -> 18563.211 | H33: =H28 -> 2739.5436 | I33: =I28 -> 19572.089 | J33: =J28 -> 4145.7698 | ... N33: =N28 -> 7187.3742 | O33: 愛知を適用
B34: 奈良県 | C34: 230.17005 | D34: 4940.7975 | E34: 831.54762 | F34: 9974.4152 | G34: 18506.676 | H34: 1936.8739 | I34: 22873.58 | J34: 3698.0468 | K34: 33.216173 | L34: 369.10141 | M34: 14473.16 | N34: 6367.6003 | O34: 2020年
B35: 和歌山県 | C35: 414.93016 | D35: 776.6797 | E35: 1834.0153 | F35: 5036.0023 | G35: 30812.113 | H35: 3834.7378 | I35: 31523.226 | J35: 6091.8763 | K35: 43.66 | L35: 5.3809689 | M35: 24199.366 | N35: 19925.023 | O35: 2020年
B36: 鳥取県 | C36: =C37 -> 299.82327 | D36: =D37 -> 3188.4062 | E36: =E37 -> 1017.0037 | F36: =F37 -> 6213.2991 | G36: =G37 -> 15346.707 | H36: =H37 -> 2674.9844 | I36: =I37 -> 26527.19 | J36: =J37 -> 5166.6763 | ... N36: =N37 -> 5481.9039 | O36: 島根を適用
B37: 島根県 | C37: 299.82327 | D37: 3188.4062 | E37: 1017.0037 | F37: 6213.2991 | G37: 15346.707 | H37: 2674.9844 | I37: 26527.19 | J37: 5166.6763 | K37: 35.590543 | L37: 38.256064 | M37: 28685.916 | N37: 5481.9039 | O37: 2018年
B38: 岡山県 | C38: 343.50798 | D38: 6278.8713 | E38: 835.67736 | F38: 3662.462 | G38: 17892.239 | H38: 3332.2373 | I38: 22608.453 | J38: 4692.4748 | K38: 19.029177 | M38: 70883 | O38: 2020年
B39: 広島県 | C39: 464.71832 | D39: 4427.8428 | E39: 724.77609 | F39: 1121.8687 | G39: 11118.34 | H39: 2223.3916 | I39: 14302.673 | J39: 5017.536 | K39: 39.469934 | L39: 267.04772 | M39: 7667.6491 | N39: 1220.8563 | O39: 2020年
B40: 山口県 | C40: 388.67026 | D40: 7280.6039 | E40: 672.62842 | F40: 3354.5533 | G40: 18604.665 | H40: 2734.0696 | I40: 30174.606 | J40: 6422.2472 | K40: 5 | M40: 47294 | O40: 2020年
B41: 徳島県 | C41: 100.65092 | D41: 2191.3418 | E41: 365.80313 | F41: 3587.2037 | G41: 15647.956 | H41: 4113.3757 | I41: 25302.47 | J41: 10883.699 | K41: 6.714104 | L41: 33.532243 | M41: 24054.932 | N41: 2569.7198 | O41: 2020年
B42: 香川県 | C42: 255.57669 | D42: 4389.8791 | E42: 943.14601 | F42: 5098.5057 | G42: 15600.133 | H42: 2633.4718 | I42: 24733.048 | J42: 6492.6469 | K42: 20.577498 | L42: 12.589975 | M42: 49113.019 | N42: 1432.886 | O42: 2020年
B43: 愛媛県 | C43: 454.95674 | D43: 7854.2165 | E43: 1300.2976 | F43: 2202.4212 | G43: 18033.238 | H43: 3448.3498 | I43: 31371.434 | J43: 9965.085 | K43: 72.189531 | M43: 26786.351 | O43: 2019年
B44: 高知県 | C44: =C43 -> 454.95674 | D44: =D43 -> 7854.2165 | E44: =E43 -> 1300.2976 | F44: =F43 -> 2202.4212 | G44: =G43 -> 18033.238 | H44: =H43 -> 3448.3498 | I44: =I43 -> 31371.434 | J44: =J43 -> 9965.085 | K44: =K43 -> 72.189531 | M44: =M43 -> 26786.351 | N44: =N43 -> 0 | O44: 愛媛を適用
B45: 福岡県 | C45: 1578.8039 | D45: 41943.528 | E45: 3151.2756 | F45: 29469.613 | G45: 21752.732 | H45: 4689.9542 | I45: 38111.92 | J45: 8935.1629 | K45: 999.43162 | L45: 1740.3739 | M45: 64347.632 | N45: 11873.241 | O45: 2019年
B46: 佐賀県 | C46: 159.38782 | D46: 1961.3821 | E46: 603.9964 | F46: 8089.2541 | G46: 16064.89 | H46: 6552.9905 | I46: 21810.786 | J46: 12717.615 | K46: 9.4790234 | L46: 73.479456 | M46: 34218.968 | N46: 8660.2254 | O46: 2020年
B47: 長崎県 | C47: 725.76378 | D47: 4781.1118 | E47: 2272.9433 | F47: 4263.9653 | G47: 23177.457 | H47: 7055.3889 | I47: 42267.743 | J47: 11268.615 | K47: 394.00772 | L47: 297.02313 | M47: 29460.851 | N47: 8958.5932 | O47: 2019年
B48: 熊本県 | C48: 841.34256 | D48: 10270.381 | E48: 2449.3824 | F48: 6436.8534 | G48: 12977.717 | H48: 3902.5473 | I48: 32398.166 | J48: 10070.738 | K48: 423.82029 | L48: 92.974125 | M48: 22165.435 | N48: 4936.0203 | O48: 2019年
B49: 大分県 | C49: 470.97489 | D49: 7153.3983 | E49: 1881.7004 | F49: 5354.3092 | G49: 16978.257 | H49: 2978.062 | I49: 22863.552 | J49: 4105.9299 | K49: 82.849664 | L49: 29.751954 | M49: 28335.889 | N49: 4238.1695 | O49: 2020年
B50: 宮崎県 | C50: 434.55077 | D50: 7239.9032 | E50: 942.10033 | F50: 4167.8654 | G50: 13733.781 | H50: 4114.9323 | I50: 24207.986 | J50: 7796.5574 | K50: 119.42147 | L50: 126.94889 | M50: 28176.577 | N50: 10063.298 | O50: 2018年
B51: 鹿児島県 | C51: 677.31989 | D51: 7919.2367 | E51: 1256.0966 | F51: 1255.3756 | G51: 19292.765 | H51: 2890.5774 | I51: 30158.817 | J51: 5429.0478 | K51: 25.135683 | L51: 19.453064 | M51: 56354.124 | N51: 9196.862 | O51: 2020年
B52: 沖縄県 | C52: =C51 -> 677.31989 | D52: =D51 -> 7919.2367 | E52: =E51 -> 1256.0966 | F52: =F51 -> 1255.3756 | G52: =G51 -> 19292.765 | H52: =H51 -> 2890.5774 | I52: =I51 -> 30158.817 | J52: =J51 -> 5429.0478 | ... N52: =N51 -> 9196.862 | O52: 鹿児島を適用

Sheet （消費内訳）
R2: （単位：万円／人）
B3: 訪問地 | C3: 日本人 | K3: 外国人
C4: 消費単価 | D4: 費目別（7区分） | K4: 消費単価 | L4: 費目別（7区分）
D5: 団体・パックツアー料金 | E5: 宿泊費 | F5: 飲食費 | G5: 交通費 | H5: 娯楽等サービス費 | I5: 買物代 | J5: その他 | L5: 団体･パック参加費 | M5: 宿泊費 | N5: 飲食費 | O5: 交通費 | P5: 娯楽等サービス費 | Q5: 買物代 | R5: その他
B6: 北海道 | C6: 3.598 | D6: 0.558 | E6: 0.816 | F6: 0.66 | G6: 0.613 | H6: 0.256 | I6: 0.682 | J6: 0.012 | K6: 14.7899 | L6: 1.7233 | M6: 5.1328 | N6: 2.9979 | O6: 0.4474 | P6: 1.1398 | Q6: 3.3418 | R6: 0.007
B7: 青森県 | C7: 2.61 | D7: 0.384 | E7: 0.657 | F7: 0.376 | G7: 0.583 | H7: 0.103 | I7: 0.495 | J7: 0.013 | K7: 5.5322 | L7: 1.1678 | M7: 1.5166 | N7: 1.2056 | O7: 0.1744 | P7: 0.582 | Q7: 0.8853 | R7: 0.0005
B8: 岩手県 | C8: 1.39 | D8: 0.14 | E8: 0.46 | F8: 0.153 | G8: 0.257 | H8: 0.095 | I8: 0.277 | J8: 0.007 | K8: 6.5824 | L8: 1.9409 | M8: 2.2285 | N8: 1.1138 | O8: 0.0372 | P8: 0.7185 | Q8: 0.5435 | R8: 0
B9: 宮城県 | C9: 2.127 | D9: 0.087 | E9: 0.835 | F9: 0.347 | G9: 0.354 | H9: 0.112 | I9: 0.391 | J9: 0.001 | K9: 4.5874 | L9: 0.7226 | M9: 1.3237 | N9: 0.8335 | O9: 0.0766 | P9: 0.14 | Q9: 1.4879 | R9: 0.0031
B10: 秋田県 | C10: 1.457 | D10: 0.075 | E10: 0.388 | F10: 0.223 | G10: 0.329 | H10: 0.069 | I10: 0.371 | J10: 0.003 | K10: 3.3318 | L10: 0.3111 | M10: 1.389 | N10: 0.9526 | O10: 0.0633 | P10: 0.0852 | Q10: 0.5306 | R10: 0
B11: 山形県 | C11: 2.16 | D11: 0.278 | E11: 0.604 | F11: 0.261 | G11: 0.355 | H11: 0.119 | I11: 0.52 | J11: 0.023 | K11: 5.4956 | L11: 0.7164 | M11: 2.3355 | N11: 1.0901 | O11: 0.0676 | P11: 0.8557 | Q11: 0.4294 | R11: 0.0009
B12: 福島県 | C12: 2.242 | D12: 0.204 | E12: 0.851 | F12: 0.226 | G12: 0.418 | H12: 0.169 | I12: 0.374 | J12: 0.001 | K12: 3.2143 | L12: 0.914 | M12: 0.9465 | N12: 0.7397 | O12: 0.0544 | P12: 0.2254 | Q12: 0.3315 | R12: 0.0028
B13: 茨城県 | C13: 1.472 | D13: 0.019 | E13: 0.247 | F13: 0.21 | G13: 0.441 | H13: 0.209 | I13: 0.342 | J13: 0.005 | K13: 3.771 | L13: 0.0343 | M13: 0.7146 | N13: 1.2445 | O13: 0.1085 | P13: 0.0154 | Q13: 1.6184 | R13: 0.0353
B14: 栃木県 | C14: 2.271 | D14: 0.064 | E14: 0.675 | F14: 0.354 | G14: 0.49 | H14: 0.296 | I14: 0.392 | J14: 0.001 | K14: 1.7472 | L14: 0.1677 | M14: 0.5803 | N14: 0.5823 | O14: 0.0391 | P14: 0.1463 | Q14: 0.2308 | R14: 0.0008
B15: 群馬県 | C15: 2.346 | D15: 0.113 | E15: 0.897 | F15: 0.318 | G15: 0.489 | H15: 0.191 | I15: 0.337 | J15: 0.001 | K15: 3.8127 | L15: 0.2609 | M15: 1.4959 | N15: 0.9557 | O15: 0.0522 | P15: 0.4958 | Q15: 0.5521 | R15: 0
B16: 埼玉県 | C16: 0.867 | D16: 0.008 | E16: 0.15 | F16: 0.188 | G16: 0.219 | H16: 0.139 | I16: 0.157 | J16: 0.007 | K16: 4.0797 | L16: 0.0641 | M16: 1.0202 | N16: 1.8418 | O16: 0.0334 | P16: 0.0136 | Q16: 1.1061 | R16: 0.0006
B17: 千葉県 | C17: 2.638 | D17: 0.152 | E17: 0.583 | F17: 0.395 | G17: 0.364 | H17: 0.59 | I17: 0.541 | J17: 0.013 | K17: 1.3339 | L17: 0.1852 | M17: 0.1168 | N17: 0.1384 | O17: 0.0116 | P17: 0.1178 | Q17: 0.7632 | R17: 0.0008
... B52: 沖縄県 | C52: 5.622 | D52: 1.564 | E52: 0.845 | F52: 1.185 | G52: 0.868 | H52: 0.299 | I52: 0.848 | J52: 0.015 | K52: 8.3712 | L52: 0.5792 | M52: 2.1991 | N52: 2.0964 | O52: 0.6499 | P52: 0.4297 | Q52: 2.4141 | R52: 0.0027
B53: 都道府県間交通費 | C53: 0.21 | D53: 0.024 | E53: - | F53: - | G53: 0.186 | H53: - | I53: - | J53: - | K53: 0.9069 | L53: 0.2076 | M53: - | N53: - | O53: 0.6994 | P53: - | Q53: - | R53: -
B56: 三大都市圏注2 平均 | C56: 2.075 | D56: 0.152 | E56: 0.524 | F56: 0.379 | G56: 0.318 | H56: 0.298 | I56: 0.394 | J56: 0.01 | K56: 6.0182392 | L56: 0.30591854 | M56: 1.4934596 | N56: 1.3004022 | O56: 0.13081868 | P56: 0.19727633 | Q56: 2.5871487 | R56: 0.0032152321
B57: その他の地方注2 平均 | C57: 2.296 | D57: 0.178 | E57: 0.683 | F57: 0.338 | G57: 0.485 | H57: 0.187 | I57: 0.407 | J57: 0.017 | K57: 3.8643834 | L57: 0.36410644 | M57: 1.2942891 | N57: 0.91160197 | O57: 0.064295338 | P57: 0.3946113 | Q57: 0.83385775 | R57: 0.0016215143
D62: =AVERAGE(D6:D52) -> 0.23040426 | E62: =AVERAGE(E6:E52) -> 0.62280851 | F62: =AVERAGE(F6:F52) -> 0.36561702 | G62: =AVERAGE(G6:G52) -> 0.47421277 | H62: =AVERAGE(H6:H52) -> 0.19025532 | I62: =AVERAGE(I6:I52) -> 0.41597872 | J62: =AVERAGE(J6:J52) -> 0.018340426 | L62: =AVERAGE(L6:L52) -> 0.41475106 | M62: =AVERAGE(M6:M52) -> 1.4106468 | N62: =AVERAGE(N6:N52) -> 1.0511809 | O62: =AVERAGE(O6:O52) -> 0.095295745 | P62: =AVERAGE(P6:P52) -> 0.29483191 | Q62: =AVERAGE(Q6:Q52) -> 1.0515723 | R62: =AVERAGE(R6:R52) -> 0.0019340426

Sheet （逆行列関数表）
C1: 平成27年(2015年)産業連関表 逆行列係数表[ I - ( I - M^ )A ]-1 (統合大分類)
C2: 01 | D2: 06 | E2: 11 | F2: 15 | G2: 16 | H2: 20 | I2: 21 | J2: 22 | K2: 25 | L2: 26 | M2: 27 | N2: 28 | O2: 29 | P2: 30 | Q2: 31 | R2: 32 | S2: 33 | T2: 34 | U2: 35 | V2: 39 | W2: 41 | X2: 46 | Y2: 47 | Z2: 48 | AA2: 51 | AB2: 53 | AC2: 55 | AD2: 57 | AE2: 59 | AF2: 61 | AG2: 63 | AH2: 64 | AI2: 65 | AJ2: 66 | AK2: 67 | AL2: 68 | AM2: 69
C3: 農林漁業 | D3: 鉱業 | E3: 飲食料品 | F3: 繊維製品 | G3: パルプ・紙・木製品 | H3: 化学製品 | I3: 石油・石炭製品 | J3: プラスチック・ゴム製品 | K3: 窯業・土石製品 | L3: 鉄鋼 | M3: 非鉄金属 | N3: 金属製品 | O3: はん用機械 | P3: 生産用機械 | Q3: 業務用機械 | R3: 電子部品 | S3: 電気機械 | T3: 情報通信機器 | U3: 輸送機械 | V3: その他の製造工業製品 | W3: 建設 | X3: 電力・ガス・熱供給 | Y3: 水道 | Z3: 廃棄物処理 | AA3: 商業 | AB3: 金融・保険 | AC3: 不動産 | AD3: 運輸・郵便 | AE3: 情報通信 | AF3: 公務 | AG3: 教育・研究 | AH3: 医療・福祉 | AI3: 他に分類されない会員制団体 | AJ3: 対事業所サービス | AK3: 対個人サービス | AL3: 事務用品 | AM3: 分類不明 | AN3: 行和 | AO3: 感応度係数
A4: 01 | B4: 農林漁業 | C4: 1.1347817 | D4: 0.00059583 | E4: 0.21509837 | F4: 0.00985365 | G4: 0.03806856 | H4: 0.00466731 | I4: 6.956e-05 | J4: 0.01395301 | K4: 0.00142621 | L4: 0.00038928 | M4: 0.00076777 | N4: 0.00050798 | O4: 0.00055369 | P4: 0.00064184 | Q4: 0.00110633 | R4: 0.00093567 | S4: 0.00116994 | T4: 0.00115761 | U4: 0.00116423 | V4: 0.01125757 | W4: 0.00299693 | X4: 0.00037132 | Y4: 0.00108179 | Z4: 0.00060692 | AA4: 0.00078267 | AB4: 0.00062407 | AC4: 0.00016051 | AD4: 0.00060511 | AE4: 0.00162252 | AF4: 0.0005294 | AG4: 0.00376932 | AH4: 0.00569882 | AI4: 0.0037685 | AJ4: 0.00072669 | AK4: 0.04536257 | AL4: 0.01553475 | AM4: 0.00114718 | AN4: 1.5235551 | AO4: 0.85853919
A5: 06 | B5: 鉱業 | C5: 0.00091972 | D5: 1.0017131 | E5: 0.00081252 | F5: 0.00109235 | G5: 0.00165164 | H5: 0.00314701 | I5: 0.02365407 | J5: 0.00138043 | K5: 0.00441215 | L5: 0.00622092 | M5: 0.00840738 | N5: 0.00241676 | O5: 0.00156988 | P5: 0.00128682 | Q5: 0.00105928 | R5: 0.00131659 | S5: 0.00129223 | T5: 0.00090033 | U5: 0.00149064 | V5: 0.00103387 | W5: 0.00143181 | X5: 0.0141653 | Y5: 0.00121857 | Z5: 0.00155409 | AA5: 0.00058312 | AB5: 0.00028242 | AC5: 0.00012504 | AD5: 0.0025256 | AE5: 0.00036415 | AF5: 0.00061711 | AG5: 0.00055596 | AH5: 0.00069802 | AI5: 0.00042084 | AJ5: 0.00035854 | AK5: 0.00097338 | AL5: 0.00110214 | AM5: 0.00101119 | AN5: 1.093765 | AO5: 0.61634796
A6: 11 | B6: 飲食料品 | C6: 0.12815021 | D6: 0.00045839 | E6: 1.2020476 | F6: 0.0046036 | G6: 0.00700776 | H6: 0.01007516 | I6: 6.575e-05 | J6: 0.00342364 | K6: 0.00117076 | L6: 0.00029398 | M6: 0.0004463 | N6: 0.00033729 | O6: 0.00033961 | P6: 0.00035435 | Q6: 0.0005465 | R6: 0.00053156 | S6: 0.00054881 | T6: 0.00053759 | U6: 0.00054227 | V6: 0.00518656 | W6: 0.00082991 | X6: 0.00022586 | Y6: 0.00059298 | Z6: 0.00041863 | AA6: 0.00057233 | AB6: 0.00039431 | AC6: 0.00014939 | AD6: 0.0005732 | AE6: 0.00209654 | AF6: 0.00064217 | AG6: 0.00656801 | AH6: 0.01177791 | AI6: 0.00260785 | AJ6: 0.00062519 | AK6: 0.13570892 | AL6: 0.00344862 | AM6: 0.00379636 | AN6: 1.5376958 | AO6: 0.86650764
A7: 15 | B7: 繊維製品 | C7: 0.00322411 | D7: 0.00206664 | E7: 0.00155245 | F7: 1.0941617 | G7: 0.00404244 | H7: 0.0010146 | I7: 0.00012681 | J7: 0.00317733 | K7: 0.00182577 | L7: 0.00059685 | M7: 0.00086818 | N7: 0.00097369 | O7: 0.0009948 | P7: 0.00110835 | Q7: 0.0012039 | R7: 0.00226547 | S7: 0.00180484 | T7: 0.00155757 | U7: 0.00176338 | V7: 0.00271357 | W7: 0.00199218 | X7: 0.0003937 | Y7: 0.00108936 | Z7: 0.00115237 | AA7: 0.00201792 | AB7: 0.00102988 | AC7: 0.00016606 | AD7: 0.00114215 | AE7: 0.00102912 | AF7: 0.00166814 | AG7: 0.0005886 | AH7: 0.00162914 | AI7: 0.01059027 | AJ7: 0.00127803 | AK7: 0.00209788 | AL7: 0.01018842 | AM7: 0.00099205 | AN7: 1.1660878 | AO7: 0.65710261
A8: 16 | B8: パルプ・紙・木製品 | C8: 0.03331742 | D8: 0.00784113 | E8: 0.03152347 | F8: 0.01402268 | G8: 1.3114248 | H8: 0.02400485 | I8: 0.00088594 | J8: 0.01596521 | K8: 0.02759324 | L8: 0.00509404 | M8: 0.00954892 | N8: 0.00835009 | O8: 0.00652026 | P8: 0.00607009 | Q8: 0.01201814 | R8: 0.01347862 | S8: 0.01439769 | T8: 0.01322834 | U8: 0.0078097 | V8: 0.10076952 | W8: 0.0562513 | X8: 0.00672035 | Y8: 0.01063906 | Z8: 0.00874853 | AA8: 0.01306599 | AB8: 0.01126373 | AC8: 0.00246219 | AD8: 0.00981443 | AE8: 0.02404971 | AF8: 0.00661863 | AG8: 0.01325761 | AH8: 0.01238834 | AI8: 0.02942145 | AJ8: 0.00951115 | AK8: 0.01498715 | AL8: 0.47781149 | AM8: 0.00720715 | AN8: 2.3780824 | AO8: 1.3400742
A9: 20 | B9: 化学製品 | C9: 0.06742559 | D9: 0.01863819 | E9: 0.03207142 | F9: 0.12409002 | G9: 0.05624015 | H9: 1.3482976 | I9: 0.00271597 | J9: 0.23849609 | K9: 0.04036078 | L9: 0.01020027 | M9: 0.01632087 | N9: 0.01492065 | O9: 0.01263181 | P9: 0.01377306 | Q9: 0.0326379 | R9: 0.03055171 | S9: 0.02974483 | T9: 0.02744824 | U9: 0.03334112 | V9: 0.05332879 | W9: 0.01611885 | X9: 0.00334885 | Y9: 0.02175219 | Z9: 0.01926688 | AA9: 0.00377316 | AB9: 0.00378749 | AC9: 0.00101198 | AD9: 0.00467896 | AE9: 0.00728259 | AF9: 0.00457931 | AG9: 0.01190352 | AH9: 0.13445007 | AI9: 0.01003897 | AJ9: 0.01016617 | AK9: 0.01424794 | AL9: 0.04782996 | AM9: 0.01194886 | AN9: 2.5294208 | AO9: 1.425355
A10: 21 | B10: 石油・石炭製品 | C10: 0.02650404 | D10: 0.04412882 | E10: 0.01726314 | F10: 0.02106388 | G10: 0.01999035 | H10: 0.09852853 | I10: 1.0571637 | J10: 0.02578754 | K10: 0.03456831 | L10: 0.04980641 | M10: 0.01313489 | N10: 0.0211148 | O10: 0.01431816 | P10: 0.01267693 | Q10: 0.01140688 | R10: 0.01165473 | S10: 0.01201587 | T10: 0.00935693 | U10: 0.01599953 | V10: 0.01905652 | W10: 0.02304252 | X10: 0.05364436 | Y10: 0.02033143 | Z10: 0.02296386 | AA10: 0.00951443 | AB10: 0.00626291 | AC10: 0.00185684 | AD10: 0.10032447 | AE10: 0.00726135 | AF10: 0.01573415 | AG10: 0.00947898 | AH10: 0.01582159 | AI10: 0.01036506 | AJ10: 0.00687494 | AK10: 0.01510798 | AL10: 0.01847591 | AM10: 0.03241793 | AN10: 1.9050186 | AO10: 1.0734979
A11: 22 | B11: プラスチック・ゴム製品 | C11: 0.01815326 | D11: 0.0093426 | E11: 0.02994557 | F11: 0.0178178 | G11: 0.03427241 | H11: 0.02923837 | I11: 0.00092004 | J11: 1.2300078 | K11: 0.01307859 | L11: 0.00456328 | M11: 0.01196995 | N11: 0.00918596 | O11: 0.02035439 | P11: 0.02948499 | Q11: 0.05110527 | R11: 0.03002609 | S11: 0.05136875 | T11: 0.05271529 | U11: 0.07001109 | V11: 0.06799857 | W11: 0.02059636 | X11: 0.00320927 | Y11: 0.04888856 | Z11: 0.01793351 | AA11: 0.00885448 | AB11: 0.00746368 | AC11: 0.00199233 | AD11: 0.00816612 | AE11: 0.01109375 | AF11: 0.00650666 | AG11: 0.0083812 | AH11: 0.00839347 | AI11: 0.01473345 | AJ11: 0.01610365 | AK11: 0.01026087 | AL11: 0.07342014 | AM11: 0.00906007 | AN11: 2.0566176 | AO11: 1.1589254
A12: 25 | B12: 窯業・土石製品 | C12: 0.00375634 | D12: 0.00152561 | E12: 0.00458084 | F12: 0.00210062 | G12: 0.00539388 | H12: 0.00926281 | I12: 0.00044767 | J12: 0.00577794 | K12: 1.0786415 | L12: 0.01028659 | M12: 0.01223405 | N12: 0.00713217 | O12: 0.00984485 | P12: 0.00765002 | Q12: 0.02395841 | R12: 0.04133154 | S12: 0.01525314 | T12: 0.01212179 | U12: 0.01206506 | V12: 0.00625301 | W12: 0.05266087 | X12: 0.00125308 | Y12: 0.00726967 | Z12: 0.00134075 | AA12: 0.0008785 | AB12: 0.00069153 | AC12: 0.00069887 | AD12: 0.00115752 | AE12: 0.00107057 | AF12: 0.00127374 | AG12: 0.00266686 | AH12: 0.00241436 | AI12: 0.00134395 | AJ12: 0.00198318 | AK12: 0.00252698 | AL12: 0.0092079 | AM12: 0.00534256 | AN12: 1.3633987 | AO12: 0.7682894
A13: 26 | B13: 鉄鋼 | C13: 0.00531049 | D13: 0.01760752 | E13: 0.00928946 | F13: 0.0040966 | G13: 0.03402759 | H13: 0.00797933 | I13: 0.00097561 | J13: 0.01219183 | K13: 0.02505246 | L13: 2.0028343 | M13: 0.00659342 | N13: 0.46478147 | O13: 0.27321555 | P13: 0.23028358 | Q13: 0.07333591 | R13: 0.0298924 | S13: 0.11388944 | T13: 0.03860236 | U13: 0.18583176 | V13: 0.01695407 | W13: 0.09149401 | X13: 0.00343698 | Y13: 0.00913392 | Z13: 0.00266082 | AA13: 0.003695 | AB13: 0.00267068 | AC13: 0.00159956 | AD13: 0.00686642 | AE13: 0.00413744 | AF13: 0.00583062 | AG13: 0.00274945 | AH13: 0.00317398 | AI13: 0.00422461 | AJ13: 0.01132554 | AK13: 0.0042044 | AL13: 0.01778806 | AM13: 0.01520977 | AN13: 3.7429464 | AO13: 2.1091893
A14: 27 | B14: 非鉄金属 | C14: 0.00149173 | D14: 0.00276229 | E14: 0.00325874 | F14: 0.00140505 | G14: 0.00506064 | H14: 0.00712593 | I14: 0.00020634 | J14: 0.00480065 | K14: 0.01078252 | L14: 0.01536085 | M14: 1.3478389 | N14: 0.0641089 | O14: 0.04334585 | P14: 0.02647553 | Q14: 0.04316527 | R14: 0.0513268 | S14: 0.06888027 | T14: 0.04857571 | U14: 0.04077198 | V14: 0.01341072 | W14: 0.015556 | X14: 0.00103235 | Y14: 0.00222188 | Z14: 0.0007829 | AA14: 0.00087699 | AB14: 0.00081256 | AC14: 0.00034291 | AD14: 0.00147191 | AE14: 0.00134064 | AF14: 0.00161372 | AG14: 0.0009652 | AH14: 0.00257957 | AI14: 0.0014626 | AJ14: 0.00317586 | AK14: 0.00140794 | AL14: 0.00650379 | AM14: 0.00466373 | AN14: 1.8469652 | AO14: 1.0407841
A15: 28 | B15: 金属製品 | C15: 0.00531313 | D15: 0.02164953 | E15: 0.01631906 | F15: 0.00519236 | G15: 0.01800559 | H15: 0.01336987 | I15: 0.00123762 | J15: 0.01183306 | K15: 0.01330549 | L15: 0.00372113 | M15: 0.00426797 | N15: 1.0697219 | O15: 0.04191257 | P15: 0.03948656 | Q15: 0.04493548 | R15: 0.02683798 | S15: 0.03354675 | T15: 0.03329301 | U15: 0.02009429 | V15: 0.01489758 | W15: 0.09509325 | X15: 0.00309605 | Y15: 0.00608486 | Z15: 0.00185659 | AA15: 0.00420038 | AB15: 0.00151274 | AC15: 0.00147904 | AD15: 0.00352662 | AE15: 0.00255957 | AF15: 0.006235 | AG15: 0.00200015 | AH15: 0.00319111 | AI15: 0.00438873 | AJ15: 0.00369657 | AK15: 0.00570271 | AL15: 0.01145259 | AM15: 0.00825619 | AN15: 1.6032731 | AO15: 0.90346112
... A40: 69 | B40: 分類不明 | C40: 0.00746329 | D40: 0.01572082 | E40: 0.0103653 | F40: 0.00509514 | G40: 0.00687687 | H40: 0.00414167 | I40: 0.0011694 | J40: 0.00511038 | K40: 0.01077425 | L40: 0.00891107 | M40: 0.00850864 | N40: 0.00777099 | O40: 0.01137802 | P40: 0.00958393 | Q40: 0.0054722 | R40: 0.0035047 | S40: 0.0055605 | T40: 0.00391892 | U40: 0.00586811 | V40: 0.00532769 | W40: 0.01734486 | X40: 0.00508344 | Y40: 0.01261932 | Z40: 0.02299534 | AA40: 0.00855178 | AB40: 0.00651941 | AC40: 0.0026603 | AD40: 0.0110902 | AE40: 0.00526715 | AF40: 0.00316168 | AG40: 0.01130625 | AH40: 0.00589397 | AI40: 0.00676492 | AJ40: 0.00502051 | AK40: 0.00641629 | AL40: 0.00644471 | AM40: 1.0031931 | AN40: 1.2828552 | AO40: 0.72290226
B41: 列和 | C41: 1.7927982 | D41: 1.7289713 | E41: 1.9652217 | F41: 1.6749638 | G41: 2.0000953 | H41: 1.9325385 | I41: 1.1783383 | J41: 1.9446484 | K41: 1.6786341 | L41: 2.4718215 | M41: 1.7734707 | N41: 2.0192582 | O41: 1.9441961 | P41: 1.9015386 | Q41: 1.8283983 | R41: 1.8213638 | S41: 1.9075881 | T41: 1.8370988 | U41: 2.4822301 | V41: 1.810482 | W41: 1.8364716 | X41: 1.4999016 | Y41: 1.798417 | Z41: 1.5188745 | AA41: 1.4566119 | AB41: 1.4962153 | AC41: 1.2306991 | AD41: 1.6967417 | AE41: 1.7527794 | AF41: 1.4436421 | AG41: 1.4141693 | AH41: 1.5600603 | AI41: 1.5860299 | AJ41: 1.5861306 | AK41: 1.7205464 | AL41: 2.4937688 | AM41: 1.8751172
B42: 影響力係数 | C42: 1.0102605 | D42: 0.97429334 | E42: 1.1074229 | F42: 0.94385954 | G42: 1.1270745 | H42: 1.0890056 | I42: 0.66400594 | J42: 1.0958296 | K42: 0.94592783 | L42: 1.3928972 | M42: 0.9993692 | N42: 1.1378731 | O42: 1.0955747 | P42: 1.0715368 | Q42: 1.0303215 | R42: 1.0263575 | S42: 1.0749458 | T42: 1.0352243 | U42: 1.3987625 | V42: 1.0202255 | W42: 1.0348709 | X42: 0.8452102 | Y42: 1.0134267 | Z42: 0.8559016 | AA42: 0.82081599 | AB42: 0.84313293 | AC42: 0.69351179 | AD42: 0.95613161 | AE42: 0.98770947 | AF42: 0.81350736 | AG42: 0.79689916 | AH42: 0.87911024 | AI42: 0.89374439 | AJ42: 0.89380112 | AK42: 0.96954582 | AL42: 1.4052647 | AM42: 1.0566481

Sheet （取引基本表）
C1: 平成27年(2015年)産業連関表 取引基本表(生産者価格評価)(統合大分類) | BF1: (単位 : 100万円)
C2: 01 | D2: 06 | E2: 11 | F2: 15 | G2: 16 | H2: 20 | I2: 21 | J2: 22 | K2: 25 | L2: 26 | M2: 27 | N2: 28 | O2: 29 | P2: 30 | Q2: 31 | R2: 32 | S2: 33 | T2: 34 | U2: 35 | V2: 39 | W2: 41 | X2: 46 | Y2: 47 | Z2: 48 | AA2: 51 | AB2: 53 | AC2: 55 | AD2: 57 | AE2: 59 | AF2: 61 | AG2: 63 | AH2: 64 | AI2: 65 | AJ2: 66 | AK2: 67 | AL2: 68 | AM2: 69 | AN2: 70 | AO2: 71 | AP2: 72 | AQ2: 73 | AR2: 74 | AS2: 75 | AT2: 76 | AU2: 78 | AV2: 79 | AW2: 80 | AX2: 81 | AY2: 82 | AZ2: 83 | BA2: 84 | BB2: 85 | BC2: 86 | BD2: 87 | BE2: 88 | BF2: 97
C3: 農林漁業 | D3: 鉱業 | E3: 飲食料品 | F3: 繊維製品 | G3: パルプ・紙・木製品 | H3: 化学製品 | I3: 石油・石炭製品 | J3: プラスチック・ゴム製品 | K3: 窯業・土石製品 | L3: 鉄鋼 | M3: 非鉄金属 | N3: 金属製品 | O3: はん用機械 | P3: 生産用機械 | Q3: 業務用機械 | R3: 電子部品 | S3: 電気機械 | T3: 情報通信機器 | U3: 輸送機械 | V3: その他の製造工業製品 | W3: 建設 | X3: 電力・ガス・熱供給 | Y3: 水道 | Z3: 廃棄物処理 | AA3: 商業 | AB3: 金融・保険 | AC3: 不動産 | AD3: 運輸・郵便 | AE3: 情報通信 | AF3: 公務 | AG3: 教育・研究 | AH3: 医療・福祉 | AI3: 他に分類されない会員制団体 | AJ3: 対事業所サービス | AK3: 対個人サービス | AL3: 事務用品 | AM3: 分類不明 | AN3: 内生部門計 | AO3: 家計外消費支出（列） | AP3: 民間消費支出 | AQ3: 一般政府消費支出 | AR3: 国内総固定資本形成（公的） | AS3: 国内総固定資本形成（民間） | AT3: 在庫純増 | AU3: 国内最終需要計 | AV3: 国内需要合計 | AW3: 輸出 | AX3: 輸出計 | AY3: 最終需要計 | AZ3: 需要合計 | BA3: （控除）輸入 | BB3: （控除）関税 | BC3: （控除）輸入品商品税 | BD3: （控除）輸入計 | BE3: 最終需要部門計 | BF3: 国内生産額 | BH3: 国内自給率
A4: 01 | B4: 農林漁業 | C4: 1566738 | D4: 63 | E4: 7487651 | F4: 29357 | G4: 362449 | H4: 41547 | I4: 0 | J4: 156018 | K4: 922 | L4: 2 | M4: 116 | N4: 0 | O4: 0 | P4: 0 | Q4: 0 | R4: 0 | S4: 0 | T4: 0 | U4: 14 | V4: 70215 | W4: 63474 | X4: 0 | Y4: 0 | Z4: 0 | AA4: 11343 | AB4: 0 | AC4: 181 | AD4: 2269 | AE4: 0 | AF4: 1728 | AG4: 92597 | AH4: 194454 | AI4: 9212 | AJ4: 866 | AK4: 1219209 | AL4: 0 | AM4: 0 | AN4: 11310425 | AO4: 67984 | AP4: 3821831 | AQ4: 0 | AR4: 0 | AS4: 193424 | AT4: 189251 | AU4: 4272490 | AV4: 15582915 | AW4: 112607 | AX4: 112607 | AY4: 4385097 | AZ4: 15695522 | BA4: -2553754 | BB4: -46311 | BC4: -207835 | BD4: -2807900 | BE4: 1577197 | BF4: 12887622 | BH4: =1-(BD4*-1)/AV4 -> 0.81980907
A5: 06 | B5: 鉱業 | C5: 410 | D5: 1501 | E5: 11031 | F5: 1328 | G5: 53346 | H5: 142794 | I5: 9840027 | J5: 1643 | K5: 406795 | L5: 1368348 | M5: 1264267 | N5: 3009 | O5: 633 | P5: 942 | Q5: 375 | R5: 2263 | S5: 748 | T5: 163 | U5: 5945 | V5: 4505 | W5: 380410 | X5: 7618810 | Y5: 0 | Z5: 11 | AA5: 264 | AB5: 42 | AC5: 78 | AD5: 445 | AE5: 17 | AF5: 442 | AG5: 1732 | AH5: 610 | AI5: 282 | AJ5: 656 | AK5: 1121 | AL5: 0 | AM5: 1035 | AN5: 21116028 | AO5: -5364 | AP5: -6120 | AQ5: 0 | AR5: 0 | AS5: -6516 | AT5: -1851 | AU5: -19851 | AV5: 21096177 | AW5: 45075 | AX5: 45075 | AY5: 25224 | AZ5: 21141252 | BA5: -18141519 | BB5: 0 | BC5: -2151818 | BD5: -20293337 | BE5: -20268113 | BF5: 847915 | BH5: =1-(BD5*-1)/AV5 -> 0.038056184
A6: 11 | B6: 飲食料品 | C6: 1484167 | D6: 0 | E6: 6974720 | F6: 8167 | G6: 19844 | H6: 198986 | I6: 70 | J6: 226 | K6: 3007 | L6: 21 | M6: 0 | N6: 0 | O6: 0 | P6: 0 | Q6: 0 | R6: 0 | S6: 0 | T6: 0 | U6: 0 | V6: 31038 | W6: 1513 | X6: 0 | Y6: 0 | Z6: 0 | AA6: 13429 | AB6: 0 | AC6: 0 | AD6: 9025 | AE6: 15 | AF6: 12837 | AG6: 244656 | AH6: 577423 | AI6: 6238 | AJ6: 398 | AK6: 7210056 | AL6: 0 | AM6: 14328 | AN6: 16810164 | AO6: 872655 | AP6: 27790393 | AQ6: 0 | AR6: 0 | AS6: 0 | AT6: -17198 | AU6: 28645850 | AV6: 45456014 | AW6: 690924 | AX6: 690924 | AY6: 29336774 | AZ6: 46146938 | BA6: -5801838 | BB6: -450537 | BC6: -1553914 | BD6: -7806289 | BE6: 21530485 | BF6: 38340649 | BH6: =1-(BD6*-1)/AV6 -> 0.82826719
A7: 15 | B7: 繊維製品 | C7: 75909 | D7: 3309 | E7: 37996 | F7: 845758 | G7: 77996 | H7: 27149 | I7: 445 | J7: 76215 | K7: 19909 | L7: 9092 | M7: 7767 | N7: 14510 | O7: 11271 | P7: 22112 | Q7: 7746 | R7: 48969 | S7: 39787 | T7: 9172 | U7: 93332 | V7: 43694 | W7: 190998 | X7: 3739 | Y7: 4292 | Z7: 9359 | AA7: 400604 | AB7: 53367 | AC7: 2210 | AD7: 90055 | AE7: 52812 | AF7: 131088 | AG7: 21999 | AH7: 198143 | AI7: 111852 | AJ7: 147996 | AK7: 196041 | AL7: 28541 | AM7: 2386 | AN7: 3117620 | AO7: 110641 | AP7: 4394578 | AQ7: 0 | AR7: 833 | AS7: 318688 | AT7: 150330 | AU7: 4975070 | AV7: 8092690 | AW7: 647831 | AX7: 647831 | AY7: 5622901 | AZ7: 8740521 | BA7: -4509515 | BB7: -269337 | BC7: -375669 | BD7: -5154521 | BE7: 468380 | BF7: 3586000 | BH7: =1-(BD7*-1)/AV7 -> 0.36306457
A8: 16 | B8: パルプ・紙・木製品 | C8: 280327 | D8: 2115 | E8: 644298 | F8: 21679 | G8: 3414250 | H8: 382867 | I8: 264 | J8: 91895 | K8: 123023 | L8: 9056 | M8: 20432 | N8: 41221 | O8: 16777 | P8: 19077 | Q8: 35241 | R8: 81283 | S8: 115269 | T8: 31829 | U8: 76729 | V8: 851326 | W8: 2866100 | X8: 62608 | Y8: 12962 | Z8: 16720 | AA8: 763941 | AB8: 155051 | AC8: 34739 | AD8: 248724 | AE8: 696811 | AF8: 49782 | AG8: 289480 | AH8: 368696 | AI8: 80606 | AJ8: 256750 | AK8: 316923 | AL8: 632096 | AM8: 5691 | AN8: 13116638 | AO8: 72053 | AP8: 344623 | AQ8: 2075 | AR8: 14183 | AS8: 445161 | AT8: -65849 | AU8: 812246 | AV8: 13928884 | AW8: 591187 | AX8: 591187 | AY8: 1403433 | AZ8: 14520071 | BA8: -2347585 | BB8: -29324 | BC8: -189533 | BD8: -2566442 | BE8: -1163009 | BF8: 11953629 | BH8: =1-(BD8*-1)/AV8 -> 0.81574676
A9: 20 | B9: 化学製品 | C9: 689604 | D9: 12481 | E9: 394161 | F9: 392524 | G9: 417882 | H9: 9633368 | I9: 30966 | J9: 2714001 | K9: 206885 | L9: 100710 | M9: 74487 | N9: 102467 | O9: 45159 | P9: 66366 | Q9: 113719 | R9: 233312 | S9: 213580 | T9: 55140 | U9: 536979 | V9: 331903 | W9: 328891 | X9: 18489 | Y9: 39859 | Z9: 69331 | AA9: 848 | AB9: 807 | AC9: 2810 | AD9: 24020 | AE9: 64166 | AF9: 36040 | AG9: 345042 | AH9: 8789717 | AI9: 10480 | AJ9: 309107 | AK9: 338082 | AL9: 13665 | AM9: 34291 | AN9: 26791339 | AO9: 173182 | AP9: 2539696 | AQ9: 0 | AR9: 0 | AS9: 0 | AT9: -120697 | AU9: 2592181 | AV9: 29383520 | AW9: 6349500 | AX9: 6349500 | AY9: 8941681 | AZ9: 35733020 | BA9: -7104705 | BB9: -51735 | BC9: -569648 | BD9: -7726088 | BE9: 1215593 | BF9: 28006932 | BH9: =1-(BD9*-1)/AV9 -> 0.7370605
A10: 21 | B10: 石油・石炭製品 | C10: 159025 | D10: 18930 | E10: 154934 | F10: 21182 | G10: 45936 | H10: 2173173 | I10: 1038825 | J10: 26972 | K10: 134436 | L10: 611255 | M10: 23768 | N10: 34669 | O10: 13395 | P10: 18040 | Q10: 6266 | R10: 18335 | S10: 16857 | T10: 2420 | U10: 107538 | V10: 18921 | W10: 742599 | X10: 1225770 | Y10: 52127 | Z10: 56369 | AA10: 150053 | AB10: 15618 | AC10: 32317 | AD10: 5448108 | AE10: 39118 | AF10: 426913 | AG10: 151815 | AH10: 151734 | AI10: 15473 | AJ10: 154137 | AK10: 271152 | AL10: 0 | AM10: 90862 | AN10: 13669042 | AO10: 15891 | AP10: 5086789 | AQ10: 0 | AR10: 0 | AS10: 0 | AT10: -29593 | AU10: 5073087 | AV10: 18742129 | AW10: 1444185 | AX10: 1444185 | AY10: 6517272 | AZ10: 20186314 | BA10: -3060856 | BB10: -8142 | BC10: -282704 | BD10: -3351702 | BE10: 3165570 | BF10: 16834612 | BH10: =1-(BD10*-1)/AV10 -> 0.82116749
A11: 22 | B11: プラスチック・ゴム製品 | C11: 116914 | D11: 3979 | E11: 710598 | F11: 37007 | G11: 251987 | H11: 505250 | I11: 2266 | J11: 2975149 | K11: 46677 | L11: 18957 | M11: 47315 | N11: 56457 | O11: 135750 | P11: 340568 | Q11: 271408 | R11: 264945 | S11: 626922 | T11: 221842 | U11: 2027733 | V11: 559833 | W11: 821087 | X11: 0 | Y11: 171914 | Z11: 66507 | AA11: 485152 | AB11: 99178 | AC11: 46921 | AD11: 155062 | AE11: 199499 | AF11: 75513 | AG11: 165298 | AH11: 140992 | AI11: 34573 | AJ11: 673416 | AK11: 150577 | AL11: 69204 | AM11: 18437 | AN11: 12594887 | AO11: 25371 | AP11: 896993 | AQ11: 3896 | AR11: 0 | AS11: -680 | AT11: -32157 | AU11: 893423 | AV11: 13488310 | AW11: 2462678 | AX11: 2462678 | AY11: 3356101 | AZ11: 15950988 | BA11: -1752542 | BB11: -55823 | BC11: -144636 | BD11: -1953001 | BE11: 1403100 | BF11: 13997987 | BH11: =1-(BD11*-1)/AV11 -> 0.85520788
A12: 25 | B12: 窯業・土石製品 | C12: 27301 | D12: 428 | E12: 107411 | F12: 2266 | G12: 37495 | H12: 182802 | I12: 5188 | J12: 42147 | K12: 514882 | L12: 133764 | M12: 78595 | N12: 41479 | O12: 66309 | P12: 72702 | Q12: 126523 | R12: 467995 | S12: 143501 | T12: 14970 | U12: 311974 | V12: 45186 | W12: 3261761 | X12: 1064 | Y12: 20268 | Z12: 2376 | AA12: 19250 | AB12: 347 | AC12: 5705 | AD12: 1598 | AE12: 573 | AF12: 7070 | AG12: 79446 | AH12: 55430 | AI12: 2038 | AJ12: 46879 | AK12: 74098 | AL12: 7297 | AM12: 22072 | AN12: 6030190 | AO12: 11770 | AP12: 135468 | AQ12: 0 | AR12: 0 | AS12: 0 | AT12: -58234 | AU12: 89004 | AV12: 6119194 | AW12: 931599 | AX12: 931599 | AY12: 1020603 | AZ12: 7050793 | BA12: -681272 | BB12: -4222 | BC12: -54681 | BD12: -740175 | BE12: 280428 | BF12: 6310618 | BH12: =1-(BD12*-1)/AV12 -> 0.87904044
A13: 26 | B13: 鉄鋼 | C13: 736 | D13: 2271 | E13: 0 | F13: 552 | G13: 115302 | H13: 937 | I13: -6 | J13: 28135 | K13: 49924 | L13: 14269268 | M13: 10401 | N13: 2650451 | O13: 1191982 | P13: 1532422 | Q13: 154124 | R13: 76334 | S13: 713682 | T13: 48754 | U13: 2928437 | V13: 32453 | W13: 1419668 | X13: 0 | Y13: 116 | Z13: 0 | AA13: 0 | AB13: 0 | AC13: 0 | AD13: 13584 | AE13: 0 | AF13: 1370 | AG13: 0 | AH13: 182 | AI13: 20 | AJ13: 8154 | AK13: 1418 | AL13: 34 | AM13: 23064 | AN13: 25273769 | AO13: 0 | AP13: -34590 | AQ13: 0 | AR13: -28047 | AS13: -168467 | AT13: -239348 | AU13: -470452 | AV13: 24803317 | AW13: 3584574 | AX13: 3584574 | AY13: 3114122 | AZ13: 28387891 | BA13: -965443 | BB13: -2306 | BC13: -77420 | BD13: -1045169 | BE13: 2068953 | BF13: 27342722 | BH13: =1-(BD13*-1)/AV13 -> 0.95786172
A14: 27 | B14: 非鉄金属 | C14: 0 | D14: 583 | E14: 55438 | F14: 29 | G14: 30256 | H14: 137635 | I14: 195 | J14: 33047 | K14: 61138 | L14: 231086 | M14: 3558866 | N14: 767413 | O14: 390861 | P14: 323587 | Q14: 253413 | R14: 618975 | S14: 1037756 | T14: 221796 | U14: 1319620 | V14: 123585 | W14: 547265 | X14: 6614 | Y14: 1162 | Z14: 18 | AA14: 1263 | AB14: 0 | AC14: 0 | AD14: 726 | AE14: 3490 | AF14: 8086 | AG14: 4004 | AH14: 83667 | AI14: 971 | AJ14: 25817 | AK14: 18452 | AL14: 1379 | AM14: 17865 | AN14: 9886058 | AO14: 1312 | AP14: 168957 | AQ14: 0 | AR14: 0 | AS14: 131392 | AT14: -121419 | AU14: 180242 | AV14: 10066300 | AW14: 2394061 | AX14: 2394061 | AY14: 2574303 | AZ14: 12460361 | BA14: -3375060 | BB14: -8021 | BC14: -270645 | BD14: -3653726 | BE14: -1079423 | BF14: 8806635 | BH14: =1-(BD14*-1)/AV14 -> 0.63703387
A15: 28 | B15: 金属製品 | C15: 16740 | D15: 17304 | E15: 464540 | F15: 8618 | G15: 145927 | H15: 245030 | I15: 8050 | J15: 95927 | K15: 65492 | L15: 23273 | M15: 14901 | N15: 825081 | O15: 371802 | P15: 540646 | Q15: 268124 | R15: 277319 | S15: 437632 | T15: 146235 | U15: 549357 | V15: 111914 | W15: 5832272 | X15: 11842 | Y15: 3626 | Z15: 745 | AA15: 276780 | AB15: 4061 | AC15: 25350 | AD15: 70277 | AE15: 18654 | AF15: 175714 | AG15: 7818 | AH15: 22760 | AI15: 10773 | AJ15: 76055 | AK15: 133078 | AL15: 542 | AM15: 27296 | AN15: 11331555 | AO15: 30178 | AP15: 279415 | AQ15: 638 | AR15: 18447 | AS15: 446004 | AT15: 12004 | AU15: 786686 | AV15: 12118241 | AW15: 863564 | AX15: 863564 | AY15: 1650250 | AZ15: 12981805 | BA15: -1145426 | BB15: -7377 | BC15: -92053 | BD15: -1244856 | BE15: 405394 | BF15: 11736949 | BH15: =1-(BD15*-1)/AV15 -> 0.8972742
... A41: 70 | B41: 内生部門計 | C41: 6745524 | D41: 406877 | E41: 24091329 | F41: 2141704 | G41: 7690329 | H41: 18632608 | I41: 11766749 | J41: 8641701 | K41: 3247540 | L41: 20125255 | M41: 6642575 | N41: 6470673 | O41: 5838169 | P41: 8984331 | Q41: 4038619 | R41: 8434216 | S41: 10237513 | T41: 3529645 | U41: 41950614 | V41: 5312527 | W41: 32331517 | X41: 15817517 | Y41: 2277193 | Z41: 1658125 | AA41: 28751025 | AB41: 11506174 | AC41: 12835606 | AD41: 26668344 | AE41: 24170730 | AF41: 11591974 | AG41: 11721215 | AH41: 25663137 | AI41: 1770985 | AJ41: 28016958 | AK41: 25646651 | AL41: 1463403 | AM41: 2760622 | AN41: 469579674 | AO41: 15055500 | AP41: 305616414 | AQ41: 105529331 | AR41: 28141456 | AS41: 108791468 | AT41: 503254 | AU41: 563637423 | AV41: 1033217097 | AW41: 86769418 | AX41: 86769418 | AY41: 650406841 | AZ41: 1119986515 | BA41: -93036242 | BB41: -1042351 | BC41: -8089534 | BD41: -102168127 | BE41: 548238714 | BF41: 1017818388 | BH41: =1-(BD41*-1)/AV41 -> 0.9011165
A42: 71 | B42: 家計外消費支出（行） | C42: 81621 | D42: 37190 | E42: 342574 | F42: 44537 | G42: 203189 | H42: 368377 | I42: 56522 | J42: 246192 | K42: 105475 | L42: 231180 | M42: 95376 | N42: 182857 | O42: 169623 | P42: 265910 | Q42: 129403 | R42: 211615 | S42: 253068 | T42: 101923 | U42: 458348 | V42: 187712 | W42: 1245000 | X42: 244536 | Y42: 64313 | Z42: 120444 | AA42: 2284242 | AB42: 1073243 | AC42: 313301 | AD42: 900015 | AE42: 930419 | AF42: 434274 | AG42: 427528 | AH42: 747403 | AI42: 164900 | AJ42: 1146548 | AK42: 1167082 | AL42: 0 | AM42: 19560 | AN42: 15055500
A43: 91 | B43: 雇用者所得 | C43: 1493931 | D43: 174033 | E43: 5021160 | F43: 910077 | G43: 1982618 | H43: 2497344 | I43: 195483 | J43: 3150535 | K43: 1415936 | L43: 1640506 | M43: 888569 | N43: 3368420 | O43: 2396366 | P43: 3986639 | Q43: 1394260 | R43: 2756621 | S43: 3109132 | T43: 1044323 | U43: 7115414 | V43: 2545065 | W43: 21261542 | X43: 1938574 | Y43: 652458 | Z43: 2354221 | AA43: 37218350 | AB43: 11062022 | AC43: 4671805 | AD43: 15584730 | AE43: 10500244 | AF43: 14323697 | AG43: 22193731 | AH43: 34180364 | AI43: 2201284 | AJ43: 25744085 | AK43: 14766246 | AL43: 0 | AM43: 59433 | AN43: 265799218
A44: 92 | B44: 営業余剰 | C44: 2810764 | D44: 77159 | E44: 3614827 | F44: -116602 | G44: 974590 | H44: 1791892 | I44: 691733 | J44: 45230 | K44: 637194 | L44: 3420045 | M44: 626890 | N44: 378130 | O44: 928139 | P44: 1592368 | Q44: 228819 | R44: -654142 | S44: -276956 | T44: -327366 | U44: 790073 | V44: 573131 | W44: 1706690 | X44: 703991 | Y44: 598643 | Z44: 281118 | AA44: 14811175 | AB44: 8985785 | AC44: 31773515 | AD44: 3207488 | AE44: 7226210 | AF44: 0 | AG44: 785097 | AH44: 2440063 | AI44: -30808 | AJ44: 6903490 | AK44: 5142128 | AL44: 0 | AM44: 1564821 | AN44: 103905324
A45: 93 | B45: 資本減耗引当 | C45: 1997177 | D45: 93280 | E45: 1985337 | F45: 441852 | G45: 805797 | H45: 4142051 | I45: 464116 | J45: 1411817 | K45: 707662 | L45: 1489436 | M45: 487745 | N45: 997703 | O45: 1041665 | P45: 1743589 | Q45: 1020380 | R45: 2651799 | S45: 2656882 | T45: 1034743 | U45: 5145607 | V45: 1024384 | W45: 2336988 | X45: 5108260 | Y45: 975693 | Z45: 394465 | AA45: 8486201 | AB45: 2600383 | AC45: 27160967 | AD45: 6343117 | AE45: 5525133 | AF45: 13315220 | AG45: 8077850 | AH45: 4335297 | AI45: 273098 | AJ45: 9389750 | AK45: 5175531 | AL45: 0 | AM45: 230144 | AN45: 131071119
A46: 94 | B46: 間接税（関税・輸入品商品税を除く。） | C46: 513516 | D46: 59637 | E46: 3418929 | F46: 164475 | G46: 297195 | H46: 574733 | I46: 3722751 | J46: 502575 | K46: 196849 | L46: 436376 | M46: 65509 | N46: 339252 | O46: 84648 | P46: 132175 | Q46: 91857 | R46: 136055 | S46: 83140 | T46: 73225 | U46: -82013 | V46: 286601 | W46: 2246829 | X46: 828744 | Y46: 202815 | Z46: 93628 | AA46: 3974876 | AB46: 746737 | AC46: 3986729 | AD46: 2454817 | AE46: 1622477 | AF46: 73870 | AG46: 617933 | AH46: 986028 | AI46: 152621 | AJ46: 3591433 | AK46: 2908799 | AL46: 0 | AM46: 82141 | AN46: 35667962
A47: 95 | B47: （控除）経常補助金 | C47: -754911 | D47: -261 | E47: -133507 | F47: -43 | G47: -89 | H47: -73 | I47: -62742 | J47: -63 | K47: -38 | L47: -76 | M47: -29 | N47: -86 | O47: -52 | P47: -89 | Q47: -38 | R47: -80 | S47: -69 | T47: -33 | U47: -330 | V47: -107 | W47: -291997 | X47: -7913 | Y47: -225525 | Z47: -21 | AA47: -46988 | AB47: -526120 | AC47: -22980 | AD47: -149093 | AE47: -702 | AF47: 0 | AG47: -142840 | AH47: -765487 | AI47: -100287 | AJ47: -3659 | AK47: -348 | AL47: 0 | AM47: -23733 | AN47: -3260409
A48: 96 | B48: 粗付加価値部門計 | C48: 6142098 | D48: 441038 | E48: 14249320 | F48: 1444296 | G48: 4263300 | H48: 9374324 | I48: 5067863 | J48: 5356286 | K48: 3063078 | L48: 7217467 | M48: 2164060 | N48: 5266276 | O48: 4620389 | P48: 7720592 | Q48: 2864681 | R48: 5101868 | S48: 5825197 | T48: 1926815 | U48: 13427099 | V48: 4616786 | W48: 28505052 | X48: 8816192 | Y48: 2268397 | Z48: 3243855 | AA48: 66727856 | AB48: 23942050 | AC48: 67883337 | AD48: 28341074 | AE48: 25803781 | AF48: 28147061 | AG48: 31959299 | AH48: 41923668 | AI48: 2660808 | AJ48: 46771647 | AK48: 29159438 | AL48: 0 | AM48: 1932366 | AN48: 548238714
A49: 97 | B49: 国内生産額 | C49: 12887622 | D49: 847915 | E49: 38340649 | F49: 3586000 | G49: 11953629 | H49: 28006932 | I49: 16834612 | J49: 13997987 | K49: 6310618 | L49: 27342722 | M49: 8806635 | N49: 11736949 | O49: 10458558 | P49: 16704923 | Q49: 6903300 | R49: 13536084 | S49: 16062710 | T49: 5456460 | U49: 55377713 | V49: 9929313 | W49: 60836569 | X49: 24633709 | Y49: 4545590 | Z49: 4901980 | AA49: 95478881 | AB49: 35448224 | AC49: 80718943 | AD49: 55009418 | AE49: 49974511 | AF49: 39739035 | AG49: 43680514 | AH49: 67586805 | AI49: 4431793 | AJ49: 74788605 | AK49: 54806089 | AL49: 1463403 | AM49: 4692988 | AN49: 1017818388
C51: =C43/C49 -> 0.11591983 | D51: =D43/D49 -> 0.20524817 | E51: =E43/E49 -> 0.13096179 | F51: =F43/F49 -> 0.25378611 | G51: =G43/G49 -> 0.16585909 | H51: =H43/H49 -> 0.089168782 | I51: =I43/I49 -> 0.011611969 | J51: =J43/J49 -> 0.22507058 | ... AM51: =AM43/AM49 -> 0.012664213
